Workbook
Name _RC: #REF!
Name a: #REF!
Name A: 'Sistemas-Manutenção'!$F$122
Name BDI: #REF!
Name BDI: #REF!
Name BDI: #REF!
Name BDI_M: BDI!$L$34
Name BDI_S: BDI!$L$33
Name BDIM: #REF!
Name BDIM: #REF!
Name CNT: #REF!
Name D: 'Sistemas-Manutenção'!$F$123
Name DMT_BG: #REF!
Name DMT_BG: #REF!
Name DMT_MB: #REF!
Name DMT_MB: #REF!
Name DMT_MB: #REF!
Name DMT_MD: #REF!
Name DMT_MD: #REF!
Name DMT_MD: #REF!
Name DMT_MJ: #REF!
Name DMT_MJ: #REF!
Name EEq_trecho: OFFSET(#REF!,0,0,COUNTA(#REF!),1)
Name ENC: #REF!
Name Enc: #REF!
Name Enc: #REF!
Name Func: #REF!
Name Func: #REF!
Name Func: Funções!$D$8:$K$156
Name G: 'Sistemas-Manutenção'!$F$124
Name IND: 'Sistemas-Manutenção'!$O$16
Name INDIRETO: 'Sistemas-Manutenção'!$O$16
Name Par: #REF!
Name Par: #REF!
Name PAR: #REF!
Name Par: 'Sistemas - Cotações'!$E$7:$L$98
Name RiskAutoStopPercChange: 1.5
Name RiskCollectDistributionSamples: 2
Name RiskExcelReportsGoInNewWorkbook: TRUE
Name RiskExcelReportsToGenerate: 0
Name RiskFixedSeed: 1
Name RiskGenerateExcelReportsAtEndOfSimulation: FALSE
Name RiskHasSettings: TRUE
Name RiskMinimizeOnStart: FALSE
Name RiskMonitorConvergence: FALSE
Name RiskNumIterations: 1000
Name RiskNumSimulations: 1
Name RiskPauseOnError: FALSE
Name RiskRealTimeResults: FALSE
Name RiskReportGraphFormat: 0
Name RiskResultsUpdateFreq: 100
Name RiskRunAfterRecalcMacro: FALSE
Name RiskRunAfterSimMacro: FALSE
Name RiskRunBeforeRecalcMacro: FALSE
Name RiskRunBeforeSimMacro: FALSE
Name RiskSamplingType: 3
Name RiskShowRiskWindowAtEndOfSimulation: TRUE
Name RiskStandardRecalc: 1
Name RiskTemplateSheetName: "myTemplate"
Name RiskUpdateDisplay: FALSE

Sheet Quadro 5 Cronograma PER
B5: QUADRO 5 - CRONOGRAMA DO PROGRAMA DE EXPLORAÇÃO DA RODOVIA
F9: CRONOGRAMA FINANCEIRO | N9: CRONOGRAMA FINANCEIRO | W9: CRONOGRAMA FINANCEIRO | AL9: CRONOGRAMA FÍSICO | AY9: CRONOGRAMA FÍSICO
C10: ITEM | D10: DESCRIÇÃO | E10: VALOR (R$) | F10: VALORES EM R$ | P10: VALORES EM R$ | Z10: VALORES EM R$ | AL10: VALORES PERCENTUAIS | BA10: VALORES PERCENTUAIS
F11: 1º ANO | G11: 2º ANO | H11: 3º ANO | I11: 4º ANO | J11: 5º ANO | K11: 6º ANO | L11: 7º ANO | M11: 8º ANO | N11: 9º ANO | O11: 10º ANO | P11: 11º ANO | Q11: 12º ANO | R11: 13º ANO | S11: 14º ANO | T11: 15º ANO | U11: 16º ANO | V11: 17º ANO | W11: 18º ANO | X11: 19º ANO | Y11: 20º ANO | Z11: 21º ANO | AA11: 22º ANO | AB11: 23º ANO | AC11: 24º ANO | AD11: 25º ANO | AE11: 26º ANO | AF11: 27º ANO | AG11: 28º ANO | AH11: 29º ANO | AI11: 30º ANO | AJ11: TOTAL | AL11: 1º ANO | AM11: 2º ANO | AN11: 3º ANO | AO11: 4º ANO | AP11: 5º ANO | AQ11: 6º ANO | AR11: 7º ANO | AS11: 8º ANO | AT11: 9º ANO | AU11: 10º ANO | AV11: 11º ANO | AW11: 12º ANO | AX11: 13º ANO | AY11: 14º ANO | AZ11: 15º ANO | BA11: 16º ANO | BB11: 17º ANO | BC11: 18º ANO | BD11: 19º ANO | BE11: 20º ANO | BF11: 21º ANO | BG11: 22º ANO | BH11: 23º ANO | BI11: 24º ANO | BJ11: 25º ANO | BK11: 26º ANO | BL11: 27º ANO | BM11: 28º ANO | BN11: 29º ANO | BO11: 30º ANO | BP11: TOTAL
C13: A | D13: CAPEX | E13: =E14+E26+E38+E46+E67+E70 -> #N/A | F13: =F14+F26+F38+F46+F67+F70 -> #N/A | G13: =G14+G26+G38+G46+G67+G70 -> #N/A | H13: =H14+H26+H38+H46+H67+H70 -> #N/A | I13: =I14+I26+I38+I46+I67+I70 -> #N/A | J13: =J14+J26+J38+J46+J67+J70 -> #N/A | K13: =K14+K26+K38+K46+K67+K70 -> #N/A | L13: =L14+L26+L38+L46+L67+L70 -> #N/A | ... AI13: =AI14+AI26+AI38+AI46+AI67+AI70 -> #N/A | AJ13: =SUM(F13:AI13) -> #N/A | AL13: =F13/$E13 -> #N/A | AM13: =G13/$E13 -> #N/A | AN13: =H13/$E13 -> #N/A | AO13: =I13/$E13 -> #N/A | AP13: =J13/$E13 -> #N/A | AQ13: =K13/$E13 -> #N/A | AR13: =L13/$E13 -> #N/A | AS13: =M13/$E13 -> #N/A | ... BO13: =AI13/$E13 -> #N/A | BP13: =SUM(AL13:BO13) -> #N/A | BT13: 1.66
C14: 1 | D14: TRABALHOS INICIAIS | E14: =SUM(E15:E25) -> 17933283 | F14: =SUM(F15:F25) -> 17933283 | G14: =SUM(G15:G25) -> 0 | H14: =SUM(H15:H25) -> 0 | I14: =SUM(I15:I25) -> 0 | J14: =SUM(J15:J25) -> 0 | K14: =SUM(K15:K25) -> 0 | L14: =SUM(L15:L25) -> 0 | ... AI14: =SUM(AI15:AI25) -> 0 | AJ14: =SUM(F14:AI14) -> 17933283 | AL14: =F14/$E14 -> 1 | BP14: =SUM(AL14:BO14) -> 1
B15: INV | C15: 1.1 | D15: PAVIMENTO | E15: =BS15 -> 14526265 | F15: =$E15*AL15 -> 14526265 | AJ15: =SUM(F15:AI15) -> 14526265 | AL15: 1 | BP15: =SUM(AL15:BO15) -> 1 | BR15: 14806322 | BS15: =(BR15/$BT$16*$BT$15*3)*BT13 -> 14526265 | BT15: 71.7 | BU15: km eq mg424
B16: INV | C16: 1.2 | D16: OBRAS-DE-ARTE ESPECIAIS | E16: =BS16 -> 617169.6 | F16: =$E16*AL16 -> 617169.6 | AJ16: =SUM(F16:AI16) -> 617169.6 | AL16: 1 | BP16: =SUM(AL16:BO16) -> 1 | BR16: 629068.22 | BS16: =(BR16/$BT$16*$BT$15*3)*BT13 -> 617169.6 | BT16: 363.95 | BU16: km eq br135
B17: INV | C17: 1.3 | D17: DRENAGEM E OBRAS-DE-ARTE CORRENTES | E17: =BS17 -> 264743.15 | F17: =$E17*AL17 -> 264743.15 | AJ17: =SUM(F17:AI17) -> 264743.15 | AL17: 1 | BP17: =SUM(AL17:BO17) -> 1 | BR17: 269847.23 | BS17: =(BR17/$BT$16*$BT$15*3)*BT13 -> 264743.15
B18: INV | C18: 1.4 | D18: SINALIZAÇÃO E DISPOSITIVOS DE SEGURANÇA | E18: =BS18 -> 852410.56 | F18: =$E18*AL18 -> 852410.56 | AJ18: =SUM(F18:AI18) -> 852410.56 | AL18: 1 | BP18: =SUM(AL18:BO18) -> 1 | BR18: 868844.48 | BS18: =(BR18/$BT$16*$BT$15*3)*BT13 -> 852410.56
B19: INV | C19: 1.5 | D19: CONSERVAÇÃO | E19: =BS19 -> 1008514.2 | F19: =$E19*AL19 -> 1008514.2 | AJ19: =SUM(F19:AI19) -> 1008514.2 | AL19: 1 | BP19: =SUM(AL19:BO19) -> 1 | BR19: 1027957.7 | BS19: =(BR19/$BT$16*$BT$15*3)*BT13 -> 1008514.2
B20: INV | C20: 1.6 | D20: TERRAPLENOS E ESTRUTURAS DE CONTENÇÃO | E20: =BS20 -> 367870.78 | F20: =$E20*AL20 -> 367870.78 | AJ20: =SUM(F20:AI20) -> 367870.78 | AL20: 1 | BP20: =SUM(AL20:BO20) -> 1 | BR20: 374963.09 | BS20: =(BR20/$BT$16*$BT$15*3)*BT13 -> 367870.78
B21: INV | C21: 1.7 | D21: SISTEMAS ELÉTRICOS E DE ILUMINAÇÃO | E21: =BS21 -> 91488.732 | F21: =$E21*AL21 -> 91488.732 | AJ21: =SUM(F21:AI21) -> 91488.732 | AL21: 1 | BP21: =SUM(AL21:BO21) -> 1 | BR21: 93252.576 | BS21: =(BR21/$BT$16*$BT$15*3)*BT13 -> 91488.732
B22: INV | C22: 1.8 | D22: NIVELAMENTO DE DEGRAU EM ACOSTAMENTO | E22: =BS22 -> 204820.34 | F22: =$E22*AL22 -> 204820.34 | AJ22: =SUM(F22:AI22) -> 204820.34 | AL22: 1 | BP22: =SUM(AL22:BO22) -> 1 | BR22: 0 | BS22: =BS15*1.41% -> 204820.34
B23: INV | C23: 1.9 | D23: ..... | F23: =$E23*AL23 -> 0 | AJ23: =SUM(F23:AI23) -> 0 | BP23: =SUM(AL23:BO23) -> 0 | BR23: 0
B24: INV | C24: 1.10 | D24: ..... | F24: =$E24*AL24 -> 0 | AJ24: =SUM(F24:AI24) -> 0 | BP24: =SUM(AL24:BO24) -> 0 | BR24: 0
B25: INV | C25: 1.11 | D25: ..... | F25: =$E25*AL25 -> 0 | AJ25: =SUM(F25:AI25) -> 0 | BP25: =SUM(AL25:BO25) -> 0 | BR25: 0
C26: 2 | D26: RECUPERAÇÃO DO SISTEMA RODOVIÁRIO | E26: =SUM(E27:E37) -> 59943046 | F26: =SUM(F27:F37) -> 0 | G26: =SUM(G27:G37) -> 15265994 | H26: =SUM(H27:H37) -> 12202631 | I26: =SUM(I27:I37) -> 15717353 | J26: =SUM(J27:J37) -> 16757067 | K26: =SUM(K27:K37) -> 0 | L26: =SUM(L27:L37) -> 0 | ... AI26: =SUM(AI27:AI37) -> 0 | AJ26: =SUM(F26:AI26) -> 59943046 | AM26: =G26/$E26 -> 0.25467499 | AN26: =H26/$E26 -> 0.20357042 | AO26: =I26/$E26 -> 0.26220478 | AP26: =J26/$E26 -> 0.27954981 | AQ26: =K26/$E26 -> 0 | AR26: =L26/$E26 -> 0 | AS26: =M26/$E26 -> 0 | BP26: =SUM(AL26:BO26) -> 1 | BT26: 1.52
B27: INV | C27: 2.1 | D27: PAVIMENTO | E27: =BS27 -> 42316525 | G27: =$E27*AM27 -> 10190978 | H27: =$E27*AN27 -> 8774442.1 | I27: =$E27*AO27 -> 11301743 | J27: =$E27*AP27 -> 12049362 | AJ27: =SUM(F27:AI27) -> 42316525 | AM27: 0.24082738 | AN27: 0.20735262 | AO27: 0.26707635 | AP27: 0.28474365 | BP27: =SUM(AL27:BO27) -> 1 | BR27: =BW27/1.25*1.2 -> 1.7680271e+08 | BS27: =(BR27/$BT$28*$BT$27)*$BT$26 -> 42316525 | BT27: 74.99 | BU27: km eq mg424 | BW27: 1.8416949e+08
B28: INV | C28: 2.2 | D28: OBRAS-DE-ARTE ESPECIAIS | E28: =BS28 -> 1814049 | G28: =$E28*AM28 -> 436872.66 | H28: =$E28*AN28 -> 376147.8 | I28: =$E28*AO28 -> 484489.58 | J28: =$E28*AP28 -> 516538.92 | K28: =$E28*AQ28 -> 0 | L28: =$E28*AR28 -> 0 | AJ28: =SUM(F28:AI28) -> 1814049 | AM28: 0.24082738 | AN28: 0.20735262 | AO28: 0.26707635 | AP28: 0.28474365 | BP28: =SUM(AL28:BO28) -> 1 | BR28: =BW28/1.25*1.2 -> 7579279.6 | BS28: =(BR28/$BT$28*$BT$27)*$BT$26 -> 1814049 | BT28: 476.24 | BU28: km eq br135 | BW28: 7895082.9
B29: INV | C29: 2.3 | D29: DRENAGEM E OBRAS-DE-ARTE CORRENTES | E29: =BS29 -> 758608.79 | G29: =$E29*AM29 -> 182693.77 | H29: =$E29*AN29 -> 157299.52 | I29: =$E29*AO29 -> 202606.47 | J29: =$E29*AP29 -> 216009.04 | AJ29: =SUM(F29:AI29) -> 758608.79 | AM29: 0.24082738 | AN29: 0.20735262 | AO29: 0.26707635 | AP29: 0.28474365 | BP29: =SUM(AL29:BO29) -> 1 | BR29: =BW29/1.25*1.2 -> 3169544.1 | BS29: =(BR29/$BT$28*$BT$27)*$BT$26 -> 758608.79 | BW29: 3301608.4
B30: INV | C30: 2.4 | D30: SINALIZAÇÃO E DISPOSITIVOS DE SEGURANÇA | E30: =BS30 -> 2442541.5 | G30: =$E30*AM30 -> 588230.88 | H30: =$E30*AN30 -> 506467.38 | I30: =$E30*AO30 -> 652345.08 | J30: =$E30*AP30 -> 695498.19 | AJ30: =SUM(F30:AI30) -> 2442541.5 | AM30: 0.24082738 | AN30: 0.20735262 | AO30: 0.26707635 | AP30: 0.28474365 | BP30: =SUM(AL30:BO30) -> 1 | BR30: =BW30/1.25*1.2 -> 10205185 | BS30: =(BR30/$BT$28*$BT$27)*$BT$26 -> 2442541.5 | BW30: 10630401
B31: INV | C31: 2.5 | D31: CONSERVAÇÃO | E31: =BS31 -> 2889849 | G31: =$E31*AM31 -> 695954.76 | H31: =$E31*AN31 -> 599217.74 | I31: =$E31*AO31 -> 771810.32 | J31: =$E31*AP31 -> 822866.14 | AJ31: =SUM(F31:AI31) -> 2889849 | AM31: 0.24082738 | AN31: 0.20735262 | AO31: 0.26707635 | AP31: 0.28474365 | BP31: =SUM(AL31:BO31) -> 1 | BR31: =BW31/1.25*1.2 -> 12074081 | BS31: =(BR31/$BT$28*$BT$27)*$BT$26 -> 2889849 | BW31: 12577167
B32: INV | C32: 2.6 | D32: TERRAPLENOS E ESTRUTURAS DE CONTENÇÃO | E32: =BS32 -> 4396435.3 | G32: =$E32*AM32 -> 1058782 | H32: =$E32*AN32 -> 911612.36 | I32: =$E32*AO32 -> 1174183.9 | J32: =$E32*AP32 -> 1251857 | AJ32: =SUM(F32:AI32) -> 4396435.3 | AM32: 0.24082738 | AN32: 0.20735262 | AO32: 0.26707635 | AP32: 0.28474365 | BP32: =SUM(AL32:BO32) -> 1 | BR32: =BW32/1.25*1.2 -> 18368750 | BS32: =(BR32/$BT$28*$BT$27)*$BT$26 -> 4396435.3 | BW32: 19134115
B33: INV | C33: 2.7 | D33: SISTEMAS ELÉTRICOS E DE ILUMINAÇÃO | E33: =BS33 -> 1093384.7 | G33: =$E33*AM33 -> 1093384.7 | H33: =$E33*AN33 -> 0 | I33: =$E33*AO33 -> 0 | J33: =$E33*AP33 -> 0 | AJ33: =SUM(F33:AI33) -> 1093384.7 | AM33: 1 | BP33: =SUM(AL33:BO33) -> 1 | BR33: =BW33/1.25*1.2 -> 4568271.7 | BS33: =(BR33/$BT$28*$BT$27)*$BT$26 -> 1093384.7 | BW33: 4758616.4
B34: INV | C34: 2.8 | D34: NIVELAMENTO DE DEGRAU EM ACOSTAMENTO | E34: =BS34 -> 4231652.5 | G34: =$E34*AM34 -> 1019097.8 | H34: =$E34*AN34 -> 877444.21 | I34: =$E34*AO34 -> 1130174.3 | J34: =$E34*AP34 -> 1204936.2 | AJ34: =SUM(F34:AI34) -> 4231652.5 | AM34: 0.24082738 | AN34: 0.20735262 | AO34: 0.26707635 | AP34: 0.28474365 | BP34: =SUM(AL34:BO34) -> 1 | BR34: 0 | BS34: =BS27*10% -> 4231652.5
B35: INV | C35: 2.9 | D35: ..... | G35: =$E35*AM35 -> 0 | H35: =$E35*AN35 -> 0 | I35: =$E35*AO35 -> 0 | J35: =$E35*AP35 -> 0 | AJ35: =SUM(F35:AI35) -> 0 | BP35: =SUM(AL35:BO35) -> 0 | BR35: 0
B36: INV | C36: 2.10 | D36: ..... | G36: =$E36*AM36 -> 0 | H36: =$E36*AN36 -> 0 | I36: =$E36*AO36 -> 0 | J36: =$E36*AP36 -> 0 | AJ36: =SUM(F36:AI36) -> 0 | BP36: =SUM(AL36:BO36) -> 0 | BR36: 0
B37: INV | C37: 2.11 | D37: ..... | G37: =$E37*AM37 -> 0 | H37: =$E37*AN37 -> 0 | I37: =$E37*AO37 -> 0 | J37: =$E37*AP37 -> 0 | AJ37: =SUM(F37:AI37) -> 0 | BP37: =SUM(AL37:BO37) -> 0 | BR37: 0
C38: 3 | D38: MANUTENÇÃO DO SISTEMA RODOVIÁRIO | E38: =SUM(E39:E45) -> 1.2063541e+08 | F38: =SUM(F39:F45) -> 0 | G38: =SUM(G39:G45) -> 0 | H38: =SUM(H39:H45) -> 0 | I38: =SUM(I39:I45) -> 229238.14 | J38: =SUM(J39:J45) -> 327483.06 | K38: =SUM(K39:K45) -> 1879975.6 | L38: =SUM(L39:L45) -> 1103619.8 | ... AI38: =SUM(AI39:AI45) -> 8779785.5 | AJ38: =SUM(F38:AI38) -> 1.2063541e+08 | AL38: =F38/$E38 -> 0 | AM38: =G38/$E38 -> 0 | AN38: =H38/$E38 -> 0 | AO38: =I38/$E38 -> 0.0019002558 | AP38: =J38/$E38 -> 0.0027146511 | AQ38: =K38/$E38 -> 0.015583945 | AR38: =L38/$E38 -> 0.0091483899 | AS38: =M38/$E38 -> 0.015583945 | ... BN38: =AH38/$E38 -> 0.041543227 | BO38: =(AI38/$E38) -> 0.072779505 | BP38: =SUM(AL38:BO38) -> 1
B39: INV | C39: 3.1 | D39: PAVIMENTO | E39: =BS39 -> 1.0916102e+08 | F39: =$E39*AL39 -> 0 | G39: =$E39*AM39 -> 0 | H39: =$E39*AN39 -> 0 | I39: =$E39*AO39 -> 229238.14 | J39: =$E39*AP39 -> 327483.06 | K39: =$E39*AQ39 -> 1047945.8 | L39: =$E39*AR39 -> 1047945.8 | M39: =$E39*AS39 -> 1047945.8 | ... AI39: =$E39*BO39 -> 7957838.3 | AJ39: =SUM(F39:AI39) -> 1.0916102e+08 | AL39: 0 | AM39: 0 | AN39: 0 | AO39: 0.0021 | AP39: 0.003 | AQ39: 0.0096 | AR39: 0.0096 | AS39: 0.0096 | AT39: 0.0426 | AU39: 0.0098 | AV39: 0.0102 | AW39: 0.0311 | AX39: 0.0293 | AY39: 0.0424 | AZ39: 0.0277 | BA39: 0.0102 | BB39: 0.0182 | BC39: 0.0999 | BD39: 0.1041 | BE39: 0.1126 | BF39: 0.0601 | BG39: 0.0847 | BH39: 0.0628 | BI39: 0.0103 | BJ39: 0.0103 | BK39: 0.0111 | BL39: 0.0237 | BM39: 0.0467 | BN39: 0.0454 | BO39: 0.0729 | BP39: =SUM(AL39:BO39) -> 1 | BR39: =BW39/1.25*1.2 -> 5.463197e+08 | BS39: =BR39/$BT$40*$BT$39 -> 1.0916102e+08 | BT39: 116.67 | BU39: km eq mg424 | BW39: 5.6908302e+08
B40: INV | C40: 3.2 | D40: OBRAS-DE-ARTE ESPECIAIS | E40: =BS40 -> 1060629.8 | F40: =$E40*AL40 -> 0 | G40: =$E40*AM40 -> 0 | H40: =$E40*AN40 -> 0 | I40: =$E40*AO40 -> 0 | J40: =$E40*AP40 -> 0 | K40: =$E40*AQ40 -> 42425.191 | L40: =$E40*AR40 -> 42425.191 | M40: =$E40*AS40 -> 42425.191 | ... AI40: =$E40*BO40 -> 42425.191 | AJ40: =SUM(F40:AI40) -> 1060629.8 | AL40: 0 | AM40: 0 | AN40: 0 | AO40: 0 | AP40: 0 | AQ40: 0.04 | AR40: 0.04 | AS40: 0.04 | AT40: 0.04 | AU40: 0.04 | AV40: 0.04 | AW40: 0.04 | AX40: 0.04 | AY40: 0.04 | AZ40: 0.04 | BA40: 0.04 | BB40: 0.04 | BC40: 0.04 | BD40: 0.04 | BE40: 0.04 | BF40: 0.04 | BG40: 0.04 | BH40: 0.04 | BI40: 0.04 | BJ40: 0.04 | BK40: 0.04 | BL40: 0.04 | BM40: 0.04 | BN40: 0.04 | BO40: 0.04 | BP40: =SUM(AL40:BO40) -> 1 | BR40: =BW40/1.25*1.2 -> 5308148.8 | BS40: =BR40/$BT$40*$BT$39 -> 1060629.8 | BT40: 583.9 | BU40: km eq br135 | BW40: 5529321.7
B41: INV | C41: 3.3 | D41: DRENAGEM E OBRAS-DE-ARTE CORRENTES | E41: =BS41 -> 331220.44 | F41: =$E41*AL41 -> 0 | G41: =$E41*AM41 -> 0 | H41: =$E41*AN41 -> 0 | I41: =$E41*AO41 -> 0 | J41: =$E41*AP41 -> 0 | K41: =$E41*AQ41 -> 13248.818 | L41: =$E41*AR41 -> 13248.818 | M41: =$E41*AS41 -> 13248.818 | ... AI41: =$E41*BO41 -> 13248.818 | AJ41: =SUM(F41:AI41) -> 331220.44 | AL41: 0 | AM41: 0 | AN41: 0 | AO41: 0 | AP41: 0 | AQ41: 0.04 | AR41: 0.04 | AS41: 0.04 | AT41: 0.04 | AU41: 0.04 | AV41: 0.04 | AW41: 0.04 | AX41: 0.04 | AY41: 0.04 | AZ41: 0.04 | BA41: 0.04 | BB41: 0.04 | BC41: 0.04 | BD41: 0.04 | BE41: 0.04 | BF41: 0.04 | BG41: 0.04 | BH41: 0.04 | BI41: 0.04 | BJ41: 0.04 | BK41: 0.04 | BL41: 0.04 | BM41: 0.04 | BN41: 0.04 | BO41: 0.04 | BP41: =SUM(AL41:BO41) -> 1 | BR41: =BW41/1.25*1.2 -> 1657663.6 | BS41: =BR41/$BT$40*$BT$39 -> 331220.44 | BW41: 1726733
B42: INV | C42: 3.4 | D42: SINALIZAÇÃO E DISPOSITIVOS DE SEGURANÇA | E42: =BS42 -> 10082543 | F42: =$E42*AL42 -> 0 | G42: =$E42*AM42 -> 0 | H42: =$E42*AN42 -> 0 | I42: =$E42*AO42 -> 0 | J42: =$E42*AP42 -> 0 | K42: =$E42*AQ42 -> 776355.81 | L42: =$E42*AR42 -> 0 | M42: =$E42*AS42 -> 776355.81 | ... AI42: =$E42*BO42 -> 766273.26 | AJ42: =SUM(F42:AI42) -> 10082543 | AL42: 0 | AM42: 0 | AN42: 0 | AO42: 0 | AP42: 0 | AQ42: 0.077 | AR42: 0 | AS42: 0.077 | AT42: 0 | AU42: 0.077 | AV42: 0 | AW42: 0.077 | AX42: 0 | AY42: 0.077 | AZ42: 0 | BA42: 0.077 | BB42: 0 | BC42: 0.077 | BD42: 0 | BE42: 0.077 | BF42: 0 | BG42: 0.077 | BH42: 0 | BI42: 0.077 | BJ42: 0 | BK42: 0.077 | BL42: 0 | BM42: 0.077 | BN42: 0 | BO42: 0.076 | BP42: =SUM(AL42:BO42) -> 1 | BR42: =BW42/1.25*1.2 -> 50460245 | BS42: =BR42/$BT$40*$BT$39 -> 10082543 | BW42: 52562756
B43: INV | C43: 3.5 | D43: ..... | I43: =$E43*AO43 -> 0 | J43: =$E43*AP43 -> 0 | K43: =$E43*AQ43 -> 0 | L43: =$E43*AR43 -> 0 | M43: =$E43*AS43 -> 0 | N43: =$E43*AT43 -> 0 | O43: =$E43*AU43 -> 0 | P43: =$E43*AV43 -> 0 | ... AI43: =$E43*BO43 -> 0 | AJ43: =SUM(F43:AI43) -> 0 | BP43: =SUM(AL43:BO43) -> 0 | BR43: 0
B44: INV | C44: 3.6 | D44: ..... | I44: =$E44*AO44 -> 0 | J44: =$E44*AP44 -> 0 | K44: =$E44*AQ44 -> 0 | L44: =$E44*AR44 -> 0 | M44: =$E44*AS44 -> 0 | N44: =$E44*AT44 -> 0 | O44: =$E44*AU44 -> 0 | P44: =$E44*AV44 -> 0 | ... AI44: =$E44*BO44 -> 0 | AJ44: =SUM(F44:AI44) -> 0 | BP44: =SUM(AL44:BO44) -> 0 | BR44: 0
B45: INV | C45: 3.7 | D45: ..... | I45: =$E45*AO45 -> 0 | J45: =$E45*AP45 -> 0 | K45: =$E45*AQ45 -> 0 | L45: =$E45*AR45 -> 0 | M45: =$E45*AS45 -> 0 | N45: =$E45*AT45 -> 0 | O45: =$E45*AU45 -> 0 | P45: =$E45*AV45 -> 0 | ... AI45: =$E45*BO45 -> 0 | AJ45: =SUM(F45:AI45) -> 0 | BP45: =SUM(AL45:BO45) -> 0 | BR45: 0
C46: 4 | D46: OBRAS DE AMPLIAÇÃO DA CAPACIDADE E OUTRAS MELHORIAS | E46: =SUM(E47:E66) -> #N/A | F46: =SUM(F47:F61) -> #N/A | G46: =SUM(G47:G66) -> #N/A | H46: =SUM(H47:H66) -> #N/A | I46: =SUM(I47:I66) -> #N/A | J46: =SUM(J47:J66) -> #N/A | K46: =SUM(K47:K66) -> #N/A | L46: =SUM(L47:L66) -> #N/A | M46: =SUM(M47:M66) -> #N/A | N46: =SUM(N47:N66) -> #N/A | ... AI46: =SUM(AI47:AI66) -> #N/A | AJ46: =SUM(F46:AI46) -> #N/A | AL46: =F46/$E46 -> #N/A | AM46: =G46/$E46 -> #N/A | AN46: =H46/$E46 -> #N/A | AO46: =I46/$E46 -> #N/A | AP46: =J46/$E46 -> #N/A | AQ46: =K46/$E46 -> #N/A | AR46: =L46/$E46 -> #N/A | AS46: =M46/$E46 -> #N/A | ... BO46: =AI46/$E46 -> #N/A | BP46: =SUM(AL46:BO46) -> #N/A | BT46: mg 424 | BU46: br 135
B47: INV | C47: 4.1 | D47: INTERSEÇÕES ALONGADAS | E47: =BS47 -> 8935404.9 | F47: =$E47*AL47 -> 0 | G47: =$E47*AM47 -> 0 | H47: =$E47*AN47 -> 0 | I47: =$E47*AO47 -> 0 | J47: =$E47*AP47 -> 0 | K47: =$E47*AQ47 -> 8935404.9 | L47: =$E47*AR47 -> 0 | M47: =$E47*AS47 -> 0 | ... AI47: =$E47*BO47 -> 0 | AJ47: =SUM(F47:AI47) -> 8935404.9 | AQ47: 1 | AR47: 0 | BM47: 0 | BN47: 0 | BO47: 0 | BP47: =SUM(AL47:BO47) -> 1 | BR47: =BW47/1.25*1.2 -> 37230854 | BS47: =BR47/BU47*BT47 -> 8935404.9 | BT47: 6 | BU47: 25 | BW47: 38782139
B48: INV | C48: 4.2 | D48: INTERSEÇÕES EM DOIS NÍVEIS | E48: =BS48 -> 41440068 | F48: =$E48*AL48 -> 0 | G48: =$E48*AM48 -> 0 | H48: =$E48*AN48 -> 0 | I48: =$E48*AO48 -> 0 | J48: =$E48*AP48 -> 0 | K48: =$E48*AQ48 -> 41440068 | L48: =$E48*AR48 -> 0 | M48: =$E48*AS48 -> 0 | ... AI48: =$E48*BO48 -> 0 | AJ48: =SUM(F48:AI48) -> 41440068 | AQ48: 1 | AR48: 0 | BM48: 0 | BN48: 0 | BO48: 0 | BP48: =SUM(AL48:BO48) -> 1 | BR48: =BW48/1.25*1.2 -> 55253424 | BS48: =BR48/BU48*BT48 -> 41440068 | BT48: 6 | BU48: 8 | BW48: 57555650
B49: INV | C49: 4.3 | D49: INTERSEÇÕES EM NÍVEL - 3 RAMOS | E49: =BS49 -> 0 | F49: =$E49*AL49 -> 0 | G49: =$E49*AM49 -> 0 | H49: =$E49*AN49 -> 0 | I49: =$E49*AO49 -> 0 | J49: =$E49*AP49 -> 0 | K49: =$E49*AQ49 -> 0 | L49: =$E49*AR49 -> 0 | M49: =$E49*AS49 -> 0 | ... AI49: =$E49*BO49 -> 0 | AJ49: =SUM(F49:AI49) -> 0 | AR49: 0 | BM49: 0 | BN49: 0 | BO49: 0 | BP49: =SUM(AL49:BO49) -> 0 | BR49: =BW49/1.25*1.2 -> 6116884.5 | BW49: 6371754.7
B50: INV | C50: 4.4 | D50: INTERSEÇÕES EM NÍVEL - 4 RAMOS | E50: =BS50 -> 0 | F50: =$E50*AL50 -> 0 | G50: =$E50*AM50 -> 0 | H50: =$E50*AN50 -> 0 | I50: =$E50*AO50 -> 0 | J50: =$E50*AP50 -> 0 | K50: =$E50*AQ50 -> 0 | L50: =$E50*AR50 -> 0 | M50: =$E50*AS50 -> 0 | ... AI50: =$E50*BO50 -> 0 | AJ50: =SUM(F50:AI50) -> 0 | AR50: 0 | BM50: 0 | BN50: 0 | BO50: 0 | BP50: =SUM(AL50:BO50) -> 0 | BR50: =BW50/1.25*1.2 -> 2623196.7 | BW50: 2732496.6
B51: INV | C51: 4.5 | D51: MELHORIAS EM INTERSEÇÕES EXISTENTES | E51: =BS51 -> 674461.75 | F51: =$E51*AL51 -> 0 | G51: =$E51*AM51 -> 0 | H51: =$E51*AN51 -> 0 | I51: =$E51*AO51 -> 0 | J51: =$E51*AP51 -> 0 | K51: =$E51*AQ51 -> 674461.75 | L51: =$E51*AR51 -> 0 | M51: =$E51*AS51 -> 0 | ... AI51: =$E51*BO51 -> 0 | AJ51: =SUM(F51:AI51) -> 674461.75 | AQ51: 1 | BP51: =SUM(AL51:BO51) -> 1 | BR51: =BW51/1.25*1.2 -> 674461.75 | BS51: =BR51/BU51*BT51 -> 674461.75 | BT51: 2 | BU51: 2 | BW51: 702564.32
B52: INV | C52: 4.6 | D52: MELHORIAS EM ACESSOS EXISTENTES | E52: =BS52 -> 3960009 | F52: =$E52*AL52 -> 0 | G52: =$E52*AM52 -> 0 | H52: =$E52*AN52 -> 0 | I52: =$E52*AO52 -> 0 | J52: =$E52*AP52 -> 0 | K52: =$E52*AQ52 -> 3960009 | L52: =$E52*AR52 -> 0 | M52: =$E52*AS52 -> 0 | ... AI52: =$E52*BO52 -> 0 | AJ52: =SUM(F52:AI52) -> 3960009 | AQ52: 1 | AR52: 0 | BM52: 0 | BN52: 0 | BO52: 0 | BP52: =SUM(AL52:BO52) -> 1 | BR52: =BW52/1.25*1.2 -> 25010583 | BS52: =BR52/BU52*BT52 -> 3960009 | BT52: 19 | BU52: 120 | BW52: 26052690
B53: INV | C53: 4.7 | D53: TERCEIRA FAIXA | E53: =BS53 -> 17370844 | F53: =$E53*AL53 -> 0 | G53: =$E53*AM53 -> 0 | H53: =$E53*AN53 -> 0 | I53: =$E53*AO53 -> 0 | J53: =$E53*AP53 -> 0 | K53: =$E53*AQ53 -> 5211253.1 | L53: =$E53*AR53 -> 0 | M53: =$E53*AS53 -> 0 | ... AI53: =$E53*BO53 -> 0 | AJ53: =SUM(F53:AI53) -> 17370844 | AQ53: 0.3 | AR53: 0 | AZ53: 0.2 | BE53: 0.4 | BJ53: 0.1 | BM53: 0 | BN53: 0 | BO53: 0 | BP53: =SUM(AL53:BO53) -> 1 | BR53: =BW53/1.25*1.2 -> 92219730 | BS53: =(BR53/BU53*BT53)*0.7 -> 17370844 | BT53: 29.6 | BU53: 110 | BV53: km | BW53: 96062219
B54: INV | C54: 4.8 | D54: IMPLANTAÇÃO DE ACOSTAMENTOS | E54: =BS54 -> 3248574.8 | F54: =$E54*AL54 -> 0 | G54: =$E54*AM54 -> 0 | H54: =$E54*AN54 -> 0 | I54: =$E54*AO54 -> 0 | J54: =$E54*AP54 -> 0 | K54: =$E54*AQ54 -> 3248574.8 | L54: =$E54*AR54 -> 0 | M54: =$E54*AS54 -> 0 | ... AI54: =$E54*BO54 -> 0 | AJ54: =SUM(F54:AI54) -> 3248574.8 | AQ54: 1 | AR54: 0 | AS54: 0 | AV54: 0 | AW54: 0 | AX54: 0 | AY54: 0 | AZ54: 0 | BA54: 0 | BB54: 0 | BC54: 0 | BD54: 0 | BE54: 0 | BF54: 0 | BG54: 0 | BH54: 0 | BI54: 0 | BJ54: 0 | BK54: 0 | BL54: 0 | BM54: 0 | BN54: 0 | BO54: 0 | BP54: =SUM(AL54:BO54) -> 1 | BR54: =BW54/1.25*1.2 -> 39970210 | BS54: =BR54/BU54*BT54 -> 3248574.8 | BT54: 10.2 | BU54: 125.5 | BV54: km | BW54: 41635635
B55: INV | C55: 4.9 | D55: DUPLICAÇÃO | E55: =BS55 -> 32558385 | F55: =$E55*AL55 -> 0 | G55: =$E55*AM55 -> 0 | H55: =$E55*AN55 -> 0 | I55: =$E55*AO55 -> 0 | J55: =$E55*AP55 -> 0 | K55: =$E55*AQ55 -> 19535031 | L55: =$E55*AR55 -> 0 | M55: =$E55*AS55 -> 0 | ... AI55: =$E55*BO55 -> 0 | AJ55: =SUM(F55:AI55) -> 32558385 | AQ55: 0.6 | AR55: 0 | AS55: 0 | AT55: 0 | AU55: 0 | AV55: 0 | AW55: 0 | AX55: 0 | AY55: 0 | AZ55: 0 | BA55: 0 | BB55: 0 | BC55: 0 | BD55: 0 | BE55: 0.4 | BF55: 0 | BG55: 0 | BH55: 0 | BI55: 0 | BJ55: 0 | BK55: 0 | BL55: 0 | BM55: 0 | BN55: 0 | BO55: 0 | BP55: =SUM(AL55:BO55) -> 1 | BR55: =BW55/1.25*1.2 -> 2.9296127e+08 | BS55: =(BR55/BU55*BT55)*1.1958 -> 32558385 | BT55: 12.7 | BU55: 136.65 | BV55: km | BW55: 3.0516799e+08
B56: INV | C56: 4.10 | D56: VIAS LATERAIS | E56: =BS56 -> 6999062.3 | F56: =$E56*AL56 -> 0 | G56: =$E56*AM56 -> 0 | H56: =$E56*AN56 -> 0 | I56: =$E56*AO56 -> 0 | J56: =$E56*AP56 -> 0 | K56: =$E56*AQ56 -> 6999062.3 | L56: =$E56*AR56 -> 0 | M56: =$E56*AS56 -> 0 | ... AI56: =$E56*BO56 -> 0 | AJ56: =SUM(F56:AI56) -> 6999062.3 | AQ56: 1 | AR56: 0 | AS56: 0 | AT56: 0 | AU56: 0 | AV56: 0 | AW56: 0 | AX56: 0 | AY56: 0 | AZ56: 0 | BA56: 0 | BB56: 0 | BC56: 0 | BD56: 0 | BE56: 0 | BF56: 0 | BG56: 0 | BH56: 0 | BI56: 0 | BJ56: 0 | BK56: 0 | BL56: 0 | BM56: 0 | BN56: 0 | BO56: 0 | BP56: =SUM(AL56:BO56) -> 1 | BR56: =BW56/1.25*1.2 -> 12490952 | BS56: =BR56/BU56*BT56 -> 6999062.3 | BT56: 3.39 | BU56: 6.05 | BV56: km | BW56: 13011408
B57: INV | C57: 4.11 | D57: EDIFICAÇÕES E INSTALAÇÕES OPERACIONAIS | E57: =BS57 -> #N/A | F57: =$E57*AL57 -> #N/A | G57: =$E57*AM57 -> #N/A | H57: =$E57*AN57 -> #N/A | I57: =$E57*AO57 -> #N/A | J57: =$E57*AP57 -> #N/A | K57: =$E57*AQ57 -> #N/A | L57: =$E57*AR57 -> #N/A | M57: =$E57*AS57 -> #N/A | ... AI57: =$E57*BO57 -> #N/A | AJ57: =SUM(F57:AI57) -> #N/A | AL57: 1 | AQ57: 0 | AR57: 0 | AS57: 0 | AT57: 0 | AU57: 0 | AV57: 0 | AW57: 0 | AX57: 0 | AY57: 0 | AZ57: 0 | BA57: 0 | BB57: 0 | BC57: 0 | BD57: 0 | BE57: 0 | BF57: 0 | BG57: 0 | BH57: 0 | BI57: 0 | BJ57: 0 | BK57: 0 | BL57: 0 | BM57: 0 | BN57: 0 | BO57: 0 | BP57: =SUM(AL57:BO57) -> 1 | BR57: =BW57/1.25*1.2 -> #N/A | BS57: =BR57 -> #N/A | BT57: 8 | BU57: 27 | BW57: ='Obras - Operação'!J427 -> #N/A
B58: INV | C58: 4.12 | D58: CONTORNOS | E58: =BS58 -> 47798207 | F58: =$E58*AL58 -> 0 | G58: =$E58*AM58 -> 0 | H58: =$E58*AN58 -> 0 | I58: =$E58*AO58 -> 0 | J58: =$E58*AP58 -> 0 | K58: =$E58*AQ58 -> 47798207 | L58: =$E58*AR58 -> 0 | M58: =$E58*AS58 -> 0 | ... AI58: =$E58*BO58 -> 0 | AJ58: =SUM(F58:AI58) -> 47798207 | AQ58: 1 | AR58: 0 | AS58: 0 | AT58: 0 | AU58: 0 | AV58: 0 | AW58: 0 | AX58: 0 | AY58: 0 | AZ58: 0 | BA58: 0 | BB58: 0 | BC58: 0 | BD58: 0 | BE58: 0 | BF58: 0 | BG58: 0 | BH58: 0 | BI58: 0 | BJ58: 0 | BK58: 0 | BL58: 0 | BM58: 0 | BN58: 0 | BO58: 0 | BP58: =SUM(AL58:BO58) -> 1 | BR58: =BW58/1.25*1.2 -> 7947118.8 | BS58: =(BR58/BU58*BT58)*1.1385 -> 47798207 | BT58: 18.49 | BU58: 3.5 | BV58: km | BW58: 8278248.7
B59: INV | C59: 4.13 | D59: PASSARELAS | E59: =BS59 -> 2904606.3 | F59: =$E59*AL59 -> 0 | G59: =$E59*AM59 -> 0 | H59: =$E59*AN59 -> 0 | I59: =$E59*AO59 -> 0 | J59: =$E59*AP59 -> 0 | K59: =$E59*AQ59 -> 2904606.3 | L59: =$E59*AR59 -> 0 | M59: =$E59*AS59 -> 0 | ... AI59: =$E59*BO59 -> 0 | AJ59: =SUM(F59:AI59) -> 2904606.3 | AQ59: 1 | AR59: 0 | AS59: 0 | AT59: 0 | AU59: 0 | AV59: 0 | AW59: 0 | AX59: 0 | AY59: 0 | AZ59: 0 | BA59: 0 | BB59: 0 | BC59: 0 | BD59: 0 | BE59: 0 | BF59: 0 | BG59: 0 | BH59: 0 | BI59: 0 | BJ59: 0 | BK59: 0 | BL59: 0 | BM59: 0 | BN59: 0 | BO59: 0 | BP59: =SUM(AL59:BO59) -> 1 | BR59: =BW59/1.25*1.2 -> 20332244 | BS59: =BR59/BU59*BT59 -> 2904606.3 | BT59: 2 | BU59: 14 | BW59: 21179421
B60: INV | C60: 4.14 | D60: PARADAS DE ÔNIBUS | E60: =BS60 -> 1281820 | F60: =$E60*AL60 -> 0 | G60: =$E60*AM60 -> 0 | H60: =$E60*AN60 -> 0 | I60: =$E60*AO60 -> 0 | J60: =$E60*AP60 -> 0 | K60: =$E60*AQ60 -> 1281820 | L60: =$E60*AR60 -> 0 | M60: =$E60*AS60 -> 0 | ... AI60: =$E60*BO60 -> 0 | AJ60: =SUM(F60:AI60) -> 1281820 | AQ60: 1 | BP60: =SUM(AL60:BO60) -> 1 | BR60: =BW60/1.25*1.2 -> 2683810.5 | BS60: =BR60/BU60*BT60 -> 1281820 | BT60: 32 | BU60: 67 | BW60: 2795636
B61: INV | C61: 4.15 | D61: DESAPROPRIAÇÕES | E61: =BS61 -> 6809400 | F61: =$E61*AL61 -> 3366900 | G61: =$E61*AM61 -> 220000 | H61: =$E61*AN61 -> 800300 | I61: =$E61*AO61 -> 1216000 | J61: =$E61*AP61 -> 500000 | K61: =$E61*AQ61 -> 0 | L61: =$E61*AR61 -> 0 | M61: =$E61*AS61 -> 0 | ... AI61: =$E61*BO61 -> 0 | AJ61: =SUM(F61:AI61) -> 6809400 | AL61: 0.49444885 | AM61: 0.03230828 | AN61: 0.11752871 | AO61: 0.17857667 | AP61: 0.073427908 | AQ61: 0 | AR61: 0 | AS61: 0 | AT61: 0 | AU61: 0 | AV61: 0 | AW61: 0 | AX61: 0 | AY61: 0.0045525303 | AZ61: 0 | BA61: 0 | BB61: 0 | BC61: 0 | BD61: 0.097247922 | BE61: 0 | BF61: 0 | BG61: 0 | BH61: 0 | BI61: 0.0019091256 | BJ61: 0 | BK61: 0 | BL61: 0 | BM61: 0 | BN61: 0 | BO61: 0 | BP61: =SUM(AL61:BO61) -> 1 | BR61: 6809400 | BS61: =BR61 -> 6809400
B62: INV | C62: 4.16 | D62: IMPLANTAÇÃO DE FAIXA ADICIONAL - CONTORNO PRUDENTE | E62: =BS62 -> 3169005.3 | F62: =$E62*AL62 -> 0 | G62: =$E62*AM62 -> 0 | H62: =$E62*AN62 -> 0 | I62: =$E62*AO62 -> 0 | J62: =$E62*AP62 -> 0 | K62: =$E62*AQ62 -> 3169005.3 | L62: =$E62*AR62 -> 0 | M62: =$E62*AS62 -> 0 | ... AI62: =$E62*BO62 -> 0 | AJ62: =SUM(F62:AI62) -> 3169005.3 | AQ62: 1 | BP62: =SUM(AL62:BO62) -> 1 | BS62: =BS53/BT53*BT62 -> 3169005.3 | BT62: 5.4 | BV62: km
B63: INV | C63: 4.17 | D63: IMPLANTAÇÃO DE FAIXA ADICIONAL - CONTORNO MATOZINHOS | E63: =BS63 -> 7681903.5 | F63: =$E63*AL63 -> 0 | G63: =$E63*AM63 -> 0 | H63: =$E63*AN63 -> 0 | I63: =$E63*AO63 -> 0 | J63: =$E63*AP63 -> 0 | K63: =$E63*AQ63 -> 0 | L63: =$E63*AR63 -> 0 | M63: =$E63*AS63 -> 0 | ... AI63: =$E63*BO63 -> 0 | AJ63: =SUM(F63:AI63) -> 7681903.5 | AZ63: 1 | BP63: =SUM(AL63:BO63) -> 1 | BS63: =BS53/BT53*BT63 -> 7681903.5 | BT63: 13.09 | BV63: km
B64: INV | C64: 4.18 | D64: ..... | F64: =$E64*AL64 -> 0 | G64: =$E64*AM64 -> 0 | H64: =$E64*AN64 -> 0 | I64: =$E64*AO64 -> 0 | J64: =$E64*AP64 -> 0 | K64: =$E64*AQ64 -> 0 | L64: =$E64*AR64 -> 0 | M64: =$E64*AS64 -> 0 | ... AI64: =$E64*BO64 -> 0 | AJ64: =SUM(F64:AI64) -> 0 | BP64: =SUM(AL64:BO64) -> 0
B65: INV | C65: 4.19 | D65: ..... | F65: =$E65*AL65 -> 0 | G65: =$E65*AM65 -> 0 | H65: =$E65*AN65 -> 0 | I65: =$E65*AO65 -> 0 | J65: =$E65*AP65 -> 0 | K65: =$E65*AQ65 -> 0 | L65: =$E65*AR65 -> 0 | M65: =$E65*AS65 -> 0 | ... AI65: =$E65*BO65 -> 0 | AJ65: =SUM(F65:AI65) -> 0 | BP65: =SUM(AL65:BO65) -> 0
B66: INV | C66: 4.20 | D66: ..... | F66: =$E66*AL66 -> 0 | G66: =$E66*AM66 -> 0 | H66: =$E66*AN66 -> 0 | I66: =$E66*AO66 -> 0 | J66: =$E66*AP66 -> 0 | K66: =$E66*AQ66 -> 0 | L66: =$E66*AR66 -> 0 | M66: =$E66*AS66 -> 0 | ... AI66: =$E66*BO66 -> 0 | AJ66: =SUM(F66:AI66) -> 0 | BP66: =SUM(AL66:BO66) -> 0
C67: 5 | D67: GESTÃO AMBIENTAL DO SISTEMA RODOVIÁRIO | E67: =SUM(E68:E69) -> #N/A | F67: =SUM(F68:F69) -> #N/A | G67: =SUM(G68:G69) -> 35700.593 | H67: =SUM(H68:H69) -> 35700.593 | I67: =SUM(I68:I69) -> 35700.593 | J67: =SUM(J68:J69) -> 35700.593 | K67: =SUM(K68:K69) -> #N/A | L67: =SUM(L68:L69) -> 35700.593 | ... AI67: =SUM(AI68:AI69) -> 35700.593 | AJ67: =SUM(F67:AI67) -> #N/A | AL67: =F67/$E67 -> #N/A | AM67: =G67/$E67 -> #N/A | AN67: =H67/$E67 -> #N/A | AO67: =I67/$E67 -> #N/A | AP67: =J67/$E67 -> #N/A | AQ67: =K67/$E67 -> #N/A | AR67: =L67/$E67 -> #N/A | AS67: =M67/$E67 -> #N/A | ... BO67: =AI67/$E67 -> #N/A | BP67: =SUM(AL67:BO67) -> #N/A | BV67: =BS58/BT58 -> 2585084.2
B68: INV | C68: 5.1 | D68: DESAPROPRIAÇÕES / REASSENTAMENTOS / INDENIZAÇÕES | E68: =Reassentamentos!D16 -> 1071017.8 | F68: =$E68*AL68 -> 35700.593 | G68: =$E68*AM68 -> 35700.593 | H68: =$E68*AN68 -> 35700.593 | I68: =$E68*AO68 -> 35700.593 | J68: =$E68*AP68 -> 35700.593 | K68: =$E68*AQ68 -> 35700.593 | L68: =$E68*AR68 -> 35700.593 | M68: =$E68*AS68 -> 35700.593 | ... AI68: =$E68*BO68 -> 35700.593 | AJ68: =SUM(F68:AI68) -> 1071017.8 | AL68: 0.033333333 | AM68: 0.033333333 | AN68: 0.033333333 | AO68: 0.033333333 | AP68: 0.033333333 | AQ68: 0.033333333 | AR68: 0.033333333 | AS68: 0.033333333 | AT68: 0.033333333 | AU68: 0.033333333 | AV68: 0.033333333 | AW68: 0.033333333 | AX68: 0.033333333 | AY68: 0.033333333 | AZ68: 0.033333333 | BA68: 0.033333333 | BB68: 0.033333333 | BC68: 0.033333333 | BD68: 0.033333333 | BE68: 0.033333333 | BF68: 0.033333333 | BG68: 0.033333333 | BH68: 0.033333333 | BI68: 0.033333333 | BJ68: 0.033333333 | BK68: 0.033333333 | BL68: 0.033333333 | BM68: 0.033333333 | BN68: 0.033333333 | BO68: 0.033333333 | BP68: =SUM(AL68:BO68) -> 1
B69: INV | C69: 5.2 | D69: COMPENSAÇÃO AMBIENTAL (05% do valor dos Investimentos) | E69: =SUM(F69:AI69) -> #N/A | F69: =(SUM(F14:J14)+SUM(F26:J26)+SUM(F38:J38)+SUM(F46:J46))*0.5% -> #N/A | K69: =(SUM(K14:O14)+SUM(K26:O26)+SUM(K38:O38)+SUM(K46:O46))*0.5% -> #N/A | P69: =(SUM(P14:T14)+SUM(P26:T26)+SUM(P38:T38)+SUM(P46:T46))*0.5% -> #N/A | U69: =(SUM(U14:Y14)+SUM(U26:Y26)+SUM(U38:Y38)+SUM(U46:Y46))*0.5% -> #N/A | Z69: =(SUM(Z14:AD14)+SUM(Z26:AD26)+SUM(Z38:AD38)+SUM(Z46:AD46))*0.5% -> #N/A | AE69: =(SUM(AE14:AI14)+SUM(AE26:AI26)+SUM(AE38:AI38)+SUM(AE46:AI46))*0.5% -> #N/A | AJ69: =SUM(F69:AI69) -> #N/A | AL69: 0.21381232 | AM69: 0 | AN69: 0 | AO69: 0 | AP69: 0 | AQ69: 0.42183288 | AR69: 0 | AS69: 0 | AT69: 0 | AU69: 0 | AV69: 0.073570557 | AW69: 0 | AX69: 0 | AY69: 0 | AZ69: 0 | BA69: 0.1572442 | BB69: 0 | BC69: 0 | BD69: 0 | BE69: 0 | BF69: 0.072077229 | BG69: 0 | BH69: 0 | BI69: 0 | BJ69: 0 | BK69: 0.061462813 | BL69: 0 | BM69: 0 | BN69: 0 | BO69: 0 | BP69: =SUM(AL69:BO69) -> 1
C70: 6 | D70: VEÍCULOS, EQUIPAMENTOS E SISTEMAS | E70: =SUM(E71:E72) -> 53151518 | F70: =SUM(F71:F72) -> 47650537 | G70: =SUM(G71:G72) -> 266912.43 | H70: =SUM(H71:H72) -> 0 | I70: =SUM(I71:I72) -> 0 | J70: =SUM(J71:J72) -> 0 | K70: =SUM(K71:K72) -> 0 | L70: =SUM(L71:L72) -> 0 | ... AI70: =SUM(AI71:AI72) -> 0 | AJ70: =SUM(F70:AI70) -> 53151518 | AL70: =F70/$E70 -> 0.89650379 | AM70: =G70/$E70 -> 0.0050217274 | AN70: =H70/$E70 -> 0 | AO70: =I70/$E70 -> 0 | AP70: =J70/$E70 -> 0 | AQ70: =K70/$E70 -> 0 | AR70: =L70/$E70 -> 0 | AS70: =M70/$E70 -> 0 | ... BO70: =AI70/$E70 -> 0 | BP70: =SUM(AL70:BO70) -> 1
B71: INV | C71: 6.1 | D71: IMPLANTAÇÃO E INSTALAÇÃO DOS EQUIPAMENTOS E SISTEMAS | E71: =Sistemas!H123 -> 47917449 | F71: =Sistemas!DA123 -> 47650537 | G71: =Sistemas!DB123 -> 266912.43 | H71: =Sistemas!DC123 -> 0 | I71: =Sistemas!DD123 -> 0 | J71: =Sistemas!DE123 -> 0 | K71: =Sistemas!DF123 -> 0 | L71: =Sistemas!DG123 -> 0 | M71: =Sistemas!DH123 -> 0 | ... AI71: =Sistemas!ED123 -> 0 | AJ71: =SUM(F71:AI71) -> 47917449 | AL71: =F71/$E$71 -> 0.99442974 | AM71: =G71/$E$71 -> 0.0055702555 | AN71: =H71/$E$71 -> 0 | AO71: =I71/$E$71 -> 0 | AP71: =J71/$E$71 -> 0 | AQ71: =K71/$E$71 -> 0 | AR71: =L71/$E$71 -> 0 | AS71: =M71/$E$71 -> 0 | ... BO71: =AI71/$E$71 -> 0 | BP71: =SUM(AL71:BO71) -> 1
B72: INV | C72: 6.2 | D72: REPOSIÇÃO E ATUALIZAÇÃO DOS VEÍCULOS, EQUIPAMENTOS E SISTEMAS | E72: =Sistemas!I123 -> 5234068.4 | F72: =Sistemas!EF123 -> 0 | G72: =Sistemas!EG123 -> 0 | H72: =Sistemas!EH123 -> 0 | I72: =Sistemas!EI123 -> 0 | J72: =Sistemas!EJ123 -> 0 | K72: =Sistemas!EK123 -> 0 | L72: =Sistemas!EL123 -> 0 | M72: =Sistemas!EM123 -> 0 | ... AI72: =Sistemas!FI123 -> 0 | AJ72: =SUM(F72:AI72) -> 5234068.4 | AL72: =Sistemas!EF124 -> 0 | AM72: =Sistemas!EG124 -> 0 | AN72: =Sistemas!EH124 -> 0 | AO72: =Sistemas!EI124 -> 0 | AP72: =Sistemas!EJ124 -> 0 | AQ72: =Sistemas!EK124 -> 0 | AR72: =Sistemas!EL124 -> 0 | AS72: =Sistemas!EM124 -> 0 | ... BO72: =Sistemas!FI124 -> 0 | BP72: =SUM(AL72:BO72) -> 1
C73: A | D73: OPEX | E73: =E74+E86+E99+E117+E119+E121+E123 -> 1.7659632e+09 | F73: =F74+F86+F99+F117+F119+F121+F123 -> 35304251 | G73: =G74+G86+G99+G117+G119+G121+G123 -> 56890535 | H73: =H74+H86+H99+H117+H119+H121+H123 -> 62806366 | I73: =I74+I86+I99+I117+I119+I121+I123 -> 56342021 | J73: =J74+J86+J99+J117+J119+J121+J123 -> 56093575 | K73: =K74+K86+K99+K117+K119+K121+K123 -> 59667903 | L73: =L74+L86+L99+L117+L119+L121+L123 -> 63185401 | ... AI73: =AI74+AI86+AI99+AI117+AI119+AI121+AI123 -> 60363842 | AJ73: =SUM(F73:AI73) -> 1.7659632e+09 | AL73: =F73/$E73 -> 0.019991499 | AM73: =G73/$E73 -> 0.032215017 | AN73: =H73/$E73 -> 0.035564935 | AO73: =I73/$E73 -> 0.031904414 | AP73: =J73/$E73 -> 0.031763728 | AQ73: =K73/$E73 -> 0.033787739 | AR73: =L73/$E73 -> 0.035779568 | AS73: =M73/$E73 -> 0.031783746 | ... BO73: =AI73/$E73 -> 0.034181824 | BP73: =SUM(AL73:BO73) -> 1
C74: 1 | D74: CONSERVAÇÃO DO SISTEMA RODOVIÁRIO | E74: =SUM(E75:E85) -> 3.5232546e+08 | F74: =SUM(F75:F85) -> 6219078.2 | G74: =SUM(G75:G85) -> 7887591.5 | H74: =SUM(H75:H85) -> 14703823 | I74: =SUM(I75:I85) -> 7889077.7 | J74: =SUM(J75:J85) -> 7890875.8 | K74: =SUM(K75:K85) -> 11536587 | L74: =SUM(L75:L85) -> 15682292 | ... AI74: =SUM(AI75:AI85) -> 12674156 | AJ74: =SUM(F74:AI74) -> 3.5232546e+08 | AL74: =F74/$E74 -> 0.017651515 | AM74: =G74/$E74 -> 0.022387231 | AN74: =H74/$E74 -> 0.041733636 | AO74: =I74/$E74 -> 0.022391449 | AP74: =J74/$E74 -> 0.022396553 | AQ74: =K74/$E74 -> 0.032744119 | AR74: =L74/$E74 -> 0.044510811 | AS74: =M74/$E74 -> 0.023879673 | ... BO74: =AI74/$E74 -> 0.035972864 | BP74: =SUM(AL74:BO74) -> 1
B75: COP | C75: 7.1 | D75: PAVIMENTO | E75: =SUM(F75:AI75) -> 2.7460234e+08 | F75: ='Conserva - Resumo'!F5 -> 4417983.2 | G75: ='Conserva - Resumo'!G5 -> 6051136.8 | H75: ='Conserva - Resumo'!H5 -> 11345881 | I75: ='Conserva - Resumo'!I5 -> 6051136.8 | J75: ='Conserva - Resumo'!J5 -> 6051136.8 | K75: ='Conserva - Resumo'!K5 -> 8925927.2 | L75: ='Conserva - Resumo'!L5 -> 12239058 | M75: ='Conserva - Resumo'!M5 -> 6527497.5 | ... AI75: ='Conserva - Resumo'!AI5 -> 10003336 | AJ75: =SUM(F75:AI75) -> 2.7460234e+08 | AL75: =F75/$E$75 -> 0.016088658 | AM75: =G75/$E$75 -> 0.022035999 | AN75: =H75/$E$75 -> 0.041317497 | AO75: =I75/$E$75 -> 0.022035999 | AP75: =J75/$E$75 -> 0.022035999 | AQ75: =K75/$E$75 -> 0.03250492 | AR75: =L75/$E$75 -> 0.044570115 | AS75: =M75/$E$75 -> 0.023770728 | ... BO75: =AI75/$E$75 -> 0.036428443 | BP75: =SUM(AL75:BO75) -> 1
B76: COP | C76: 7.2 | D76: ELEMENTOS DE PROTEÇÃO E SEGURANÇA | E76: =SUM(F76:AI76) -> 36145935 | F76: ='Conserva - Resumo'!F6 -> 828820.29 | G76: ='Conserva - Resumo'!G6 -> 828820.29 | H76: ='Conserva - Resumo'!H6 -> 1554038 | I76: ='Conserva - Resumo'!I6 -> 828820.29 | J76: ='Conserva - Resumo'!J6 -> 828820.29 | K76: ='Conserva - Resumo'!K6 -> 1206029.5 | L76: ='Conserva - Resumo'!L6 -> 1611380.5 | M76: ='Conserva - Resumo'!M6 -> 859402.91 | ... AI76: ='Conserva - Resumo'!AI6 -> 1275199.8 | AJ76: =SUM(F76:AI76) -> 36145935 | AL76: =F76/$E$76 -> 0.022929834 | AM76: =G76/$E$76 -> 0.022929834 | AN76: =H76/$E$76 -> 0.042993438 | AO76: =I76/$E$76 -> 0.022929834 | AP76: =J76/$E$76 -> 0.022929834 | AQ76: =K76/$E$76 -> 0.033365564 | AR76: =L76/$E$76 -> 0.044579852 | AS76: =M76/$E$76 -> 0.023775921 | ... BO76: =AI76/$E$76 -> 0.035279202 | BP76: =SUM(AL76:BO76) -> 1
B77: COP | C77: 7.3 | D77: OAE's | E77: =SUM(F77:AI77) -> 19047157 | F77: ='Conserva - Resumo'!F7 -> 455537.38 | G77: ='Conserva - Resumo'!G7 -> 455537.38 | H77: ='Conserva - Resumo'!H7 -> 854132.59 | I77: ='Conserva - Resumo'!I7 -> 455537.38 | J77: ='Conserva - Resumo'!J7 -> 455537.38 | K77: ='Conserva - Resumo'!K7 -> 654834.99 | L77: ='Conserva - Resumo'!L7 -> 854132.59 | M77: ='Conserva - Resumo'!M7 -> 455537.38 | ... AI77: ='Conserva - Resumo'!AI7 -> 654834.99 | AJ77: =SUM(F77:AI77) -> 19047157 | AL77: =F77/$E$77 -> 0.023916293 | AM77: =G77/$E$77 -> 0.023916293 | AN77: =H77/$E$77 -> 0.044843049 | AO77: =I77/$E$77 -> 0.023916293 | AP77: =J77/$E$77 -> 0.023916293 | AQ77: =K77/$E$77 -> 0.034379671 | AR77: =L77/$E$77 -> 0.044843049 | AS77: =M77/$E$77 -> 0.023916293 | ... BO77: =AI77/$E$77 -> 0.034379671 | BP77: =SUM(AL77:BO77) -> 1
B78: COP | C78: 7.4 | D78: DRENAGEM E OAC | E78: =SUM(F78:AI78) -> 1641973.8 | F78: ='Conserva - Resumo'!F8 -> 39269.926 | G78: ='Conserva - Resumo'!G8 -> 39269.926 | H78: ='Conserva - Resumo'!H8 -> 73631.11 | I78: ='Conserva - Resumo'!I8 -> 39269.926 | J78: ='Conserva - Resumo'!J8 -> 39269.926 | K78: ='Conserva - Resumo'!K8 -> 56450.518 | L78: ='Conserva - Resumo'!L8 -> 73631.11 | M78: ='Conserva - Resumo'!M8 -> 39269.926 | ... AI78: ='Conserva - Resumo'!AI8 -> 56450.518 | AJ78: =SUM(F78:AI78) -> 1641973.8 | AL78: =F78/$E$78 -> 0.023916293 | AM78: =G78/$E$78 -> 0.023916293 | AN78: =H78/$E$78 -> 0.044843049 | AO78: =I78/$E$78 -> 0.023916293 | AP78: =J78/$E$78 -> 0.023916293 | AQ78: =K78/$E$78 -> 0.034379671 | AR78: =L78/$E$78 -> 0.044843049 | AS78: =M78/$E$78 -> 0.023916293 | ... BO78: =AI78/$E$78 -> 0.034379671 | BP78: =SUM(AL78:BO78) -> 1
B79: COP | C79: 7.5 | D79: TERRAPLENO E ESTRUTURAS DE CONTENÇÃO | E79: =SUM(F79:AI79) -> 3207060.5 | F79: ='Conserva - Resumo'!F9 -> 71358.67 | G79: ='Conserva - Resumo'!G9 -> 71358.67 | H79: ='Conserva - Resumo'!H9 -> 152727.68 | I79: ='Conserva - Resumo'!I9 -> 71358.67 | J79: ='Conserva - Resumo'!J9 -> 71358.67 | K79: ='Conserva - Resumo'!K9 -> 97530.041 | L79: ='Conserva - Resumo'!L9 -> 152727.68 | M79: ='Conserva - Resumo'!M9 -> 71358.67 | ... AI79: ='Conserva - Resumo'!AI9 -> 109834.66 | AJ79: =SUM(F79:AI79) -> 3207060.5 | AL79: =F79/$E$79 -> 0.022250491 | AM79: =G79/$E$79 -> 0.022250491 | AN79: =H79/$E$79 -> 0.047622327 | AO79: =I79/$E$79 -> 0.022250491 | AP79: =J79/$E$79 -> 0.022250491 | AQ79: =K79/$E$79 -> 0.030411039 | AR79: =L79/$E$79 -> 0.047622327 | AS79: =M79/$E$79 -> 0.022250491 | ... BO79: =AI79/$E$79 -> 0.034247766 | BP79: =SUM(AL79:BO79) -> 1
B80: COP | C80: 7.6 | D80: FAIXA DE DOMÍNIO | E80: =SUM(F80:AI80) -> 8224890.8 | F80: ='Conserva - Resumo'!F10 -> 184829.52 | G80: ='Conserva - Resumo'!G10 -> 184829.52 | H80: ='Conserva - Resumo'!H10 -> 346555.36 | I80: ='Conserva - Resumo'!I10 -> 184829.52 | J80: ='Conserva - Resumo'!J10 -> 184829.52 | K80: ='Conserva - Resumo'!K10 -> 270556.72 | L80: ='Conserva - Resumo'!L10 -> 365659.65 | M80: ='Conserva - Resumo'!M10 -> 195018.48 | ... AI80: ='Conserva - Resumo'!AI10 -> 293601.58 | AJ80: =SUM(F80:AI80) -> 8224890.8 | AL80: =F80/$E$80 -> 0.022471973 | AM80: =G80/$E$80 -> 0.022471973 | AN80: =H80/$E$80 -> 0.04213495 | AO80: =I80/$E$80 -> 0.022471973 | AP80: =J80/$E$80 -> 0.022471973 | AQ80: =K80/$E$80 -> 0.032894871 | AR80: =L80/$E$80 -> 0.044457691 | AS80: =M80/$E$80 -> 0.023710768 | ... BO80: =AI80/$E$80 -> 0.035696715 | BP80: =SUM(AL80:BO80) -> 1
B81: COP | C81: 7.7 | D81: EDIFICAÇÕES E INSTALAÇÕES OPERACIONAIS | E81: =SUM(F81:AI81) -> 6600481.7 | F81: ='Conserva - Resumo'!F11 -> 137747.52 | G81: ='Conserva - Resumo'!G11 -> 137747.52 | H81: ='Conserva - Resumo'!H11 -> 258276.6 | I81: ='Conserva - Resumo'!I11 -> 137747.52 | J81: ='Conserva - Resumo'!J11 -> 137747.52 | K81: ='Conserva - Resumo'!K11 -> 198012.06 | L81: ='Conserva - Resumo'!L11 -> 258276.6 | M81: ='Conserva - Resumo'!M11 -> 137747.52 | ... AI81: ='Conserva - Resumo'!AI11 -> 198012.06 | AJ81: =SUM(F81:AI81) -> 6600481.7 | AL81: =F81/$E$81 -> 0.020869313 | AM81: =G81/$E$81 -> 0.020869313 | AN81: =H81/$E$81 -> 0.039129962 | AO81: =I81/$E$81 -> 0.020869313 | AP81: =J81/$E$81 -> 0.020869313 | AQ81: =K81/$E$81 -> 0.029999638 | AR81: =L81/$E$81 -> 0.039129962 | AS81: =M81/$E$81 -> 0.020869313 | ... BO81: =AI81/$E$81 -> 0.029999638 | BP81: =SUM(AL81:BO81) -> 1
B82: COP | C82: 7.8 | D82: ILUMINAÇÃO E INSTALAÇÕES ELÉTRICAS | E82: =SUM(F82:AI82) -> 1276200.5 | F82: ='Conserva - Resumo'!F12 -> 71744.373 | G82: ='Conserva - Resumo'!G12 -> 71744.373 | H82: ='Conserva - Resumo'!H12 -> 71744.373 | I82: ='Conserva - Resumo'!I12 -> 71744.373 | J82: ='Conserva - Resumo'!J12 -> 71744.373 | K82: ='Conserva - Resumo'!K12 -> 71744.373 | L82: ='Conserva - Resumo'!L12 -> 71744.373 | M82: ='Conserva - Resumo'!M12 -> 71744.373 | ... AI82: ='Conserva - Resumo'!AI12 -> 27937.84 | AJ82: =SUM(F82:AI82) -> 1276200.5 | AL82: =F82/$E$82 -> 0.056217163 | AM82: =G82/$E$82 -> 0.056217163 | AN82: =H82/$E$82 -> 0.056217163 | AO82: =I82/$E$82 -> 0.056217163 | AP82: =J82/$E$82 -> 0.056217163 | AQ82: =K82/$E$82 -> 0.056217163 | AR82: =L82/$E$82 -> 0.056217163 | AS82: =M82/$E$82 -> 0.056217163 | ... BO82: =AI82/$E$82 -> 0.021891419 | BP82: =SUM(AL82:BO82) -> 1
B83: COP | C83: 7.9 | D83: CONSULTORIA | E83: =SUM(F83:AI83) -> 1579423.5 | F83: ='Conserva - Resumo'!F13 -> 11787.283 | G83: ='Conserva - Resumo'!G13 -> 47147.053 | H83: ='Conserva - Resumo'!H13 -> 46835.436 | I83: ='Conserva - Resumo'!I13 -> 48633.194 | J83: ='Conserva - Resumo'!J13 -> 50431.372 | K83: ='Conserva - Resumo'!K13 -> 55501.492 | L83: ='Conserva - Resumo'!L13 -> 55681.769 | M83: ='Conserva - Resumo'!M13 -> 55840.123 | ... AI83: ='Conserva - Resumo'!AI13 -> 54948.886 | AJ83: =SUM(F83:AI83) -> 1579423.5 | AL83: =AVERAGE(AL80:AL82) -> 0.03318615 | AM83: =AVERAGE(AM80:AM82) -> 0.03318615 | AN83: =AVERAGE(AN80:AN82) -> 0.045827358 | AO83: =AVERAGE(AO80:AO82) -> 0.03318615 | AP83: =AVERAGE(AP80:AP82) -> 0.03318615 | AQ83: =AVERAGE(AQ80:AQ82) -> 0.039703891 | AR83: =AVERAGE(AR80:AR82) -> 0.046601605 | AS83: =AVERAGE(AS80:AS82) -> 0.033599081 | ... BO83: =AVERAGE(BO80:BO82) -> 0.029195924 | BP83: =SUM(AL83:BO83) -> 1
B84: COP | C84: 7.10 | D84: CONSERVAÇÃO | AJ84: =SUM(F84:AI84) -> 0 | BP84: =SUM(AL84:BO84) -> 0
B85: COP | C85: 7.11 | D85: ..... | AJ85: =SUM(F85:AI85) -> 0 | BP85: =SUM(AL85:BO85) -> 0
C86: 2 | D86: MONITORAÇÃO DO SISTEMA RODOVIÁRIO | E86: =SUM(E87:E98) -> 13889373 | F86: =SUM(F87:F98) -> 0 | G86: =SUM(G87:G98) -> 461675.62 | H86: =SUM(H87:H98) -> 461675.62 | I86: =SUM(I87:I98) -> 461675.62 | J86: =SUM(J87:J98) -> 561831.62 | K86: =SUM(K87:K98) -> 461675.62 | L86: =SUM(L87:L98) -> 461675.62 | ... AI86: =SUM(AI87:AI98) -> 461675.62 | AJ86: =SUM(F86:AI86) -> 13889373 | AL86: =F86/$E86 -> 0 | AM86: =G86/$E86 -> 0.033239486 | AN86: =H86/$E86 -> 0.033239486 | AO86: =I86/$E86 -> 0.033239486 | AP86: =J86/$E86 -> 0.040450467 | AQ86: =K86/$E86 -> 0.033239486 | AR86: =L86/$E86 -> 0.033239486 | AS86: =M86/$E86 -> 0.033239486 | ... BO86: =AI86/$E86 -> 0.033239486 | BP86: =SUM(AL86:BO86) -> 1 | BR86: =E86*BR87/2 -> 4402141.3
B87: COP | C87: 2.1 | D87: PAVIMENTO | E87: =SUM(F87:AI87) -> 7255498.9 | F87: =Monitoração!M27 -> 0 | G87: =Monitoração!N27 -> 232921.34 | H87: =Monitoração!O27 -> 232921.34 | I87: =Monitoração!P27 -> 232921.34 | J87: =Monitoração!Q27 -> 333077.34 | K87: =Monitoração!R27 -> 232921.34 | L87: =Monitoração!S27 -> 232921.34 | M87: =Monitoração!T27 -> 232921.34 | ... AI87: =Monitoração!AP27 -> 232921.34 | AJ87: =SUM(F87:AI87) -> 7255498.9 | AL87: =F87/$E$87 -> 0 | AM87: =G87/$E$87 -> 0.032102733 | AN87: =H87/$E$87 -> 0.032102733 | AO87: =I87/$E$87 -> 0.032102733 | AP87: =J87/$E$87 -> 0.045906883 | AQ87: =K87/$E$87 -> 0.032102733 | AR87: =L87/$E$87 -> 0.032102733 | AS87: =M87/$E$87 -> 0.032102733 | ... BO87: =AI87/$E$87 -> 0.032102733 | BP87: =SUM(AL87:BO87) -> 1 | BR87: =1070/1688 -> 0.63388626
B88: COP | C88: 2.2 | D88: ELEMENTOS DE PROTEÇÃO E SEGURANÇA | E88: =SUM(F88:AI88) -> 3136885.9 | F88: =Monitoração!M33 -> 0 | G88: =Monitoração!N33 -> 108168.48 | H88: =Monitoração!O33 -> 108168.48 | I88: =Monitoração!P33 -> 108168.48 | J88: =Monitoração!Q33 -> 108168.48 | K88: =Monitoração!R33 -> 108168.48 | L88: =Monitoração!S33 -> 108168.48 | M88: =Monitoração!T33 -> 108168.48 | ... AI88: =Monitoração!AP33 -> 108168.48 | AJ88: =SUM(F88:AI88) -> 3136885.9 | AL88: =F88/$E$88 -> 0 | AM88: =G88/$E$88 -> 0.034482759 | AN88: =H88/$E$88 -> 0.034482759 | AO88: =I88/$E$88 -> 0.034482759 | AP88: =J88/$E$88 -> 0.034482759 | AQ88: =K88/$E$88 -> 0.034482759 | AR88: =L88/$E$88 -> 0.034482759 | AS88: =M88/$E$88 -> 0.034482759 | ... BO88: =AI88/$E$88 -> 0.034482759 | BP88: =SUM(AL88:BO88) -> 1
B89: COP | C89: 2.3 | D89: OBRAS DE ARTE ESPECIAIS | E89: =SUM(F89:AI89) -> 267182.8 | F89: =Monitoração!M41 -> 0 | G89: =Monitoração!N41 -> 9213.2 | H89: =Monitoração!O41 -> 9213.2 | I89: =Monitoração!P41 -> 9213.2 | J89: =Monitoração!Q41 -> 9213.2 | K89: =Monitoração!R41 -> 9213.2 | L89: =Monitoração!S41 -> 9213.2 | M89: =Monitoração!T41 -> 9213.2 | ... AI89: =Monitoração!AP41 -> 9213.2 | AJ89: =SUM(F89:AI89) -> 267182.8 | AL89: =F89/$E$89 -> 0 | AM89: =G89/$E$89 -> 0.034482759 | AN89: =H89/$E$89 -> 0.034482759 | AO89: =I89/$E$89 -> 0.034482759 | AP89: =J89/$E$89 -> 0.034482759 | AQ89: =K89/$E$89 -> 0.034482759 | AR89: =L89/$E$89 -> 0.034482759 | AS89: =M89/$E$89 -> 0.034482759 | ... BO89: =AI89/$E$89 -> 0.034482759 | BP89: =SUM(AL89:BO89) -> 1
B90: COP | C90: 2.4 | D90: DRENAGEM E OBRAS-DE-ARTE CORRENTES | E90: =SUM(F90:AI90) -> 360887.11 | F90: =Monitoração!M43 -> 0 | G90: =Monitoração!N43 -> 12444.383 | H90: =Monitoração!O43 -> 12444.383 | I90: =Monitoração!P43 -> 12444.383 | J90: =Monitoração!Q43 -> 12444.383 | K90: =Monitoração!R43 -> 12444.383 | L90: =Monitoração!S43 -> 12444.383 | M90: =Monitoração!T43 -> 12444.383 | ... AI90: =Monitoração!AP43 -> 12444.383 | AJ90: =SUM(F90:AI90) -> 360887.11 | AL90: =F90/$E$90 -> 0 | AM90: =G90/$E$90 -> 0.034482759 | AN90: =H90/$E$90 -> 0.034482759 | AO90: =I90/$E$90 -> 0.034482759 | AP90: =J90/$E$90 -> 0.034482759 | AQ90: =K90/$E$90 -> 0.034482759 | AR90: =L90/$E$90 -> 0.034482759 | AS90: =M90/$E$90 -> 0.034482759 | ... BO90: =AI90/$E$90 -> 0.034482759 | BP90: =SUM(AL90:BO90) -> 1
B91: COP | C91: 2.5 | D91: EDIFICAÇÕES E INSTALAÇÕES OPERACIONAIS | E91: =SUM(F91:AI91) -> 467602.96 | F91: =Monitoração!M49 -> 0 | G91: =Monitoração!N49 -> 16124.24 | H91: =Monitoração!O49 -> 16124.24 | I91: =Monitoração!P49 -> 16124.24 | J91: =Monitoração!Q49 -> 16124.24 | K91: =Monitoração!R49 -> 16124.24 | L91: =Monitoração!S49 -> 16124.24 | M91: =Monitoração!T49 -> 16124.24 | ... AI91: =Monitoração!AP49 -> 16124.24 | AJ91: =SUM(F91:AI91) -> 467602.96 | AL91: =F91/$E$91 -> 0 | AM91: =G91/$E$91 -> 0.034482759 | AN91: =H91/$E$91 -> 0.034482759 | AO91: =I91/$E$91 -> 0.034482759 | AP91: =J91/$E$91 -> 0.034482759 | AQ91: =K91/$E$91 -> 0.034482759 | AR91: =L91/$E$91 -> 0.034482759 | AS91: =M91/$E$91 -> 0.034482759 | ... BO91: =AI91/$E$91 -> 0.034482759 | BP91: =SUM(AL91:BO91) -> 1
B92: COP | C92: 2.6 | D92: NÍVEL DE SERVIÇO | E92: =SUM(F92:AI92) -> 598767.62 | F92: =Monitoração!M39 -> 0 | G92: =Monitoração!N39 -> 20647.159 | H92: =Monitoração!O39 -> 20647.159 | I92: =Monitoração!P39 -> 20647.159 | J92: =Monitoração!Q39 -> 20647.159 | K92: =Monitoração!R39 -> 20647.159 | L92: =Monitoração!S39 -> 20647.159 | M92: =Monitoração!T39 -> 20647.159 | ... AI92: =Monitoração!AP39 -> 20647.159 | AJ92: =SUM(F92:AI92) -> 598767.62 | AL92: =F92/$E$92 -> 0 | AM92: =G92/$E$92 -> 0.034482759 | AN92: =H92/$E$92 -> 0.034482759 | AO92: =I92/$E$92 -> 0.034482759 | AP92: =J92/$E$92 -> 0.034482759 | AQ92: =K92/$E$92 -> 0.034482759 | AR92: =L92/$E$92 -> 0.034482759 | AS92: =M92/$E$92 -> 0.034482759 | ... BO92: =AI92/$E$92 -> 0.034482759 | BP92: =SUM(AL92:BO92) -> 1
B93: COP | C93: 2.7 | D93: ÍNDICE DE GRAVIDADE GLOBAL (IGG) | E93: =SUM(F93:AI93) -> 1416826.8 | F93: =Monitoração!M37 -> 0 | G93: =Monitoração!N37 -> 48856.097 | H93: =Monitoração!O37 -> 48856.097 | I93: =Monitoração!P37 -> 48856.097 | J93: =Monitoração!Q37 -> 48856.097 | K93: =Monitoração!R37 -> 48856.097 | L93: =Monitoração!S37 -> 48856.097 | M93: =Monitoração!T37 -> 48856.097 | ... AI93: =Monitoração!AP37 -> 48856.097 | AJ93: =SUM(F93:AI93) -> 1416826.8 | AL93: =F93/$E$93 -> 0 | AM93: =G93/$E$93 -> 0.034482759 | AN93: =H93/$E$93 -> 0.034482759 | AO93: =I93/$E$93 -> 0.034482759 | AP93: =J93/$E$93 -> 0.034482759 | AQ93: =K93/$E$93 -> 0.034482759 | AR93: =L93/$E$93 -> 0.034482759 | AS93: =M93/$E$93 -> 0.034482759 | ... BO93: =AI93/$E$93 -> 0.034482759 | BP93: =SUM(AL93:BO93) -> 1
B94: COP | C94: 2.8 | D94: ÍNDICE CRÍTICO | E94: =SUM(F94:AI94) -> 385720.79 | F94: =Monitoração!M35 -> 0 | G94: =Monitoração!N35 -> 13300.717 | H94: =Monitoração!O35 -> 13300.717 | I94: =Monitoração!P35 -> 13300.717 | J94: =Monitoração!Q35 -> 13300.717 | K94: =Monitoração!R35 -> 13300.717 | L94: =Monitoração!S35 -> 13300.717 | M94: =Monitoração!T35 -> 13300.717 | ... AI94: =Monitoração!AP35 -> 13300.717 | AJ94: =SUM(F94:AI94) -> 385720.79 | AL94: =F94/$E$94 -> 0 | AM94: =G94/$E$94 -> 0.034482759 | AN94: =H94/$E$94 -> 0.034482759 | AO94: =I94/$E$94 -> 0.034482759 | AP94: =J94/$E$94 -> 0.034482759 | AQ94: =K94/$E$94 -> 0.034482759 | AR94: =L94/$E$94 -> 0.034482759 | AS94: =M94/$E$94 -> 0.034482759 | ... BO94: =AI94/$E$94 -> 0.034482759 | BP94: =SUM(AL94:BO94) -> 1
B95: COP | C95: 2.9 | D95: TERRAPLENOS E ESTRUTURAS DE CONTENÇÃO | E95: =SUM(F95:AI95) -> 0 | F95: =Monitoração!M45 -> 0 | G95: =Monitoração!N45 -> 0 | H95: =Monitoração!O45 -> 0 | I95: =Monitoração!P45 -> 0 | J95: =Monitoração!Q45 -> 0 | K95: =Monitoração!R45 -> 0 | L95: =Monitoração!S45 -> 0 | M95: =Monitoração!T45 -> 0 | ... AI95: =Monitoração!AP45 -> 0 | AJ95: =SUM(F95:AI95) -> 0 | AL95: =F95/$E$95 -> #DIV/0! | AM95: =G95/$E$95 -> #DIV/0! | AN95: =H95/$E$95 -> #DIV/0! | AO95: =I95/$E$95 -> #DIV/0! | AP95: =J95/$E$95 -> #DIV/0! | AQ95: =K95/$E$95 -> #DIV/0! | AR95: =L95/$E$95 -> #DIV/0! | AS95: =M95/$E$95 -> #DIV/0! | ... BO95: =AI95/$E$95 -> #DIV/0! | BP95: =SUM(AL95:BO95) -> #DIV/0!
B96: COP | C96: 2.10 | D96: CANTEIRO CENTRAL E FAIXA DE DOMÍNIO | E96: =SUM(F96:AI96) -> 0 | F96: =Monitoração!M47 -> 0 | G96: =Monitoração!N47 -> 0 | H96: =Monitoração!O47 -> 0 | I96: =Monitoração!P47 -> 0 | J96: =Monitoração!Q47 -> 0 | K96: =Monitoração!R47 -> 0 | L96: =Monitoração!S47 -> 0 | M96: =Monitoração!T47 -> 0 | ... AI96: =Monitoração!AP47 -> 0 | AJ96: =SUM(F96:AI96) -> 0 | AL96: =F96/$E$96 -> #DIV/0! | AM96: =G96/$E$96 -> #DIV/0! | AN96: =H96/$E$96 -> #DIV/0! | AO96: =I96/$E$96 -> #DIV/0! | AP96: =J96/$E$96 -> #DIV/0! | AQ96: =K96/$E$96 -> #DIV/0! | AR96: =L96/$E$96 -> #DIV/0! | AS96: =M96/$E$96 -> #DIV/0! | ... BO96: =AI96/$E$96 -> #DIV/0! | BP96: =SUM(AL96:BO96) -> #DIV/0!
B97: COP | C97: 2.11 | D97: SISTEMAS ELÉTRICOS E DE ILUMINAÇÃO | E97: =SUM(F97:AI97) -> 0 | F97: =Monitoração!M51 -> 0 | G97: =Monitoração!N51 -> 0 | H97: =Monitoração!O51 -> 0 | I97: =Monitoração!P51 -> 0 | J97: =Monitoração!Q51 -> 0 | K97: =Monitoração!R51 -> 0 | L97: =Monitoração!S51 -> 0 | M97: =Monitoração!T51 -> 0 | ... AI97: =Monitoração!AP51 -> 0 | AJ97: =SUM(F97:AI97) -> 0 | AL97: =F97/$E$97 -> #DIV/0! | AM97: =G97/$E$97 -> #DIV/0! | AN97: =H97/$E$97 -> #DIV/0! | AO97: =I97/$E$97 -> #DIV/0! | AP97: =J97/$E$97 -> #DIV/0! | AQ97: =K97/$E$97 -> #DIV/0! | AR97: =L97/$E$97 -> #DIV/0! | AS97: =M97/$E$97 -> #DIV/0! | ... BO97: =AI97/$E$97 -> #DIV/0! | BP97: =SUM(AL97:BO97) -> #DIV/0!
B98: COP | C98: 2.12 | D98: Bburacos e panelas | F98: =$E98*AL98 -> 0 | G98: =$E98*AM98 -> 0 | H98: =$E98*AN98 -> 0 | I98: =$E98*AO98 -> 0 | J98: =$E98*AP98 -> 0 | K98: =$E98*AQ98 -> 0 | L98: =$E98*AR98 -> 0 | M98: =$E98*AS98 -> 0 | ... AI98: =$E98*BO98 -> 0 | AJ98: =SUM(F98:AI98) -> 0 | AL98: 0.0056315367 | AM98: 0.022526147 | AN98: 0.022526147 | AO98: 0.022526147 | AP98: 0.022526147 | AQ98: 0.026665159 | AR98: 0.034479986 | AS98: 0.034479986 | AT98: 0.034479986 | AU98: 0.034479986 | AV98: 0.034479986 | AW98: 0.034479986 | AX98: 0.034479986 | AY98: 0.034479986 | AZ98: 0.034479986 | BA98: 0.035409936 | BB98: 0.035409936 | BC98: 0.035409936 | BD98: 0.035409936 | BE98: 0.035409936 | BF98: 0.038790429 | BG98: 0.038790429 | BH98: 0.038790429 | BI98: 0.038790429 | BJ98: 0.038790429 | BK98: 0.039255404 | BL98: 0.039255404 | BM98: 0.039255404 | BN98: 0.039255404 | BO98: 0.039255404 | BP98: =SUM(AL98:BO98) -> 1
C99: 3 | D99: ADMINISTRAÇÃO E OPERAÇÃO DO SISTEMA RODOVIÁRIO | E99: =SUM(E100:E116) -> 1.321295e+09 | F99: =SUM(F100:F116) -> 26470061 | G99: =SUM(G100:G116) -> 45926156 | H99: =SUM(H100:H116) -> 45025756 | I99: =SUM(I100:I116) -> 45376156 | J99: =SUM(J100:J116) -> 45025756 | K99: =SUM(K100:K116) -> 45054529 | L99: =SUM(L100:L116) -> 44426322 | ... AI99: =SUM(AI100:AI116) -> 44612899 | AJ99: =SUM(F99:AI99) -> 1.321295e+09 | AL99: =F99/$E99 -> 0.020033422 | AM99: =G99/$E99 -> 0.034758442 | AN99: =H99/$E99 -> 0.034076989 | AO99: =I99/$E99 -> 0.034342184 | AP99: =J99/$E99 -> 0.034076989 | AQ99: =K99/$E99 -> 0.034098766 | AR99: =L99/$E99 -> 0.033623317 | AS99: =M99/$E99 -> 0.033784069 | ... BO99: =AI99/$E99 -> 0.033764526 | BP99: =SUM(AL99:BO99) -> 1
B100: COP | C100: 9.1 | D100: ADMINISTRAÇÃO E ENGENHARIA | E100: ='Quadro 8. - Custos Operacionais'!B8 -> 3.8812339e+08 | F100: ='Quadro 8. - Custos Operacionais'!C8 -> 12409070 | G100: ='Quadro 8. - Custos Operacionais'!D8 -> 13017414 | H100: ='Quadro 8. - Custos Operacionais'!E8 -> 13017414 | I100: ='Quadro 8. - Custos Operacionais'!F8 -> 13017414 | J100: ='Quadro 8. - Custos Operacionais'!G8 -> 13017414 | K100: ='Quadro 8. - Custos Operacionais'!H8 -> 12945787 | L100: ='Quadro 8. - Custos Operacionais'!I8 -> 12945787 | ... AI100: ='Quadro 8. - Custos Operacionais'!AF8 -> 12945787 | AJ100: =SUM(F100:AI100) -> 3.8812339e+08 | AL100: =F100/$E$100 -> 0.031971971 | AM100: =G100/$E$100 -> 0.033539369 | AN100: =H100/$E$100 -> 0.033539369 | AO100: =I100/$E$100 -> 0.033539369 | AP100: =J100/$E$100 -> 0.033539369 | AQ100: =K100/$E$100 -> 0.033354822 | AR100: =L100/$E$100 -> 0.033354822 | AS100: =M100/$E$100 -> 0.033354822 | ... BO100: =AI100/$E$100 -> 0.033354822 | BP100: =SUM(AL100:BO100) -> 1
B101: COP | C101: 9.2 | D101: CONTROLE DAS OPERAÇÕES | E101: ='Quadro 8. - Custos Operacionais'!B9 -> 44433740 | F101: ='Quadro 8. - Custos Operacionais'!C9 -> 1481124.7 | G101: ='Quadro 8. - Custos Operacionais'!D9 -> 1481124.7 | H101: ='Quadro 8. - Custos Operacionais'!E9 -> 1481124.7 | I101: ='Quadro 8. - Custos Operacionais'!F9 -> 1481124.7 | J101: ='Quadro 8. - Custos Operacionais'!G9 -> 1481124.7 | K101: ='Quadro 8. - Custos Operacionais'!H9 -> 1481124.7 | L101: ='Quadro 8. - Custos Operacionais'!I9 -> 1481124.7 | ... AI101: ='Quadro 8. - Custos Operacionais'!AF9 -> 1481124.7 | AJ101: =SUM(F101:AI101) -> 44433740 | AL101: =F101/$E$101 -> 0.033333333 | AM101: =G101/$E$101 -> 0.033333333 | AN101: =H101/$E$101 -> 0.033333333 | AO101: =I101/$E$101 -> 0.033333333 | AP101: =J101/$E$101 -> 0.033333333 | AQ101: =K101/$E$101 -> 0.033333333 | AR101: =L101/$E$101 -> 0.033333333 | AS101: =M101/$E$101 -> 0.033333333 | ... BO101: =AI101/$E$101 -> 0.033333333 | BP101: =SUM(AL101:BO101) -> 1
B102: COP | C102: 9.3 | D102: INSPEÇÃO DE TRÁFEGO | E102: ='Quadro 8. - Custos Operacionais'!B10 -> 27285318 | F102: ='Quadro 8. - Custos Operacionais'!C10 -> 909510.6 | G102: ='Quadro 8. - Custos Operacionais'!D10 -> 909510.6 | H102: ='Quadro 8. - Custos Operacionais'!E10 -> 909510.6 | I102: ='Quadro 8. - Custos Operacionais'!F10 -> 909510.6 | J102: ='Quadro 8. - Custos Operacionais'!G10 -> 909510.6 | K102: ='Quadro 8. - Custos Operacionais'!H10 -> 909510.6 | L102: ='Quadro 8. - Custos Operacionais'!I10 -> 909510.6 | ... AI102: ='Quadro 8. - Custos Operacionais'!AF10 -> 909510.6 | AJ102: =SUM(F102:AI102) -> 27285318 | AL102: =F102/$E$102 -> 0.033333333 | AM102: =G102/$E$102 -> 0.033333333 | AN102: =H102/$E$102 -> 0.033333333 | AO102: =I102/$E$102 -> 0.033333333 | AP102: =J102/$E$102 -> 0.033333333 | AQ102: =K102/$E$102 -> 0.033333333 | AR102: =L102/$E$102 -> 0.033333333 | AS102: =M102/$E$102 -> 0.033333333 | ... BO102: =AI102/$E$102 -> 0.033333333 | BP102: =SUM(AL102:BO102) -> 1
B103: COP | C103: 9.4 | D103: PESAGEM DE CAMINHÕES | E103: ='Quadro 8. - Custos Operacionais'!B11 -> 19062879 | F103: ='Quadro 8. - Custos Operacionais'!C11 -> 0 | G103: ='Quadro 8. - Custos Operacionais'!D11 -> 657340.65 | H103: ='Quadro 8. - Custos Operacionais'!E11 -> 657340.65 | I103: ='Quadro 8. - Custos Operacionais'!F11 -> 657340.65 | J103: ='Quadro 8. - Custos Operacionais'!G11 -> 657340.65 | K103: ='Quadro 8. - Custos Operacionais'!H11 -> 657340.65 | L103: ='Quadro 8. - Custos Operacionais'!I11 -> 657340.65 | ... AI103: ='Quadro 8. - Custos Operacionais'!AF11 -> 657340.65 | AJ103: =SUM(F103:AI103) -> 19062879 | AL103: =F103/$E$103 -> 0 | AM103: =G103/$E$103 -> 0.034482759 | AN103: =H103/$E$103 -> 0.034482759 | AO103: =I103/$E$103 -> 0.034482759 | AP103: =J103/$E$103 -> 0.034482759 | AQ103: =K103/$E$103 -> 0.034482759 | AR103: =L103/$E$103 -> 0.034482759 | AS103: =M103/$E$103 -> 0.034482759 | ... BO103: =AI103/$E$103 -> 0.034482759 | BP103: =SUM(AL103:BO103) -> 1
B104: COP | C104: 9.5 | D104: ATENDIMENTO AOS USUÁRIOS (BSOs) | E104: ='Quadro 8. - Custos Operacionais'!B12 -> 33178463 | F104: ='Quadro 8. - Custos Operacionais'!C12 -> 1105948.8 | G104: ='Quadro 8. - Custos Operacionais'!D12 -> 1105948.8 | H104: ='Quadro 8. - Custos Operacionais'!E12 -> 1105948.8 | I104: ='Quadro 8. - Custos Operacionais'!F12 -> 1105948.8 | J104: ='Quadro 8. - Custos Operacionais'!G12 -> 1105948.8 | K104: ='Quadro 8. - Custos Operacionais'!H12 -> 1105948.8 | L104: ='Quadro 8. - Custos Operacionais'!I12 -> 1105948.8 | ... AI104: ='Quadro 8. - Custos Operacionais'!AF12 -> 1105948.8 | AJ104: =SUM(F104:AI104) -> 33178463 | AL104: =F104/$E$104 -> 0.033333333 | AM104: =G104/$E$104 -> 0.033333333 | AN104: =H104/$E$104 -> 0.033333333 | AO104: =I104/$E$104 -> 0.033333333 | AP104: =J104/$E$104 -> 0.033333333 | AQ104: =K104/$E$104 -> 0.033333333 | AR104: =L104/$E$104 -> 0.033333333 | AS104: =M104/$E$104 -> 0.033333333 | ... BO104: =AI104/$E$104 -> 0.033333333 | BP104: =SUM(AL104:BO104) -> 1
B105: COP | C105: 9.6 | D105: ATENDIMENTO PRÉ-HOSPITALAR | E105: ='Quadro 8. - Custos Operacionais'!B13 -> 46091250 | F105: ='Quadro 8. - Custos Operacionais'!C13 -> 1536375 | G105: ='Quadro 8. - Custos Operacionais'!D13 -> 1536375 | H105: ='Quadro 8. - Custos Operacionais'!E13 -> 1536375 | I105: ='Quadro 8. - Custos Operacionais'!F13 -> 1536375 | J105: ='Quadro 8. - Custos Operacionais'!G13 -> 1536375 | K105: ='Quadro 8. - Custos Operacionais'!H13 -> 1536375 | L105: ='Quadro 8. - Custos Operacionais'!I13 -> 1536375 | ... AI105: ='Quadro 8. - Custos Operacionais'!AF13 -> 1536375 | AJ105: =SUM(F105:AI105) -> 46091250 | AL105: =F105/$E$105 -> 0.033333333 | AM105: =G105/$E$105 -> 0.033333333 | AN105: =H105/$E$105 -> 0.033333333 | AO105: =I105/$E$105 -> 0.033333333 | AP105: =J105/$E$105 -> 0.033333333 | AQ105: =K105/$E$105 -> 0.033333333 | AR105: =L105/$E$105 -> 0.033333333 | AS105: =M105/$E$105 -> 0.033333333 | ... BO105: =AI105/$E$105 -> 0.033333333 | BP105: =SUM(AL105:BO105) -> 1
B106: COP | C106: 9.7 | D106: SERVIÇOS DE GUINCHO | E106: ='Quadro 8. - Custos Operacionais'!B14 -> 61652700 | F106: ='Quadro 8. - Custos Operacionais'!C14 -> 2055090 | G106: ='Quadro 8. - Custos Operacionais'!D14 -> 2055090 | H106: ='Quadro 8. - Custos Operacionais'!E14 -> 2055090 | I106: ='Quadro 8. - Custos Operacionais'!F14 -> 2055090 | J106: ='Quadro 8. - Custos Operacionais'!G14 -> 2055090 | K106: ='Quadro 8. - Custos Operacionais'!H14 -> 2055090 | L106: ='Quadro 8. - Custos Operacionais'!I14 -> 2055090 | ... AI106: ='Quadro 8. - Custos Operacionais'!AF14 -> 2055090 | AJ106: =SUM(F106:AI106) -> 61652700 | AL106: =F106/$E$106 -> 0.033333333 | AM106: =G106/$E$106 -> 0.033333333 | AN106: =H106/$E$106 -> 0.033333333 | AO106: =I106/$E$106 -> 0.033333333 | AP106: =J106/$E$106 -> 0.033333333 | AQ106: =K106/$E$106 -> 0.033333333 | AR106: =L106/$E$106 -> 0.033333333 | AS106: =M106/$E$106 -> 0.033333333 | ... BO106: =AI106/$E$106 -> 0.033333333 | BP106: =SUM(AL106:BO106) -> 1
B107: COP | C107: 9.8 | D107: ATENDIMENTO A INCIDENTES | E107: ='Quadro 8. - Custos Operacionais'!B15 -> 38911950 | F107: ='Quadro 8. - Custos Operacionais'!C15 -> 1297065 | G107: ='Quadro 8. - Custos Operacionais'!D15 -> 1297065 | H107: ='Quadro 8. - Custos Operacionais'!E15 -> 1297065 | I107: ='Quadro 8. - Custos Operacionais'!F15 -> 1297065 | J107: ='Quadro 8. - Custos Operacionais'!G15 -> 1297065 | K107: ='Quadro 8. - Custos Operacionais'!H15 -> 1297065 | L107: ='Quadro 8. - Custos Operacionais'!I15 -> 1297065 | ... AI107: ='Quadro 8. - Custos Operacionais'!AF15 -> 1297065 | AJ107: =SUM(F107:AI107) -> 38911950 | AL107: =F107/$E$107 -> 0.033333333 | AM107: =G107/$E$107 -> 0.033333333 | AN107: =H107/$E$107 -> 0.033333333 | AO107: =I107/$E$107 -> 0.033333333 | AP107: =J107/$E$107 -> 0.033333333 | AQ107: =K107/$E$107 -> 0.033333333 | AR107: =L107/$E$107 -> 0.033333333 | AS107: =M107/$E$107 -> 0.033333333 | ... BO107: =AI107/$E$107 -> 0.033333333 | BP107: =SUM(AL107:BO107) -> 1
B108: COP | C108: 9.9 | D108: VIGILÂNCIA E GUARDA PATRIMONIAL | E108: ='Quadro 8. - Custos Operacionais'!B16 -> 70676647 | F108: ='Quadro 8. - Custos Operacionais'!C16 -> 2355888.2 | G108: ='Quadro 8. - Custos Operacionais'!D16 -> 2355888.2 | H108: ='Quadro 8. - Custos Operacionais'!E16 -> 2355888.2 | I108: ='Quadro 8. - Custos Operacionais'!F16 -> 2355888.2 | J108: ='Quadro 8. - Custos Operacionais'!G16 -> 2355888.2 | K108: ='Quadro 8. - Custos Operacionais'!H16 -> 2355888.2 | L108: ='Quadro 8. - Custos Operacionais'!I16 -> 2355888.2 | ... AI108: ='Quadro 8. - Custos Operacionais'!AF16 -> 2355888.2 | AJ108: =SUM(F108:AI108) -> 70676647 | AL108: =F108/$E$108 -> 0.033333333 | AM108: =G108/$E$108 -> 0.033333333 | AN108: =H108/$E$108 -> 0.033333333 | AO108: =I108/$E$108 -> 0.033333333 | AP108: =J108/$E$108 -> 0.033333333 | AQ108: =K108/$E$108 -> 0.033333333 | AR108: =L108/$E$108 -> 0.033333333 | AS108: =M108/$E$108 -> 0.033333333 | ... BO108: =AI108/$E$108 -> 0.033333333 | BP108: =SUM(AL108:BO108) -> 1
...

Sheet Quadro 6 - Investimentos
A4: Quadro 6 - Investimentos | D4: Valores em R$
A6: INVESTIMENTOS | B6: TOTAL | C6: Ano 1 | D6: Ano 2 | E6: Ano 3 | F6: Ano 4 | G6: Ano 5 | H6: Ano 6 | I6: Ano 7 | J6: Ano 8 | K6: Ano 9 | L6: Ano 10 | M6: Ano 11 | N6: Ano 12 | O6: Ano 13 | P6: Ano 14 | Q6: Ano 15 | R6: Ano 16 | S6: Ano 17 | T6: Ano 18 | U6: Ano 19 | V6: Ano 20 | W6: Ano 21 | X6: Ano 22 | Y6: Ano 23 | Z6: Ano 24 | AA6: Ano 25 | AB6: Ano 26 | AC6: Ano 27 | AD6: Ano 28 | AE6: Ano 29 | AF6: Ano 30
A8: Trabalhos Iniciais | B8: =SUM(C8:AF8) -> 0 | AH8: =SUM(C8:AF8)-B8 -> 0
A9: Restauração da Rodovia | B9: =SUM(C9:AF9) -> 0 | AH9: =SUM(C9:AF9)-B9 -> 0
A10: Manutenção da Rodovia | B10: =SUM(C10:AF10) -> 0 | AH10: =SUM(C10:AF10)-B10 -> 0
A11: Obras de Ampliação e Melhorias ( edificações e instalações operacionais ) | B11: =SUM(C11:AF11) -> #N/A | C11: ='Quadro 5 Cronograma PER'!F57 -> #N/A | D11: ='Quadro 5 Cronograma PER'!G57 -> #N/A | E11: ='Quadro 5 Cronograma PER'!H57 -> #N/A | F11: ='Quadro 5 Cronograma PER'!I57 -> #N/A | G11: ='Quadro 5 Cronograma PER'!J57 -> #N/A | H11: ='Quadro 5 Cronograma PER'!K57 -> #N/A | I11: ='Quadro 5 Cronograma PER'!L57 -> #N/A | J11: ='Quadro 5 Cronograma PER'!M57 -> #N/A | ... AF11: ='Quadro 5 Cronograma PER'!AI57 -> #N/A | AH11: =SUM(C11:AF11)-B11 -> #N/A
A12: Gestão Ambiental | B12: =SUM(C12:AF12) -> 0 | AH12: =SUM(C12:AF12)-B12 -> 0
A13: Sistemas de Operação | B13: =SUM(C13:AF13) -> 53151518 | C13: ='Quadro 5 Cronograma PER'!F70 -> 47650537 | D13: ='Quadro 5 Cronograma PER'!G70 -> 266912.43 | E13: ='Quadro 5 Cronograma PER'!H70 -> 0 | F13: ='Quadro 5 Cronograma PER'!I70 -> 0 | G13: ='Quadro 5 Cronograma PER'!J70 -> 0 | H13: ='Quadro 5 Cronograma PER'!K70 -> 0 | I13: ='Quadro 5 Cronograma PER'!L70 -> 0 | J13: ='Quadro 5 Cronograma PER'!M70 -> 0 | ... AF13: ='Quadro 5 Cronograma PER'!AI70 -> 0 | AH13: =SUM(C13:AF13)-B13 -> 0
A14: Projetos | B14: =SUM(C14:AF14) -> 0 | AH14: =SUM(C14:AF14)-B14 -> 0
A15: Desapropriações e Desocupações | B15: =SUM(C15:AF15) -> 0 | AH15: =SUM(C15:AF15)-B15 -> 0
A16: Total | B16: =SUM(C16:AF16) -> #N/A | C16: =C13+C11 -> #N/A | D16: =D13+D11 -> #N/A | E16: =E13+E11 -> #N/A | F16: =F13+F11 -> #N/A | G16: =G13+G11 -> #N/A | H16: =H13+H11 -> #N/A | I16: =I13+I11 -> #N/A | J16: =J13+J11 -> #N/A | ... AF16: =AF13+AF11 -> #N/A
B17: =+B16-B13 -> #N/A
A18: Trabalhos Iniciais / Recuperação / Melhorias / Gestão Ambiental / Projetos / Desapropriações e Desocupações | B18: =SUM(C18:AF18) -> #N/A | C18: =C8+C9+C12+C11+C15+C14 -> #N/A | D18: =D8+D9+D12+D11+D15+D14 -> #N/A | E18: =E8+E9+E12+E11+E15+E14 -> #N/A | F18: =F8+F9+F12+F11+F15+F14 -> #N/A | G18: =G8+G9+G12+G11+G15+G14 -> #N/A | H18: =H8+H9+H12+H11+H15+H14 -> #N/A | I18: =I8+I9+I12+I11+I15+I14 -> #N/A | J18: =J8+J9+J12+J11+J15+J14 -> #N/A | ... AF18: =AF8+AF9+AF12+AF11+AF15+AF14 -> #N/A
A19: Manutenção da Rodovia | B19: =SUM(C19:AF19) -> 0 | C19: =C10 -> 0 | D19: =D10 -> 0 | E19: =E10 -> 0 | F19: =F10 -> 0 | G19: =G10 -> 0 | H19: =H10 -> 0 | I19: =I10 -> 0 | J19: =J10 -> 0 | ... AF19: =AF10 -> 0
A20: Equipamentos / Sistemas / Veículos | B20: =SUM(C20:AF20) -> 53151518 | C20: =C13 -> 47650537 | D20: =D13 -> 266912.43 | E20: =E13 -> 0 | F20: =F13 -> 0 | G20: =G13 -> 0 | H20: =H13 -> 0 | I20: =I13 -> 0 | J20: =J13 -> 0 | ... AF20: =AF13 -> 0
A21: Total | B21: =ROUND(SUM(C21:AF21),2) -> #N/A | C21: =C20+C18 -> #N/A | D21: =D20+D18 -> #N/A | E21: =E20+E18 -> #N/A | F21: =F20+F18 -> #N/A | G21: =G20+G18 -> #N/A | H21: =H20+H18 -> #N/A | I21: =I20+I18 -> #N/A | J21: =J20+J18 -> #N/A | ... AF21: =AF20+AF18 -> #N/A

Sheet Quadro 8. - Custos Operacionais
A4: Quadro 8 - Custos Operacionais
A6: CUSTOS E DESPESAS | B6: TOTAL | C6: Ano 1 | D6: Ano 2 | E6: Ano 3 | F6: Ano 4 | G6: Ano 5 | H6: Ano 6 | I6: Ano 7 | J6: Ano 8 | K6: Ano 9 | L6: Ano 10 | M6: Ano 11 | N6: Ano 12 | O6: Ano 13 | P6: Ano 14 | Q6: Ano 15 | R6: Ano 16 | S6: Ano 17 | T6: Ano 18 | U6: Ano 19 | V6: Ano 20 | W6: Ano 21 | X6: Ano 22 | Y6: Ano 23 | Z6: Ano 24 | AA6: Ano 25 | AB6: Ano 26 | AC6: Ano 27 | AD6: Ano 28 | AE6: Ano 29 | AF6: Ano 30
A8: Administração e Engenharia | B8: =SUM(C8:AF8) -> 3.8812339e+08 | C8: ='Crono FF'!G30*1000 -> 12409070 | D8: ='Crono FF'!H30*1000 -> 13017414 | E8: ='Crono FF'!I30*1000 -> 13017414 | F8: ='Crono FF'!J30*1000 -> 13017414 | G8: ='Crono FF'!K30*1000 -> 13017414 | H8: ='Crono FF'!L30*1000 -> 12945787 | I8: ='Crono FF'!M30*1000 -> 12945787 | J8: ='Crono FF'!N30*1000 -> 12945787 | ... AF8: ='Crono FF'!AJ30*1000 -> 12945787
A9: Controle das Operações | B9: =SUM(C9:AF9) -> 44433740 | C9: ='Crono FF'!G31*1000 -> 1481124.7 | D9: ='Crono FF'!H31*1000 -> 1481124.7 | E9: ='Crono FF'!I31*1000 -> 1481124.7 | F9: ='Crono FF'!J31*1000 -> 1481124.7 | G9: ='Crono FF'!K31*1000 -> 1481124.7 | H9: ='Crono FF'!L31*1000 -> 1481124.7 | I9: ='Crono FF'!M31*1000 -> 1481124.7 | J9: ='Crono FF'!N31*1000 -> 1481124.7 | ... AF9: ='Crono FF'!AJ31*1000 -> 1481124.7
A10: Inspeção de Tráfego | B10: =SUM(C10:AF10) -> 27285318 | C10: ='Crono FF'!G32*1000 -> 909510.6 | D10: ='Crono FF'!H32*1000 -> 909510.6 | E10: ='Crono FF'!I32*1000 -> 909510.6 | F10: ='Crono FF'!J32*1000 -> 909510.6 | G10: ='Crono FF'!K32*1000 -> 909510.6 | H10: ='Crono FF'!L32*1000 -> 909510.6 | I10: ='Crono FF'!M32*1000 -> 909510.6 | J10: ='Crono FF'!N32*1000 -> 909510.6 | ... AF10: ='Crono FF'!AJ32*1000 -> 909510.6
A11: Pesagem de Caminhões | B11: =SUM(C11:AF11) -> 19062879 | C11: ='Crono FF'!G33*1000 -> 0 | D11: ='Crono FF'!H33*1000 -> 657340.65 | E11: ='Crono FF'!I33*1000 -> 657340.65 | F11: ='Crono FF'!J33*1000 -> 657340.65 | G11: ='Crono FF'!K33*1000 -> 657340.65 | H11: ='Crono FF'!L33*1000 -> 657340.65 | I11: ='Crono FF'!M33*1000 -> 657340.65 | J11: ='Crono FF'!N33*1000 -> 657340.65 | ... AF11: ='Crono FF'!AJ33*1000 -> 657340.65
A12: Atendimento aos Usuários (BSOs) | B12: =SUM(C12:AF12) -> 33178463 | C12: ='Crono FF'!G34*1000 -> 1105948.8 | D12: ='Crono FF'!H34*1000 -> 1105948.8 | E12: ='Crono FF'!I34*1000 -> 1105948.8 | F12: ='Crono FF'!J34*1000 -> 1105948.8 | G12: ='Crono FF'!K34*1000 -> 1105948.8 | H12: ='Crono FF'!L34*1000 -> 1105948.8 | I12: ='Crono FF'!M34*1000 -> 1105948.8 | J12: ='Crono FF'!N34*1000 -> 1105948.8 | ... AF12: ='Crono FF'!AJ34*1000 -> 1105948.8
A13: Atendimento Pré-hospitalar | B13: =SUM(C13:AF13) -> 46091250 | C13: ='Crono FF'!G35*1000 -> 1536375 | D13: ='Crono FF'!H35*1000 -> 1536375 | E13: ='Crono FF'!I35*1000 -> 1536375 | F13: ='Crono FF'!J35*1000 -> 1536375 | G13: ='Crono FF'!K35*1000 -> 1536375 | H13: ='Crono FF'!L35*1000 -> 1536375 | I13: ='Crono FF'!M35*1000 -> 1536375 | J13: ='Crono FF'!N35*1000 -> 1536375 | ... AF13: ='Crono FF'!AJ35*1000 -> 1536375
A14: Serviços de Guincho | B14: =SUM(C14:AF14) -> 61652700 | C14: ='Crono FF'!G36*1000 -> 2055090 | D14: ='Crono FF'!H36*1000 -> 2055090 | E14: ='Crono FF'!I36*1000 -> 2055090 | F14: ='Crono FF'!J36*1000 -> 2055090 | G14: ='Crono FF'!K36*1000 -> 2055090 | H14: ='Crono FF'!L36*1000 -> 2055090 | I14: ='Crono FF'!M36*1000 -> 2055090 | J14: ='Crono FF'!N36*1000 -> 2055090 | ... AF14: ='Crono FF'!AJ36*1000 -> 2055090
A15: Artendimento a Incidentes | B15: =SUM(C15:AF15) -> 38911950 | C15: ='Crono FF'!G37*1000 -> 1297065 | D15: ='Crono FF'!H37*1000 -> 1297065 | E15: ='Crono FF'!I37*1000 -> 1297065 | F15: ='Crono FF'!J37*1000 -> 1297065 | G15: ='Crono FF'!K37*1000 -> 1297065 | H15: ='Crono FF'!L37*1000 -> 1297065 | I15: ='Crono FF'!M37*1000 -> 1297065 | J15: ='Crono FF'!N37*1000 -> 1297065 | ... AF15: ='Crono FF'!AJ37*1000 -> 1297065
A16: Vigilância e Guarda Patrimonial | B16: =SUM(C16:AF16) -> 70676647 | C16: ='Crono FF'!G38*1000 -> 2355888.2 | D16: ='Crono FF'!H38*1000 -> 2355888.2 | E16: ='Crono FF'!I38*1000 -> 2355888.2 | F16: ='Crono FF'!J38*1000 -> 2355888.2 | G16: ='Crono FF'!K38*1000 -> 2355888.2 | H16: ='Crono FF'!L38*1000 -> 2355888.2 | I16: ='Crono FF'!M38*1000 -> 2355888.2 | J16: ='Crono FF'!N38*1000 -> 2355888.2 | ... AF16: ='Crono FF'!AJ38*1000 -> 2355888.2
A17: Segurança do Trânsito | B17: =SUM(C17:AF17) -> 4700257.6 | C17: ='Crono FF'!G39*1000 -> 299961.82 | D17: ='Crono FF'!H39*1000 -> 299961.82 | E17: ='Crono FF'!I39*1000 -> 299961.82 | F17: ='Crono FF'!J39*1000 -> 299961.82 | G17: ='Crono FF'!K39*1000 -> 299961.82 | H17: ='Crono FF'!L39*1000 -> 299961.82 | I17: ='Crono FF'!M39*1000 -> 120853.61 | J17: ='Crono FF'!N39*1000 -> 120853.61 | ... AF17: ='Crono FF'!AJ39*1000 -> 120853.61
A18: Arrecadação de Pedágios | B18: =SUM(C18:AF18) -> 522000000 | C18: 0 | D18: 18000000 | E18: 18000000 | F18: 18000000 | G18: 18000000 | H18: 18000000 | I18: 18000000 | J18: 18000000 | K18: 18000000 | L18: 18000000 | M18: 18000000 | N18: 18000000 | O18: 18000000 | P18: 18000000 | Q18: 18000000 | R18: 18000000 | S18: 18000000 | T18: 18000000 | U18: 18000000 | V18: 18000000 | W18: 18000000 | X18: 18000000 | Y18: 18000000 | Z18: 18000000 | AA18: 18000000 | AB18: 18000000 | AC18: 18000000 | AD18: 18000000 | AE18: 18000000 | AF18: 18000000
A19: Monitoração | B19: =SUM(C19:AF19) -> 13889373 | C19: ='Crono FF'!G42*1000 -> 0 | D19: ='Crono FF'!H42*1000 -> 461675.62 | E19: ='Crono FF'!I42*1000 -> 461675.62 | F19: ='Crono FF'!J42*1000 -> 461675.62 | G19: ='Crono FF'!K42*1000 -> 561831.62 | H19: ='Crono FF'!L42*1000 -> 461675.62 | I19: ='Crono FF'!M42*1000 -> 461675.62 | J19: ='Crono FF'!N42*1000 -> 461675.62 | ... AF19: ='Crono FF'!AJ42*1000 -> 461675.62
A20: Despesas Gerais | B20: =SUM(C20:AF20) -> 40139510 | C20: ='Crono FF'!G43*1000 -> 2034866.3 | D20: ='Crono FF'!H43*1000 -> 2170034.3 | E20: ='Crono FF'!I43*1000 -> 1407634.3 | F20: ='Crono FF'!J43*1000 -> 1620034.3 | G20: ='Crono FF'!K43*1000 -> 1407634.3 | H20: ='Crono FF'!L43*1000 -> 1370034.3 | I20: ='Crono FF'!M43*1000 -> 1149186.3 | J20: ='Crono FF'!N43*1000 -> 1361586.3 | ... AF20: ='Crono FF'!AJ43*1000 -> 1361586.3
A21: Custos Sócios Ambientais | B21: =SUM(C21:AF21) -> 15472294 | C21: ='Crono FF'!G44*1000 -> 671110.18 | D21: ='Crono FF'!H44*1000 -> 721014.19 | E21: ='Crono FF'!I44*1000 -> 583014.19 | F21: ='Crono FF'!J44*1000 -> 721014.19 | G21: ='Crono FF'!K44*1000 -> 583014.19 | H21: ='Crono FF'!L44*1000 -> 721014.19 | I21: ='Crono FF'!M44*1000 -> 492763.03 | J21: ='Crono FF'!N44*1000 -> 492763.03 | ... AF21: ='Crono FF'!AJ44*1000 -> 476663.03
A22: Conservação da Rodovia | B22: =SUM(C22:AF22) -> 3.3591826e+08 | C22: ='Crono FF'!G45*1000 -> 6219078.2 | D22: ='Crono FF'!H45*1000 -> 7887591.5 | E22: ='Crono FF'!I45*1000 -> 14703823 | F22: ='Crono FF'!J45*1000 -> 7889077.7 | G22: ='Crono FF'!K45*1000 -> 7890875.8 | H22: ='Crono FF'!L45*1000 -> 11536587 | I22: ='Crono FF'!M45*1000 -> 15682292 | J22: ='Crono FF'!N45*1000 -> 8413416.9 | ... AF22: ='Crono FF'!AJ45*1000 -> 0
A23: Conservação de Equipamentos e Sistemas | B23: =SUM(C23:AF23) -> 9566611.6 | C23: ='Crono FF'!G74*1000 -> 314050.83 | D23: ='Crono FF'!H74*1000 -> 319389.07 | E23: ='Crono FF'!I74*1000 -> 319389.07 | F23: ='Crono FF'!J74*1000 -> 319389.07 | G23: ='Crono FF'!K74*1000 -> 319389.07 | H23: ='Crono FF'!L74*1000 -> 319389.07 | I23: ='Crono FF'!M74*1000 -> 319389.07 | J23: ='Crono FF'!N74*1000 -> 319389.07 | ... AF23: ='Crono FF'!AJ74*1000 -> 309666.67
A24: Outros | B24: =SUM(C24:AF24) -> 0 | C24: ='Crono FF'!G47*1000 -> 0 | D24: ='Crono FF'!H47*1000 -> 0 | E24: ='Crono FF'!I47*1000 -> 0 | F24: ='Crono FF'!J47*1000 -> 0 | G24: ='Crono FF'!K47*1000 -> 0 | H24: ='Crono FF'!L47*1000 -> 0 | I24: ='Crono FF'!M47*1000 -> 0 | J24: ='Crono FF'!N47*1000 -> 0 | ... AF24: ='Crono FF'!AJ47*1000 -> 0
A26: ADMINISTRAÇÃO / OPERAÇÃO / CONSERVAÇÃO / MONITORAÇÂO | B26: =SUM(C26:AF26) -> 1.6711026e+09 | C26: =SUM(C8:C25) -> 32689139 | D26: =SUM(D8:D25) -> 54275423 | E26: =SUM(E8:E25) -> 60191254 | F26: =SUM(F8:F25) -> 53726909 | G26: =SUM(G8:G25) -> 53478463 | H26: =SUM(H8:H25) -> 57052792 | I26: =SUM(I8:I25) -> 60570289 | J26: =SUM(J8:J25) -> 53513814 | ... AF26: =SUM(AF8:AF25) -> 45074575
A27: Garantias e Seguros | B27: =SUM(C27:AF27) -> 0 | C27: =C37 -> 0 | D27: =D37 -> 0 | E27: =E37 -> 0 | F27: =F37 -> 0 | G27: =G37 -> 0 | H27: =H37 -> 0 | I27: =I37 -> 0 | J27: =J37 -> 0 | ... Z27: =Z37 -> 0 | AF27: =AF37 -> 0
A28: Segurança no Trânsito | B28: =SUM(C28:AF28) -> 0
A29: Verba de Fiscalização | B29: =SUM(C29:AF29) -> 0
A30: Recursos de Desenvolvimento Tecnológico | B30: =SUM(C30:AF30) -> 0
A31: Garantias e Seguros / Segurança no Trânsito / Verba de Fiscalização / RDT | B31: =SUM(C31:AF31) -> 0 | C31: =SUM(C27:C30) -> 0 | D31: =SUM(D27:D30) -> 0 | E31: =SUM(E27:E30) -> 0 | F31: =SUM(F27:F30) -> 0 | G31: =SUM(G27:G30) -> 0 | H31: =SUM(H27:H30) -> 0 | I31: =SUM(I27:I30) -> 0 | J31: =SUM(J27:J30) -> 0 | ... Z31: =SUM(Z27:Z30) -> 0 | AF31: =SUM(AF27:AF30) -> 0
A32: TOTAL | B32: =SUM(C32:AF32) -> 1.6711026e+09 | C32: =C26+C31 -> 32689139 | D32: =D26+D31 -> 54275423 | E32: =E26+E31 -> 60191254 | F32: =F26+F31 -> 53726909 | G32: =G26+G31 -> 53478463 | H32: =H26+H31 -> 57052792 | I32: =I26+I31 -> 60570289 | J32: =J26+J31 -> 53513814 | ... AF32: =AF26+AF31 -> 45074575
A35: Garantias de execução | B35: =SUM(C35:AF35) -> 0 | C35: 0 | D35: 0 | E35: 0 | F35: 0 | G35: 0 | H35: 0 | I35: 0 | J35: 0 | K35: 0 | L35: 0 | M35: 0 | N35: 0 | O35: 0 | P35: 0 | Q35: 0 | R35: 0 | S35: 0 | T35: 0 | U35: 0 | V35: 0 | W35: 0 | X35: 0 | Y35: 0 | Z35: 0 | AA35: 0 | AB35: 0 | AC35: 0 | AD35: 0 | AE35: 0 | AF35: 0
A36: Seguros | B36: =SUM(C36:AF36) -> 0 | C36: 0 | D36: 0 | E36: 0 | F36: 0 | G36: 0 | H36: 0 | I36: 0 | J36: 0 | K36: 0 | L36: 0 | M36: 0 | N36: 0 | O36: 0 | P36: 0 | Q36: 0 | R36: 0 | S36: 0 | T36: 0 | U36: 0 | V36: 0 | W36: 0 | X36: 0 | Y36: 0 | Z36: 0 | AA36: 0 | AB36: 0 | AC36: 0 | AD36: 0 | AE36: 0 | AF36: 0
A37: Total (Garantias + Seguros) | B37: =SUM(C37:AF37) -> 0 | C37: =SUM(C35:C36) -> 0 | D37: =SUM(D35:D36) -> 0 | E37: =SUM(E35:E36) -> 0 | F37: =SUM(F35:F36) -> 0 | G37: =SUM(G35:G36) -> 0 | H37: =SUM(H35:H36) -> 0 | I37: =SUM(I35:I36) -> 0 | J37: =SUM(J35:J36) -> 0 | ... AF37: =SUM(AF35:AF36) -> 0
B38: ='Quadro 5 Cronograma PER'!E99+'Quadro 5 Cronograma PER'!E86 -> 1.3351844e+09
B39: =B38-B32 -> -3.3591826e+08

Sheet Monitoração
E4: MONITORAÇÃO
E6: SISTEMAS
E7: Sistema de Monitoração das Estruturas Físicas
E10: ETAPAS
E11: Coleta de dados e informações
E12: Transformação e processamento dos dados | L12: ANO 1 = | M12: 0 | N12: (3 MESES)
E13: Análise e avaliação prospectiva dos resultados obtidos
E14: Programação das ações preventivas ou corretivas
E16: SISTEMA DE MONITORAÇÃO DE ESTRUTURAS FÍSICAS | G16: ANO DA CONCESSÃO | M16: 1 | N16: 2 | O16: 3 | P16: 4 | Q16: 5 | R16: 6 | S16: 7 | T16: 8 | U16: 9 | V16: 10 | W16: 11 | X16: 12 | Y16: 13 | Z16: 14 | AA16: 15 | AB16: 16 | AC16: 17 | AD16: 18 | AE16: 19 | AF16: 20 | AG16: 21 | AH16: 22 | AI16: 23 | AJ16: 24 | AK16: 25 | AL16: 26 | AM16: 27 | AN16: 28 | AO16: 29 | AP16: 30
G17: Extensão da rodovia (km) | M17: 500.78 | N17: 500.78 | O17: 500.78 | P17: 500.78 | Q17: 500.78 | R17: 500.78 | S17: 500.78 | T17: 500.78 | U17: 500.78 | V17: 500.78 | W17: 500.78 | X17: 500.78 | Y17: 500.78 | Z17: 500.78 | AA17: 500.78 | AB17: 500.78 | AC17: 500.78 | AD17: 500.78 | AE17: 500.78 | AF17: 500.78 | AG17: 500.78 | AH17: 500.78 | AI17: 500.78 | AJ17: 500.78 | AK17: 500.78 | AL17: 500.78 | AM17: 500.78 | AN17: 500.78 | AO17: 500.78 | AP17: 500.78
G18: Ano a ser executado FWD = 1 | Q18: 1 | W18: 1 | AC18: 1 | AI18: 1 | AO18: 1
G19: Extensão das OAE - km | J19: 10 | M19: =J19 -> 10 | N19: =J19 -> 10 | O19: =M19 -> 10 | P19: =N19 -> 10 | Q19: =O19 -> 10 | R19: =P19 -> 10 | S19: =Q19 -> 10 | T19: =R19 -> 10 | U19: =S19 -> 10 | V19: =T19 -> 10 | ... AP19: =AN19 -> 10
E21: PAVIMENTO | G21: Ensaios | H21: PERÍODO | J21: R$ por km
E22: Condições Estruturais | G22: LVC | H22: Todo ano | J22: 100 | K22: faixa | L22: =SUM(M22:AP22) -> 2904524 | M22: =$J22*M$17*2*$M$12 -> 0 | N22: =$J22*N$17*2 -> 100156 | O22: =$J22*O$17*2 -> 100156 | P22: =$J22*P$17*2 -> 100156 | Q22: =$J22*Q$17*2 -> 100156 | R22: =$J22*R$17*2 -> 100156 | S22: =$J22*S$17*2 -> 100156 | T22: =$J22*T$17*2 -> 100156 | U22: =$J22*U$17*2 -> 100156 | ... AP22: =$J22*AP$17*2 -> 100156
E23: Condições Funcionais | G23: QI ou IRI | H23: Todo ano | J23: 100 | K23: faixa | L23: =SUM(M23:AP23) -> 2904524 | M23: =$J23*M$17*2*$M$12 -> 0 | N23: =$J23*N$17*2 -> 100156 | O23: =$J23*O$17*2 -> 100156 | P23: =$J23*P$17*2 -> 100156 | Q23: =$J23*Q$17*2 -> 100156 | R23: =$J23*R$17*2 -> 100156 | S23: =$J23*S$17*2 -> 100156 | T23: =$J23*T$17*2 -> 100156 | U23: =$J23*U$17*2 -> 100156 | ... AP23: =$J23*AP$17*2 -> 100156
E24: Deflexão Característica | G24: FWD (cada 200 m) | H24: A cada 6 anos | J24: 100 | K24: faixa | L24: =SUM(M24:AP24) -> 500780 | M24: =M18*$J24*M$17*2*$M$12 -> 0 | N24: =N18*$J24*N$17*2 -> 0 | O24: =O18*$J24*O$17*2 -> 0 | P24: =P18*$J24*P$17*2 -> 0 | Q24: =Q18*$J24*Q$17*2 -> 100156 | R24: =R18*$J24*R$17*2 -> 0 | S24: =S18*$J24*S$17*2 -> 0 | T24: =T18*$J24*T$17*2 -> 0 | U24: =U18*$J24*U$17*2 -> 0 | ... AP24: =AP18*$J24*AP$17*2 -> 0
E25: Resistência a derrapagem | G25: Aderência | H25: Todo ano | J25: 17.45 | K25: faixa | L25: =SUM(M25:AP25) -> 506839.44 | M25: =$J25*M$17*2*$M$12 -> 0 | N25: =$J25*N$17*2 -> 17477.222 | O25: =$J25*O$17*2 -> 17477.222 | P25: =$J25*P$17*2 -> 17477.222 | Q25: =$J25*Q$17*2 -> 17477.222 | R25: =$J25*R$17*2 -> 17477.222 | S25: =$J25*S$17*2 -> 17477.222 | T25: =$J25*T$17*2 -> 17477.222 | U25: =$J25*U$17*2 -> 17477.222 | ... AP25: =$J25*AP$17*2 -> 17477.222
E26: Pavimento Flexível | G26: ICPF (visual) | H26: Todo ano | J26: 15132.12 | K26: gl | L26: =SUM(M26:AP26) -> 438831.48 | M26: =$J26*M12 -> 0 | N26: =$J26 -> 15132.12 | O26: =$J26 -> 15132.12 | P26: =$J26 -> 15132.12 | Q26: =$J26 -> 15132.12 | R26: =$J26 -> 15132.12 | S26: =$J26 -> 15132.12 | T26: =$J26 -> 15132.12 | U26: =$J26 -> 15132.12 | ... AP26: =$J26 -> 15132.12
E27: Subtotal Monitoração do pavimento | L27: =SUM(M27:AP27) -> 7255498.9 | M27: =SUBTOTAL(9,M22:M26) -> 0 | N27: =SUBTOTAL(9,N22:N26) -> 232921.34 | O27: =SUBTOTAL(9,O22:O26) -> 232921.34 | P27: =SUBTOTAL(9,P22:P26) -> 232921.34 | Q27: =SUBTOTAL(9,Q22:Q26) -> 333077.34 | R27: =SUBTOTAL(9,R22:R26) -> 232921.34 | S27: =SUBTOTAL(9,S22:S26) -> 232921.34 | T27: =SUBTOTAL(9,T22:T26) -> 232921.34 | ... AP27: =SUBTOTAL(9,AP22:AP26) -> 232921.34
E29: ELEMENTOS DE PROTEÇÃO E SEGURANÇA
E30: Dispositivos de Segurança | G30: Inspeção visual | H30: Todo ano | J30: 72 | K30: pista | L30: =SUM(M30:AP30) -> 1045628.6 | M30: =$J30*M$17*M12 -> 0 | N30: =$J30*N$17 -> 36056.16 | O30: =$J30*O$17 -> 36056.16 | P30: =$J30*P$17 -> 36056.16 | Q30: =$J30*Q$17 -> 36056.16 | R30: =$J30*R$17 -> 36056.16 | S30: =$J30*S$17 -> 36056.16 | T30: =$J30*T$17 -> 36056.16 | U30: =$J30*U$17 -> 36056.16 | ... AP30: =$J30*AP$17 -> 36056.16
E31: Sinalização Horizontal | G31: Retroreflectância | H31: Todo ano | J31: 72 | K31: pista | L31: =SUM(M31:AP31) -> 1045628.6 | M31: =$J31*M$17*M12 -> 0 | N31: =$J31*N$17 -> 36056.16 | O31: =$J31*O$17 -> 36056.16 | P31: =$J31*P$17 -> 36056.16 | Q31: =$J31*Q$17 -> 36056.16 | R31: =$J31*R$17 -> 36056.16 | S31: =$J31*S$17 -> 36056.16 | T31: =$J31*T$17 -> 36056.16 | U31: =$J31*U$17 -> 36056.16 | ... AP31: =$J31*AP$17 -> 36056.16
E32: Sinalização Vertical e Aérea | G32: Retroreflectância | H32: Todo ano | J32: 72 | K32: pista | L32: =SUM(M32:AP32) -> 1045628.6 | M32: =$J32*M$17*M12 -> 0 | N32: =$J32*N$17 -> 36056.16 | O32: =$J32*O$17 -> 36056.16 | P32: =$J32*P$17 -> 36056.16 | Q32: =$J32*Q$17 -> 36056.16 | R32: =$J32*R$17 -> 36056.16 | S32: =$J32*S$17 -> 36056.16 | T32: =$J32*T$17 -> 36056.16 | U32: =$J32*U$17 -> 36056.16 | ... AP32: =$J32*AP$17 -> 36056.16
E33: Subtotal da Monitoração Elementos de Proteção e Segurança | L33: =SUBTOTAL(9,L30:L32) -> 3136885.9 | M33: =SUBTOTAL(9,M30:M32) -> 0 | N33: =SUBTOTAL(9,N30:N32) -> 108168.48 | O33: =SUBTOTAL(9,O30:O32) -> 108168.48 | P33: =SUBTOTAL(9,P30:P32) -> 108168.48 | Q33: =SUBTOTAL(9,Q30:Q32) -> 108168.48 | R33: =SUBTOTAL(9,R30:R32) -> 108168.48 | S33: =SUBTOTAL(9,S30:S32) -> 108168.48 | ... AP33: =SUBTOTAL(9,AP30:AP32) -> 108168.48
E35: ÍNDICE CRÍTICO | G35: Inspeção Visual | H35: Todo ano | J35: 26.56 | K35: pista | L35: =SUM(M35:AP35) -> 385720.79 | M35: =$J35*M$17*M12 -> 0 | N35: =$J35*N$17 -> 13300.717 | O35: =$J35*O$17 -> 13300.717 | P35: =$J35*P$17 -> 13300.717 | Q35: =$J35*Q$17 -> 13300.717 | R35: =$J35*R$17 -> 13300.717 | S35: =$J35*S$17 -> 13300.717 | T35: =$J35*T$17 -> 13300.717 | U35: =$J35*U$17 -> 13300.717 | ... AP35: =$J35*AP$17 -> 13300.717
E37: ÍNDICE DE GRAVIDADE GLOBAL | G37: Inspeção Visual | H37: Todo ano | J37: 97.56 | K37: pista | L37: =SUM(M37:AP37) -> 1416826.8 | M37: =$J37*M$17*M12 -> 0 | N37: =$J37*N$17 -> 48856.097 | O37: =$J37*O$17 -> 48856.097 | P37: =$J37*P$17 -> 48856.097 | Q37: =$J37*Q$17 -> 48856.097 | R37: =$J37*R$17 -> 48856.097 | S37: =$J37*S$17 -> 48856.097 | T37: =$J37*T$17 -> 48856.097 | U37: =$J37*U$17 -> 48856.097 | ... AP37: =$J37*AP$17 -> 48856.097
E39: NÍVEL DE SERVIÇO | G39: Inspeção Visual | H39: Todo ano | J39: 41.23 | K39: pista | L39: =SUM(M39:AP39) -> 598767.62 | M39: =$J39*M$17*M12 -> 0 | N39: =$J39*N$17 -> 20647.159 | O39: =$J39*O$17 -> 20647.159 | P39: =$J39*P$17 -> 20647.159 | Q39: =$J39*Q$17 -> 20647.159 | R39: =$J39*R$17 -> 20647.159 | S39: =$J39*S$17 -> 20647.159 | T39: =$J39*T$17 -> 20647.159 | U39: =$J39*U$17 -> 20647.159 | ... AP39: =$J39*AP$17 -> 20647.159
E41: ORAS DE ARTE ESPECIAIS | G41: Inspeção Visual | H41: Todo ano | J41: 921.32 | K41: km OAE | L41: =SUM(M41:AP41) -> 267182.8 | M41: =$J41*M$19*M12 -> 0 | N41: =$J41*N$19 -> 9213.2 | O41: =$J41*O$19 -> 9213.2 | P41: =$J41*P$19 -> 9213.2 | Q41: =$J41*Q$19 -> 9213.2 | R41: =$J41*R$19 -> 9213.2 | S41: =$J41*S$19 -> 9213.2 | T41: =$J41*T$19 -> 9213.2 | U41: =$J41*U$19 -> 9213.2 | ... AP41: =$J41*AP$19 -> 9213.2
E43: SISTEMA DE DRENAGEM E OBRAS DE ARTE CORRENTES | G43: Inspeção Visual | H43: Todo ano | J43: 24.85 | K43: pista | L43: =SUM(M43:AP43) -> 360887.11 | M43: =$J43*M$17*M12 -> 0 | N43: =$J43*N$17 -> 12444.383 | O43: =$J43*O$17 -> 12444.383 | P43: =$J43*P$17 -> 12444.383 | Q43: =$J43*Q$17 -> 12444.383 | R43: =$J43*R$17 -> 12444.383 | S43: =$J43*S$17 -> 12444.383 | T43: =$J43*T$17 -> 12444.383 | U43: =$J43*U$17 -> 12444.383 | ... AP43: =$J43*AP$17 -> 12444.383
E45: TERRAPLENOS E ESTRUTURAS DE CONTENÇÃO | G45: Inspeção Visual | H45: Todo ano | J45: =22.66*0 -> 0 | K45: pista | L45: =SUM(M45:AP45) -> 0 | M45: =$J45*M$17*M12 -> 0 | N45: =$J45*N$17 -> 0 | O45: =$J45*O$17 -> 0 | P45: =$J45*P$17 -> 0 | Q45: =$J45*Q$17 -> 0 | R45: =$J45*R$17 -> 0 | S45: =$J45*S$17 -> 0 | T45: =$J45*T$17 -> 0 | U45: =$J45*U$17 -> 0 | ... AP45: =$J45*AP$17 -> 0
E47: CANTEIRO CENTRAL E FAIXA DE DOMÍNIO | G47: Inspeção Visual | H47: Todo ano | J47: =26.73*0 -> 0 | K47: pista | L47: =SUM(M47:AP47) -> 0 | M47: =$J47*M$17*M12 -> 0 | N47: =$J47*N$17 -> 0 | O47: =$J47*O$17 -> 0 | P47: =$J47*P$17 -> 0 | Q47: =$J47*Q$17 -> 0 | R47: =$J47*R$17 -> 0 | S47: =$J47*S$17 -> 0 | T47: =$J47*T$17 -> 0 | U47: =$J47*U$17 -> 0 | ... AP47: =$J47*AP$17 -> 0
E49: EDIFICAÇÕES E INSTALAÇÕES OPERACIONAIS | G49: Inspeção Visual | H49: Todo ano | J49: =16124.24 -> 16124.24 | K49: gl | L49: =SUM(M49:AP49) -> 467602.96 | M49: =$J49*M12 -> 0 | N49: =$J49 -> 16124.24 | O49: =$J49 -> 16124.24 | P49: =$J49 -> 16124.24 | Q49: =$J49 -> 16124.24 | R49: =$J49 -> 16124.24 | S49: =$J49 -> 16124.24 | T49: =$J49 -> 16124.24 | U49: =$J49 -> 16124.24 | ... AP49: =$J49 -> 16124.24
E51: SISTEMAS ELÉTRICOS E DE ILUMINAÇÃO | G51: Inspeção Visual | H51: Todo ano | J51: =18.63*0 -> 0 | K51: pista | L51: =SUM(M51:AP51) -> 0 | M51: =$J51*M17*M12 -> 0 | N51: =$J51*N17 -> 0 | O51: =$J51*O17 -> 0 | P51: =$J51*P17 -> 0 | Q51: =$J51*Q17 -> 0 | R51: =$J51*R17 -> 0 | S51: =$J51*S17 -> 0 | T51: =$J51*T17 -> 0 | U51: =$J51*U17 -> 0 | ... AP51: =$J51*AP17 -> 0
E53: Subtotal da Monitoração Estruturas Físicas | L53: =SUM(L33:L51) -> 6633874 | M53: =SUM(M33:M51) -> 0 | N53: =SUM(N33:N51) -> 228754.28 | O53: =SUM(O33:O51) -> 228754.28 | P53: =SUM(P33:P51) -> 228754.28 | Q53: =SUM(Q33:Q51) -> 228754.28 | R53: =SUM(R33:R51) -> 228754.28 | S53: =SUM(S33:S51) -> 228754.28 | ... AP53: =SUM(AP33:AP51) -> 228754.28
E55: TOTAL MONITORAÇÃO | L55: =L53+L27 -> 13889373 | M55: =M27+M53 -> 0 | N55: =N27+N53 -> 461675.62 | O55: =O27+O53 -> 461675.62 | P55: =P27+P53 -> 461675.62 | Q55: =Q27+Q53 -> 561831.62 | R55: =R27+R53 -> 461675.62 | S55: =S27+S53 -> 461675.62 | T55: =T27+T53 -> 461675.62 | ... AP55: =AP27+AP53 -> 461675.62

Sheet Conserva - Resumo
D4: CONSERVA DE ROTINA | E4: TOTAL | F4: 1 | G4: 2 | H4: 3 | I4: 4 | J4: 5 | K4: 6 | L4: 7 | M4: 8 | N4: 9 | O4: 10 | P4: 11 | Q4: 12 | R4: 13 | S4: 14 | T4: 15 | U4: 16 | V4: 17 | W4: 18 | X4: 19 | Y4: 20 | Z4: 21 | AA4: 22 | AB4: 23 | AC4: 24 | AD4: 25 | AE4: 26 | AF4: 27 | AG4: 28 | AH4: 29 | AI4: 30
D5: Pavimento | E5: =SUM(F5:AJ5) -> 2.7460234e+08 | F5: =Conservação!O9*Conservação!O8 -> 4417983.2 | G5: =Conservação!X9 -> 6051136.8 | H5: =Conservação!AF9 -> 11345881 | I5: =Conservação!AN9 -> 6051136.8 | J5: =Conservação!AV9 -> 6051136.8 | K5: =Conservação!BD9 -> 8925927.2 | L5: =Conservação!BL9 -> 12239058 | M5: =Conservação!BT9 -> 6527497.5 | N5: =Conservação!CB9 -> 9383277.6 | O5: =Conservação!CJ9 -> 12239058 | P5: =Conservação!CR9 -> 6527497.5 | Q5: =Conservação!CZ9 -> 9383277.6 | R5: =Conservação!DH9 -> 12239058 | S5: =Conservação!DP9 -> 6527497.5 | T5: =Conservação!DX9 -> 9383277.6 | U5: =Conservação!EF9 -> 12438999 | V5: =Conservação!EN9 -> 6634132.8 | W5: =Conservação!EV9 -> 9536565.9 | X5: =Conservação!FD9 -> 12438999 | Y5: =Conservação!FL9 -> 6634132.8 | Z5: =Conservação!FT9 -> 9926691.5 | AA5: =Conservação!GB9 -> 12947858 | AB5: =Conservação!GJ9 -> 6905524.5 | AC5: =Conservação!GR9 -> 9926691.5 | AD5: =Conservação!GZ9 -> 12947858 | AE5: =Conservação!HH9 -> 6958842.2 | AF5: =Conservação!HP9 -> 10003336 | AG5: =Conservação!HX9 -> 13047829 | AH5: =Conservação!IF9 -> 6958842.2 | AI5: =Conservação!IN9 -> 10003336
D6: Elementos de Proteção e Segurança | E6: =SUM(F6:AJ6) -> 36145935 | F6: =Conservação!O27*Conservação!O8 -> 828820.29 | G6: =Conservação!X27 -> 828820.29 | H6: =Conservação!AF27 -> 1554038 | I6: =Conservação!AN27 -> 828820.29 | J6: =Conservação!AV27 -> 828820.29 | K6: =Conservação!BD27 -> 1206029.5 | L6: =Conservação!BL27 -> 1611380.5 | M6: =Conservação!BT27 -> 859402.91 | N6: =Conservação!CB27 -> 1235391.7 | O6: =Conservação!CJ27 -> 1611380.5 | P6: =Conservação!CR27 -> 859402.91 | Q6: =Conservação!CZ27 -> 1235391.7 | R6: =Conservação!DH27 -> 1611380.5 | S6: =Conservação!DP27 -> 859402.91 | T6: =Conservação!DX27 -> 1235391.7 | U6: =Conservação!EF27 -> 1624216.8 | V6: =Conservação!EN27 -> 866248.96 | W6: =Conservação!EV27 -> 1245232.9 | X6: =Conservação!FD27 -> 1624216.8 | Y6: =Conservação!FL27 -> 866248.96 | Z6: =Conservação!FT27 -> 1270279.2 | AA6: =Conservação!GB27 -> 1656885.9 | AB6: =Conservação!GJ27 -> 883672.46 | AC6: =Conservação!GR27 -> 1270279.2 | AD6: =Conservação!GZ27 -> 1656885.9 | AE6: =Conservação!HH27 -> 887095.48 | AF6: =Conservação!HP27 -> 1275199.8 | AG6: =Conservação!HX27 -> 1663304 | AH6: =Conservação!IF27 -> 887095.48 | AI6: =Conservação!IN27 -> 1275199.8
D7: OAE's | E7: =SUM(F7:AJ7) -> 19047157 | F7: =Conservação!O41*Conservação!O8 -> 455537.38 | G7: =Conservação!X41 -> 455537.38 | H7: =Conservação!AF41 -> 854132.59 | I7: =Conservação!AN41 -> 455537.38 | J7: =Conservação!AV41 -> 455537.38 | K7: =Conservação!BD41 -> 654834.99 | L7: =Conservação!BL41 -> 854132.59 | M7: =Conservação!BT41 -> 455537.38 | N7: =Conservação!CB41 -> 654834.99 | O7: =Conservação!CJ41 -> 854132.59 | P7: =Conservação!CR41 -> 455537.38 | Q7: =Conservação!CZ41 -> 654834.99 | R7: =Conservação!DH41 -> 854132.59 | S7: =Conservação!DP41 -> 455537.38 | T7: =Conservação!DX41 -> 654834.99 | U7: =Conservação!EF41 -> 854132.59 | V7: =Conservação!EN41 -> 455537.38 | W7: =Conservação!EV41 -> 654834.99 | X7: =Conservação!FD41 -> 854132.59 | Y7: =Conservação!FL41 -> 455537.38 | Z7: =Conservação!FT41 -> 654834.99 | AA7: =Conservação!GB41 -> 854132.59 | AB7: =Conservação!GJ41 -> 455537.38 | AC7: =Conservação!GR41 -> 654834.99 | AD7: =Conservação!GZ41 -> 854132.59 | AE7: =Conservação!HH41 -> 455537.38 | AF7: =Conservação!HP41 -> 654834.99 | AG7: =Conservação!HX41 -> 854132.59 | AH7: =Conservação!IF41 -> 455537.38 | AI7: =Conservação!IN41 -> 654834.99
D8: Drenagem e OAC | E8: =SUM(F8:AJ8) -> 1641973.8 | F8: =Conservação!O51*Conservação!O8 -> 39269.926 | G8: =Conservação!X51 -> 39269.926 | H8: =Conservação!AF51 -> 73631.11 | I8: =Conservação!AN51 -> 39269.926 | J8: =Conservação!AV51 -> 39269.926 | K8: =Conservação!BD51 -> 56450.518 | L8: =Conservação!BL51 -> 73631.11 | M8: =Conservação!BT51 -> 39269.926 | N8: =Conservação!CB51 -> 56450.518 | O8: =Conservação!CJ51 -> 73631.11 | P8: =Conservação!CR51 -> 39269.926 | Q8: =Conservação!CZ51 -> 56450.518 | R8: =Conservação!DH51 -> 73631.11 | S8: =Conservação!DP51 -> 39269.926 | T8: =Conservação!DX51 -> 56450.518 | U8: =Conservação!EF51 -> 73631.11 | V8: =Conservação!EN51 -> 39269.926 | W8: =Conservação!EV51 -> 56450.518 | X8: =Conservação!FD51 -> 73631.11 | Y8: =Conservação!FL51 -> 39269.926 | Z8: =Conservação!FT51 -> 56450.518 | AA8: =Conservação!GB51 -> 73631.11 | AB8: =Conservação!GJ51 -> 39269.926 | AC8: =Conservação!GR51 -> 56450.518 | AD8: =Conservação!GZ51 -> 73631.11 | AE8: =Conservação!HH51 -> 39269.926 | AF8: =Conservação!HP51 -> 56450.518 | AG8: =Conservação!HX51 -> 73631.11 | AH8: =Conservação!IF51 -> 39269.926 | AI8: =Conservação!IN51 -> 56450.518
D9: Terrapleno e Estruturas de Contenção | E9: =SUM(F9:AJ9) -> 3207060.5 | F9: =Conservação!O56*Conservação!O8 -> 71358.67 | G9: =Conservação!X56 -> 71358.67 | H9: =Conservação!AF56 -> 152727.68 | I9: =Conservação!AN56 -> 71358.67 | J9: =Conservação!AV56 -> 71358.67 | K9: =Conservação!BD56 -> 97530.041 | L9: =Conservação!BL56 -> 152727.68 | M9: =Conservação!BT56 -> 71358.67 | N9: =Conservação!CB56 -> 109834.66 | O9: =Conservação!CJ56 -> 152727.68 | P9: =Conservação!CR56 -> 71358.67 | Q9: =Conservação!CZ56 -> 109834.66 | R9: =Conservação!DH56 -> 152727.68 | S9: =Conservação!DP56 -> 71358.67 | T9: =Conservação!DX56 -> 109834.66 | U9: =Conservação!EF56 -> 152727.68 | V9: =Conservação!EN56 -> 71358.67 | W9: =Conservação!EV56 -> 109834.66 | X9: =Conservação!FD56 -> 152727.68 | Y9: =Conservação!FL56 -> 71358.67 | Z9: =Conservação!FT56 -> 109834.66 | AA9: =Conservação!GB56 -> 152727.68 | AB9: =Conservação!GJ56 -> 71358.67 | AC9: =Conservação!GR56 -> 109834.66 | AD9: =Conservação!GZ56 -> 152727.68 | AE9: =Conservação!HH56 -> 71358.67 | AF9: =Conservação!HP56 -> 109834.66 | AG9: =Conservação!HX56 -> 152727.68 | AH9: =Conservação!IF56 -> 71358.67 | AI9: =Conservação!IN56 -> 109834.66
D10: Faixa de Domínio | E10: =SUM(F10:AJ10) -> 8224890.8 | F10: =Conservação!O61*Conservação!O8 -> 184829.52 | G10: =Conservação!X61 -> 184829.52 | H10: =Conservação!AF61 -> 346555.36 | I10: =Conservação!AN61 -> 184829.52 | J10: =Conservação!AV61 -> 184829.52 | K10: =Conservação!BD61 -> 270556.72 | L10: =Conservação!BL61 -> 365659.65 | M10: =Conservação!BT61 -> 195018.48 | N10: =Conservação!CB61 -> 280339.06 | O10: =Conservação!CJ61 -> 365659.65 | P10: =Conservação!CR61 -> 195018.48 | Q10: =Conservação!CZ61 -> 280339.06 | R10: =Conservação!DH61 -> 365659.65 | S10: =Conservação!DP61 -> 195018.48 | T10: =Conservação!DX61 -> 280339.06 | U10: =Conservação!EF61 -> 369936.22 | V10: =Conservação!EN61 -> 197299.32 | W10: =Conservação!EV61 -> 283617.77 | X10: =Conservação!FD61 -> 369936.22 | Y10: =Conservação!FL61 -> 197299.32 | Z10: =Conservação!FT61 -> 291962.23 | AA10: =Conservação!GB61 -> 380820.3 | AB10: =Conservação!GJ61 -> 203104.16 | AC10: =Conservação!GR61 -> 291962.23 | AD10: =Conservação!GZ61 -> 380820.3 | AE10: =Conservação!HH61 -> 204244.58 | AF10: =Conservação!HP61 -> 293601.58 | AG10: =Conservação!HX61 -> 382958.59 | AH10: =Conservação!IF61 -> 204244.58 | AI10: =Conservação!IN61 -> 293601.58
D11: Edificações e Instalações Operacionais | E11: =SUM(F11:AJ11) -> 6600481.7 | F11: =Conservação!O67*Conservação!O8 -> 137747.52 | G11: =Conservação!X67 -> 137747.52 | H11: =Conservação!AF67 -> 258276.6 | I11: =Conservação!AN67 -> 137747.52 | J11: =Conservação!AV67 -> 137747.52 | K11: =Conservação!BD67 -> 198012.06 | L11: =Conservação!BL67 -> 258276.6 | M11: =Conservação!BT67 -> 137747.52 | N11: =Conservação!CB67 -> 198012.06 | O11: =Conservação!CJ67 -> 258276.6 | P11: =Conservação!CR67 -> 225115.16 | Q11: =Conservação!CZ67 -> 323603.04 | R11: =Conservação!DH67 -> 422090.92 | S11: =Conservação!DP67 -> 225115.16 | T11: =Conservação!DX67 -> 323603.04 | U11: =Conservação!EF67 -> 422090.92 | V11: =Conservação!EN67 -> 225115.16 | W11: =Conservação!EV67 -> 198012.06 | X11: =Conservação!FD67 -> 258276.6 | Y11: =Conservação!FL67 -> 137747.52 | Z11: =Conservação!FT67 -> 198012.06 | AA11: =Conservação!GB67 -> 258276.6 | AB11: =Conservação!GJ67 -> 137747.52 | AC11: =Conservação!GR67 -> 198012.06 | AD11: =Conservação!GZ67 -> 258276.6 | AE11: =Conservação!HH67 -> 137747.52 | AF11: =Conservação!HP67 -> 198012.06 | AG11: =Conservação!HX67 -> 258276.6 | AH11: =Conservação!IF67 -> 137747.52 | AI11: =Conservação!IN67 -> 198012.06
D12: Iluminação e Instalações Elétricas | E12: =SUM(F12:AJ12) -> 1276200.5 | F12: =Conservação!O69*Conservação!O8 -> 71744.373 | G12: =Conservação!X69 -> 71744.373 | H12: =Conservação!AF69 -> 71744.373 | I12: =Conservação!AN69 -> 71744.373 | J12: =Conservação!AV69 -> 71744.373 | K12: =Conservação!BD69 -> 71744.373 | L12: =Conservação!BL69 -> 71744.373 | M12: =Conservação!BT69 -> 71744.373 | N12: =Conservação!CB69 -> 71744.373 | O12: =Conservação!CJ69 -> 71744.373 | P12: =Conservação!CR69 -> 27937.84 | Q12: =Conservação!CZ69 -> 27937.84 | R12: =Conservação!DH69 -> 27937.84 | S12: =Conservação!DP69 -> 27937.84 | T12: =Conservação!DX69 -> 27937.84 | U12: =Conservação!EF69 -> 27937.84 | V12: =Conservação!EN69 -> 27937.84 | W12: =Conservação!EV69 -> 27937.84 | X12: =Conservação!FD69 -> 27937.84 | Y12: =Conservação!FL69 -> 27937.84 | Z12: =Conservação!FT69 -> 27937.84 | AA12: =Conservação!GB69 -> 27937.84 | AB12: =Conservação!GJ69 -> 27937.84 | AC12: =Conservação!GR69 -> 27937.84 | AD12: =Conservação!GZ69 -> 27937.84 | AE12: =Conservação!HH69 -> 27937.84 | AF12: =Conservação!HP69 -> 27937.84 | AG12: =Conservação!HX69 -> 27937.84 | AH12: =Conservação!IF69 -> 27937.84 | AI12: =Conservação!IN69 -> 27937.84
D13: Consultoria | E13: =SUM(F13:AJ13) -> 1579423.5 | F13: 11787.283 | G13: 47147.053 | H13: 46835.436 | I13: 48633.194 | J13: 50431.372 | K13: 55501.492 | L13: 55681.769 | M13: 55840.123 | N13: 55998.477 | O13: 56156.831 | P13: 54357.442 | Q13: 54151.804 | R13: 54448.17 | S13: 54497.734 | T13: 54596.443 | U13: 54646.007 | V13: 54695.571 | W13: 54839.381 | X13: 54878.024 | Y13: 54896.926 | Z13: 54916.247 | AA13: 54935.569 | AB13: 54935.569 | AC13: 54935.569 | AD13: 54935.569 | AE13: 54948.886 | AF13: 54948.886 | AG13: 54948.886 | AH13: 54948.886 | AI13: 54948.886
D14: TOTAL | E14: =SUM(F14:AJ14) -> 3.5232546e+08 | F14: =SUM(F5:F13) -> 6219078.2 | G14: =SUM(G5:G13) -> 7887591.5 | H14: =SUM(H5:H13) -> 14703823 | I14: =SUM(I5:I13) -> 7889077.7 | J14: =SUM(J5:J13) -> 7890875.8 | K14: =SUM(K5:K13) -> 11536587 | L14: =SUM(L5:L13) -> 15682292 | M14: =SUM(M5:M13) -> 8413416.9 | ... AI14: =SUM(AI5:AI13) -> 12674156
F15: =F14*0.5% -> 31095.391 | G15: =G14*0.5% -> 39437.958 | H15: =H14*0.5% -> 73519.113 | I15: =I14*0.5% -> 39445.388 | J15: =J14*0.5% -> 39454.379 | K15: =K14*0.5% -> 57682.934 | L15: =L14*0.5% -> 78411.46 | M15: =M14*0.5% -> 42067.084 | ... AI15: =AI14*0.5% -> 63370.779
D19: km equivalente | E19: km | F19: 500 | G19: 500 | H19: 500 | I19: 500 | J19: 500 | K19: 513.17434 | L19: 539.66869 | M19: 539.66869 | N19: 539.66869 | O19: 539.66869 | P19: 539.66869 | Q19: 539.66869 | R19: 539.66869 | S19: 539.66869 | T19: 539.66869 | U19: 548.54869 | V19: 548.54869 | W19: 548.54869 | X19: 548.54869 | Y19: 548.54869 | Z19: 571.14869 | AA19: 571.14869 | AB19: 571.14869 | AC19: 571.14869 | AD19: 571.14869 | AE19: 575.58869 | AF19: 575.58869 | AG19: 575.58869 | AH19: 575.58869 | AI19: 575.58869
D20: área de pista | E20: m2 | F20: 2694050 | G20: 2787874 | H20: 3584844 | I20: 4232579 | J20: 4970110 | K20: 4970110 | L20: 4970110 | M20: 4970110 | N20: 5023278 | O20: 5103793 | P20: 5103793 | Q20: 5103793 | R20: 5103793 | S20: 5103793 | T20: 5103793 | U20: 5127316 | V20: 5151248 | W20: 5151248 | X20: 5151248 | Y20: 5151248 | Z20: 5151248 | AA20: 5151248 | AB20: 5151248 | AC20: 5151248 | AD20: 5151248 | AE20: 5151248 | AF20: 5151248 | AG20: 5151248 | AH20: 5151248 | AI20: 5151248
D22: custo conserva / km eq / ano | E22: =AVERAGE(G22:AI22) -> 21811.676 | G22: =G14/G19 -> 15775.183 | H22: =H14/H19 -> 29407.645 | I22: =I14/I19 -> 15778.155 | J22: =J14/J19 -> 15781.752 | K22: =K14/K19 -> 22480.833 | L22: =L14/L19 -> 29059.111 | M22: =M14/M19 -> 15589.967 | N22: =N14/N19 -> 22320.886 | ... AI22: =AI14/AI19 -> 22019.467
D23: custo conserva / km eq / mês | E23: =AVERAGE(G23:AI23) -> 1817.6397 | G23: =G22/12 -> 1314.5986 | H23: =H22/12 -> 2450.6371 | I23: =I22/12 -> 1314.8463 | J23: =J22/12 -> 1315.146 | K23: =K22/12 -> 1873.4028 | L23: =L22/12 -> 2421.5925 | M23: =M22/12 -> 1299.1639 | N23: =N22/12 -> 1860.0739 | ... AI23: =AI22/12 -> 1834.9556
D25: custo conserva / m2 / ano | E25: =AVERAGE(G25:AI25) -> 2.4337822 | G25: =G14/G20 -> 2.8292496 | H25: =H14/H20 -> 4.1016632 | I25: =I14/I20 -> 1.8638938 | J25: =J14/J20 -> 1.5876662 | K25: =K14/K20 -> 2.3211935 | L25: =L14/L20 -> 3.1553209 | M25: =M14/M20 -> 1.6928029 | N25: =N14/N20 -> 2.3980125 | ... AI25: =AI14/AI20 -> 2.4604049
D26: custo conserva / m2 / mês | E26: =AVERAGE(G26:AI26) -> 0.20281518 | G26: =G25/12 -> 0.2357708 | H26: =H25/12 -> 0.34180527 | I26: =I25/12 -> 0.15532448 | J26: =J25/12 -> 0.13230552 | K26: =K25/12 -> 0.19343279 | L26: =L25/12 -> 0.26294341 | M26: =M25/12 -> 0.14106691 | N26: =N25/12 -> 0.19983438 | ... AI26: =AI25/12 -> 0.20503374

Sheet Conservação
D4: PREÇO UNITÁRIO (R$) | E4: CÓD. DERMG | F4: ITEM | G4: SERVIÇOS A EXECUTAR POR FASE DA CONCESSÃO | H4: PREÇO TOTAL (R$) | I4: 2025 | R4: 2026 | Z4: 2027 | AH4: 2028 | AP4: 2029 | AX4: 2030 | BF4: 2031 | BN4: 2032 | BV4: 2033 | CD4: 2034 | CL4: 2035 | CT4: 2036 | DB4: 2037 | DJ4: 2038 | DR4: 2039 | DZ4: 2040 | EH4: 2041 | EP4: 2042 | EX4: 2043 | FF4: 2044 | FN4: 2045 | FV4: 2046 | GD4: 2047 | GL4: 2048 | GT4: 2049 | HB4: 2050 | HJ4: 2051 | HR4: 2052 | HZ4: 2053 | IH4: 2054
I5: 1º ano | R5: 2º ano | Z5: 3º ano | AH5: 4º ano | AP5: 5º ano | AX5: 6 º ano | BF5: 7º ano | BN5: 8º ano | BV5: 9º ano | CD5: 10º ano | CL5: 11º ano | CT5: 12º ano | DB5: 13º ano | DJ5: 14º ano | DR5: 15º ano | DZ5: 16º ano | EH5: 17º ano | EP5: 18º ano | EX5: 19º ano | FF5: 20º ano | FN5: 21º ano | FV5: 22º ano | GD5: 23º ano | GL5: 24º ano | GT5: 25º ano | HB5: 26º ano | HJ5: 27º ano | HR5: 28º ano | HZ5: 29º ano | IH5: 30º ano
I6: Referência | K6: Padrão | M6: Executar (anual) | O6: R$ | P6: % | R6: Referência | T6: Padrão | V6: Executar (anual) | X6: R$ | Y6: % | Z6: Referência | AB6: Padrão | AD6: Executar (anual) | AF6: R$ | AG6: % | AH6: Referência | AJ6: Padrão | AL6: Executar (anual) | AN6: R$ | AO6: % | AP6: Referência | AR6: Padrão | AT6: Executar (anual) | AV6: R$ | AW6: % | AX6: Referência | AZ6: Padrão | BB6: Executar (anual) | BD6: R$ | BE6: % | BF6: Referência | BH6: Padrão | BJ6: Executar (anual) | BL6: R$ | BM6: % | BN6: Referência | BP6: Padrão | BR6: Executar (anual) | BT6: R$ | BU6: % | BV6: Referência | BX6: Padrão | BZ6: Executar (anual) | CB6: R$ | CC6: % | CD6: Referência | CF6: Padrão | CH6: Executar (anual) | CJ6: R$ | CK6: % | CL6: Referência | CN6: Padrão | CP6: Executar (anual) | CR6: R$ | CS6: % | CT6: Referência | CV6: Padrão | CX6: Executar (anual) | CZ6: R$ | DA6: % | DB6: Referência | DD6: Padrão | DF6: Executar (anual) | DH6: R$ | DI6: % | DJ6: Referência | DL6: Padrão | DN6: Executar (anual) | DP6: R$ | DQ6: % | DR6: Referência | DT6: Padrão | DV6: Executar (anual) | DX6: R$ | DY6: % | DZ6: Referência | EB6: Padrão | ED6: Executar (anual) | EF6: R$ | EG6: % | EH6: Referência | EJ6: Padrão | EL6: Executar (anual) | EN6: R$ | EO6: % | EP6: Referência | ER6: Padrão | ET6: Executar (anual) | EV6: R$ | EW6: % | EX6: Referência | EZ6: Padrão | FB6: Executar (anual) | FD6: R$ | FE6: % | FF6: Referência | FH6: Padrão | FJ6: Executar (anual) | FL6: R$ | FM6: % | FN6: Referência | FP6: Padrão | FR6: Executar (anual) | FT6: R$ | FU6: % | FV6: Referência | FX6: Padrão | FZ6: Executar (anual) | GB6: R$ | GC6: % | GD6: Referência | GF6: Padrão | GH6: Executar (anual) | GJ6: R$ | GK6: % | GL6: Referência | GN6: Padrão | GP6: Executar (anual) | GR6: R$ | GS6: % | GT6: Referência | GV6: Padrão | GX6: Executar (anual) | GZ6: R$ | HA6: % | HB6: Referência | HD6: Padrão | HF6: Executar (anual) | HH6: R$ | HI6: % | HJ6: Referência | HL6: Padrão | HN6: Executar (anual) | HP6: R$ | HQ6: % | HR6: Referência | HT6: Padrão | HV6: Executar (anual) | HX6: R$ | HY6: % | HZ6: Referência | IB6: Padrão | ID6: Executar (anual) | IF6: R$ | IG6: % | IH6: Referência | IJ6: Padrão | IL6: Executar (anual) | IN6: R$ | IO6: %
I7: quant. | J7: un | K7: quant. | L7: un | M7: quant. | N7: un | O7: ano | P7: ano | R7: quant. | S7: un | T7: quant. | U7: un | V7: quant. | W7: un | X7: ano | Y7: ano | Z7: quant. | AA7: un | AB7: quant. | AC7: un | AD7: quant. | AE7: un | AF7: ano | AG7: ano | AH7: quant. | AI7: un | AJ7: quant. | AK7: un | AL7: quant. | AM7: un | AN7: ano | AO7: ano | AP7: quant. | AQ7: un | AR7: quant. | AS7: un | AT7: quant. | AU7: un | AV7: ano | AW7: ano | AX7: quant. | AY7: un | AZ7: quant. | BA7: un | BB7: quant. | BC7: un | BD7: ano | BE7: ano | BF7: quant. | BG7: un | BH7: quant. | BI7: un | BJ7: quant. | BK7: un | BL7: ano | BM7: ano | BN7: quant. | BO7: un | BP7: quant. | BQ7: un | BR7: quant. | BS7: un | BT7: ano | BU7: ano | BV7: quant. | BW7: un | BX7: quant. | BY7: un | BZ7: quant. | CA7: un | CB7: ano | CC7: ano | CD7: quant. | CE7: un | CF7: quant. | CG7: un | CH7: quant. | CI7: un | CJ7: ano | CK7: ano | CL7: quant. | CM7: un | CN7: quant. | CO7: un | CP7: quant. | CQ7: un | CR7: ano | CS7: ano | CT7: quant. | CU7: un | CV7: quant. | CW7: un | CX7: quant. | CY7: un | CZ7: ano | DA7: ano | DB7: quant. | DC7: un | DD7: quant. | DE7: un | DF7: quant. | DG7: un | DH7: ano | DI7: ano | DJ7: quant. | DK7: un | DL7: quant. | DM7: un | DN7: quant. | DO7: un | DP7: ano | DQ7: ano | DR7: quant. | DS7: un | DT7: quant. | DU7: un | DV7: quant. | DW7: un | DX7: ano | DY7: ano | DZ7: quant. | EA7: un | EB7: quant. | EC7: un | ED7: quant. | EE7: un | EF7: ano | EG7: ano | EH7: quant. | EI7: un | EJ7: quant. | EK7: un | EL7: quant. | EM7: un | EN7: ano | EO7: ano | EP7: quant. | EQ7: un | ER7: quant. | ES7: un | ET7: quant. | EU7: un | EV7: ano | EW7: ano | EX7: quant. | EY7: un | EZ7: quant. | FA7: un | FB7: quant. | FC7: un | FD7: ano | FE7: ano | FF7: quant. | FG7: un | FH7: quant. | FI7: un | FJ7: quant. | FK7: un | FL7: ano | FM7: ano | FN7: quant. | FO7: un | FP7: quant. | FQ7: un | FR7: quant. | FS7: un | FT7: ano | FU7: ano | FV7: quant. | FW7: un | FX7: quant. | FY7: un | FZ7: quant. | GA7: un | GB7: ano | GC7: ano | GD7: quant. | GE7: un | GF7: quant. | GG7: un | GH7: quant. | GI7: un | GJ7: ano | GK7: ano | GL7: quant. | GM7: un | GN7: quant. | GO7: un | GP7: quant. | GQ7: un | GR7: ano | GS7: ano | GT7: quant. | GU7: un | GV7: quant. | GW7: un | GX7: quant. | GY7: un | GZ7: ano | HA7: ano | HB7: quant. | HC7: un | HD7: quant. | HE7: un | HF7: quant. | HG7: un | HH7: ano | HI7: ano | HJ7: quant. | HK7: un | HL7: quant. | HM7: un | HN7: quant. | HO7: un | HP7: ano | HQ7: ano | HR7: quant. | HS7: un | HT7: quant. | HU7: un | HV7: quant. | HW7: un | HX7: ano | HY7: ano | HZ7: quant. | IA7: un | IB7: quant. | IC7: un | ID7: quant. | IE7: un | IF7: ano | IG7: ano | IH7: quant. | II7: un | IJ7: quant. | IK7: un | IL7: quant. | IM7: un | IN7: ano | IO7: ano
G8: Definir padrão de cada Fase (min=3 med=4 max=5) | K8: 3 | O8: 1 | T8: 3 | X8: 1 | AB8: 5 | AF8: 1 | AJ8: 3 | AN8: 1 | AR8: 3 | AV8: 1 | AZ8: 4 | BD8: 1 | BF8: =I8 -> 0 | BG8: =J8 -> 0 | BH8: 5 | BL8: 1 | BN8: =Q8 -> 0 | BO8: =R8 -> 0 | BP8: 3 | BT8: 1 | BV8: =Y8 -> 0 | BW8: =Z8 -> 0 | BX8: 4 | CB8: 1 | CD8: =AG8 -> 0 | CE8: =AH8 -> 0 | CF8: 5 | CJ8: 1 | CL8: =Q8 -> 0 | CM8: =BF8 -> 0 | CN8: 3 | CR8: 1 | CT8: =Y8 -> 0 | CU8: =BN8 -> 0 | CV8: 4 | CZ8: 1 | DB8: =AG8 -> 0 | DC8: =BV8 -> 0 | DD8: 5 | DH8: 1 | DJ8: =AO8 -> 0 | DK8: =CD8 -> 0 | DL8: 3 | DP8: 1 | DR8: =AW8 -> 0 | DS8: =CL8 -> 0 | DT8: 4 | DX8: 1 | DZ8: =BE8 -> 0 | EA8: =CT8 -> 0 | EB8: 5 | EF8: 1 | EH8: =BM8 -> 0 | EI8: =DB8 -> 0 | EJ8: 3 | EN8: 1 | EP8: =CL8 -> 0 | EQ8: =CM8 -> 0 | ER8: 4 | EV8: 1 | EX8: =CT8 -> 0 | EY8: =CU8 -> 0 | EZ8: 5 | FD8: 1 | FF8: =DB8 -> 0 | FG8: =DC8 -> 0 | FH8: 3 | FL8: 1 | FN8: =DJ8 -> 0 | FO8: =DK8 -> 0 | FP8: 4 | FT8: 1 | FV8: =DR8 -> 0 | FW8: =DS8 -> 0 | FX8: 5 | GB8: 1 | GD8: =DZ8 -> 0 | GE8: =EA8 -> 0 | GF8: 3 | GJ8: 1 | GL8: =EH8 -> 0 | GM8: =EI8 -> 0 | GN8: 4 | GR8: 1 | GT8: =EP8 -> 0 | GU8: =EQ8 -> 0 | GV8: 5 | GZ8: 1 | HB8: =EP8 -> 0 | HC8: =EQ8 -> 0 | HD8: 3 | HH8: 1 | HJ8: =EX8 -> 0 | HK8: =EY8 -> 0 | HL8: 4 | HP8: 1 | HR8: =FF8 -> 0 | HS8: =FG8 -> 0 | HT8: 5 | HX8: 1 | HZ8: =FN8 -> 0 | IA8: =FO8 -> 0 | IB8: 3 | IF8: 1 | IH8: =FV8 -> 0 | II8: =FW8 -> 0 | IJ8: 4 | IN8: 1
F9: 2.1 | G9: Conserva da Pista | H9: =SUBTOTAL(9,H10:H26) -> 2.7460234e+08 | O9: =SUBTOTAL(9,O10:O26) -> 4417983.2 | P9: =O9/$H9 -> 0.016088658 | Q9: =O9/O$71 -> 0.71174097 | X9: =SUBTOTAL(9,X10:X26) -> 6051136.8 | Y9: =X9/$X71 -> 0.77178492 | AF9: =SUBTOTAL(9,AF10:AF26) -> 11345881 | AG9: =AF9/$X71 -> 1.4470967 | AN9: =SUBTOTAL(9,AN10:AN26) -> 6051136.8 | AO9: =AN9/$X71 -> 0.77178492 | AV9: =SUBTOTAL(9,AV10:AV26) -> 6051136.8 | AW9: =AV9/$X71 -> 0.77178492 | BD9: =SUBTOTAL(9,BD10:BD26) -> 8925927.2 | BE9: =BD9/$BD71 -> 0.77744628 | BF9: =I9 -> 0 | BG9: =J9 -> 0 | BL9: =SUBTOTAL(9,BL10:BL26) -> 12239058 | BM9: =BL9/$BL71 -> 0.78321898 | BN9: =Q9 -> 0.71174097 | BO9: =R9 -> 0 | BT9: =SUBTOTAL(9,BT10:BT26) -> 6527497.5 | BU9: =BT9/$BL71 -> 0.41771679 | BV9: =Y9 -> 0.77178492 | BW9: =Z9 -> 0 | CB9: =SUBTOTAL(9,CB10:CB26) -> 9383277.6 | CC9: =CB9/$BL71 -> 0.60046789 | CD9: =AG9 -> 1.4470967 | CE9: =AH9 -> 0 | CJ9: =SUBTOTAL(9,CJ10:CJ26) -> 12239058 | CK9: =CJ9/$BL71 -> 0.78321898 | CL9: =BF9 -> 0 | CM9: =BG9 -> 0 | CR9: =SUBTOTAL(9,CR10:CR26) -> 6527497.5 | CS9: =CR9/$CR71 -> 0.77697779 | CT9: =BN9 -> 0.71174097 | CU9: =BO9 -> 0 | CZ9: =SUBTOTAL(9,CZ10:CZ26) -> 9383277.6 | DA9: =CZ9/$CR71 -> 1.1169056 | DB9: =BV9 -> 0.77178492 | DC9: =BW9 -> 0 | DH9: =SUBTOTAL(9,DH10:DH26) -> 12239058 | DI9: =DH9/$CR71 -> 1.4568333 | DJ9: =CD9 -> 1.4470967 | DK9: =CE9 -> 0 | DP9: =SUBTOTAL(9,DP10:DP26) -> 6527497.5 | DQ9: =DP9/$CR71 -> 0.77697779 | DR9: =CL9 -> 0 | DS9: =CM9 -> 0 | DX9: =SUBTOTAL(9,DX10:DX26) -> 9383277.6 | DY9: =DX9/$CR71 -> 1.1169056 | DZ9: =CT9 -> 0.71174097 | EA9: =CU9 -> 0 | EF9: =SUBTOTAL(9,EF10:EF26) -> 12438999 | EG9: =EF9/$CR71 -> 1.4806327 | EH9: =DB9 -> 0.77178492 | EI9: =DC9 -> 0 | EN9: =SUBTOTAL(9,EN10:EN26) -> 6634132.8 | EO9: =EN9/$CR71 -> 0.78967075 | EP9: =CL9 -> 0 | EQ9: =CM9 -> 0 | EV9: =SUBTOTAL(9,EV10:EV26) -> 9536565.9 | EW9: =EV9/$EV71 -> 0.78733345 | EX9: =CT9 -> 0.71174097 | EY9: =CU9 -> 0 | FD9: =SUBTOTAL(9,FD10:FD26) -> 12438999 | FE9: =FD9/$EV71 -> 1.0269567 | FF9: =DB9 -> 0.77178492 | FG9: =DC9 -> 0 | FL9: =SUBTOTAL(9,FL10:FL26) -> 6634132.8 | FM9: =FL9/$EV71 -> 0.54771023 | FN9: =DJ9 -> 1.4470967 | FO9: =DK9 -> 0 | FT9: =SUBTOTAL(9,FT10:FT26) -> 9926691.5 | FU9: =FT9/$EV71 -> 0.819542 | FV9: =DR9 -> 0 | FW9: =DS9 -> 0 | GB9: =SUBTOTAL(9,GB10:GB26) -> 12947858 | GC9: =GB9/$EV71 -> 1.0689678 | GD9: =DZ9 -> 0.71174097 | GE9: =EA9 -> 0 | GJ9: =SUBTOTAL(9,GJ10:GJ26) -> 6905524.5 | GK9: =GJ9/$EV71 -> 0.57011617 | GL9: =EH9 -> 0.77178492 | GM9: =EI9 -> 0 | GR9: =SUBTOTAL(9,GR10:GR26) -> 9926691.5 | GS9: =GR9/$EV71 -> 0.819542 | GT9: =EP9 -> 0 | GU9: =EQ9 -> 0 | GZ9: =SUBTOTAL(9,GZ10:GZ26) -> 12947858 | HA9: =GZ9/$EV71 -> 1.0689678 | HB9: =EP9 -> 0 | HC9: =EQ9 -> 0 | HH9: =SUBTOTAL(9,HH10:HH26) -> 6958842.2 | HI9: =HH9/$HH71 -> 0.79239531 | HJ9: =EX9 -> 0.71174097 | HK9: =EY9 -> 0 | HP9: =SUBTOTAL(9,HP10:HP26) -> 10003336 | HQ9: =HP9/$HH71 -> 1.1390683 | HR9: =FF9 -> 0.77178492 | HS9: =FG9 -> 0 | HX9: =SUBTOTAL(9,HX10:HX26) -> 13047829 | HY9: =HX9/$HH71 -> 1.4857412 | HZ9: =FN9 -> 1.4470967 | IA9: =FO9 -> 0 | IF9: =SUBTOTAL(9,IF10:IF26) -> 6958842.2 | IG9: =IF9/$HH71 -> 0.79239531 | IH9: =FV9 -> 0 | II9: =FW9 -> 0 | IN9: =SUBTOTAL(9,IN10:IN26) -> 10003336 | IO9: =IN9/$HH71 -> 1.1390683
D10: =VLOOKUP(E10,'DER MG'!$D$5:$I$150,6,0) -> 4.69 | E10: 42643 | G10: Fresagem descontínua de pavimento asfáltico (3cm) | H10: =SUMIF($I$7:$IO$7,"ANO",I10:IO10) -> 28863755 | I10: 364 | J10: m2 | K10: =VLOOKUP($G10,'Quantidades Padrão'!$E$7:$J$103,K$8,0) -> 271.06667 | L10: m2/km | M10: =I10*K10 -> 98668.267 | N10: m2 | O10: =$D10*M10 -> 462754.17 | Q10: =O10/O$71 -> 0.074550102 | R10: =R29 -> 500 | S10: m2 | T10: =VLOOKUP($G10,'Quantidades Padrão'!$E$7:$J$103,T$8,0) -> 271.06667 | U10: m2/km | V10: =R10*T10 -> 135533.33 | W10: m1 | X10: =$D10*V10 -> 635651.33 | Z10: =Z29 -> 500 | AA10: m2 | AB10: =VLOOKUP($G10,'Quantidades Padrão'!$E$7:$J$103,AB$8,0) -> 508.25 | AC10: m2/km | AD10: =Z10*AB10 -> 254125 | AE10: m1 | AF10: =$D10*AD10 -> 1191846.3 | AH10: =AH29 -> 500 | AI10: m2 | AJ10: =VLOOKUP($G10,'Quantidades Padrão'!$E$7:$J$103,AJ$8,0) -> 271.06667 | AK10: m2/km | AL10: =AH10*AJ10 -> 135533.33 | AM10: m1 | AN10: =$D10*AL10 -> 635651.33 | AP10: =AP29 -> 500 | AQ10: m2 | AR10: =VLOOKUP($G10,'Quantidades Padrão'!$E$7:$J$103,AR$8,0) -> 271.06667 | AS10: m2/km | AT10: =AP10*AR10 -> 135533.33 | AU10: m1 | AV10: =$D10*AT10 -> 635651.33 | AX10: =AX29 -> 513.17434 | AY10: m2 | AZ10: =VLOOKUP($G10,'Quantidades Padrão'!$E$7:$J$103,AZ$8,0) -> 389.65833 | BA10: m2/km | BB10: =AX10*AZ10 -> 199962.66 | BC10: m1 | BD10: =$D10*BB10 -> 937824.87 | BF10: =BF29 -> 539.66869 | BG10: m2 | BH10: =VLOOKUP($G10,'Quantidades Padrão'!$E$7:$J$103,BH$8,0) -> 508.25 | BI10: m2/km | BJ10: =BF10*BH10 -> 274286.61 | BK10: m1 | BL10: =$D10*BJ10 -> 1286404.2 | BN10: =BN29 -> 539.66869 | BO10: m2 | BP10: =VLOOKUP($G10,'Quantidades Padrão'!$E$7:$J$103,BP$8,0) -> 271.06667 | BQ10: m2/km | BR10: =BN10*BP10 -> 146286.19 | BS10: m1 | BT10: =$D10*BR10 -> 686082.24 | BV10: =BV29 -> 539.66869 | BW10: m2 | BX10: =VLOOKUP($G10,'Quantidades Padrão'!$E$7:$J$103,BX$8,0) -> 389.65833 | BY10: m2/km | BZ10: =BV10*BX10 -> 210286.4 | CA10: m1 | CB10: =$D10*BZ10 -> 986243.22 | CD10: =CD29 -> 539.66869 | CE10: m2 | CF10: =VLOOKUP($G10,'Quantidades Padrão'!$E$7:$J$103,CF$8,0) -> 508.25 | CG10: m2/km | CH10: =CD10*CF10 -> 274286.61 | CI10: m1 | CJ10: =$D10*CH10 -> 1286404.2 | CL10: =CL29 -> 539.66869 | CM10: m2 | CN10: =VLOOKUP($G10,'Quantidades Padrão'!$E$7:$J$103,CN$8,0) -> 271.06667 | CO10: m2/km | CP10: =CL10*CN10 -> 146286.19 | CQ10: m1 | CR10: =$D10*CP10 -> 686082.24 | CT10: =CT29 -> 539.66869 | CU10: m2 | CV10: =VLOOKUP($G10,'Quantidades Padrão'!$E$7:$J$103,CV$8,0) -> 389.65833 | CW10: m2/km | CX10: =CT10*CV10 -> 210286.4 | CY10: m1 | CZ10: =$D10*CX10 -> 986243.22 | DB10: =DB29 -> 539.66869 | DC10: m2 | DD10: =VLOOKUP($G10,'Quantidades Padrão'!$E$7:$J$103,DD$8,0) -> 508.25 | DE10: m2/km | DF10: =DB10*DD10 -> 274286.61 | DG10: m1 | DH10: =$D10*DF10 -> 1286404.2 | DJ10: =DJ29 -> 539.66869 | DK10: m2 | DL10: =VLOOKUP($G10,'Quantidades Padrão'!$E$7:$J$103,DL$8,0) -> 271.06667 | DM10: m2/km | DN10: =DJ10*DL10 -> 146286.19 | DO10: m1 | DP10: =$D10*DN10 -> 686082.24 | DR10: =DR29 -> 539.66869 | DS10: m2 | DT10: =VLOOKUP($G10,'Quantidades Padrão'!$E$7:$J$103,DT$8,0) -> 389.65833 | DU10: m2/km | DV10: =DR10*DT10 -> 210286.4 | DW10: m1 | DX10: =$D10*DV10 -> 986243.22 | DZ10: =DZ29 -> 548.54869 | EA10: m2 | EB10: =VLOOKUP($G10,'Quantidades Padrão'!$E$7:$J$103,EB$8,0) -> 508.25 | EC10: m2/km | ED10: =DZ10*EB10 -> 278799.87 | EE10: m1 | EF10: =$D10*ED10 -> 1307571.4 | EH10: =EH29 -> 548.54869 | EI10: m2 | EJ10: =VLOOKUP($G10,'Quantidades Padrão'!$E$7:$J$103,EJ$8,0) -> 271.06667 | EK10: m2/km | EL10: =EH10*EJ10 -> 148693.26 | EM10: m1 | EN10: =$D10*EL10 -> 697371.41 | EP10: =EP29 -> 548.54869 | EQ10: m2 | ER10: =VLOOKUP($G10,'Quantidades Padrão'!$E$7:$J$103,ER$8,0) -> 389.65833 | ES10: m2/km | ET10: =EP10*ER10 -> 213746.57 | EU10: m1 | EV10: =$D10*ET10 -> 1002471.4 | EX10: =EX29 -> 548.54869 | EY10: m2 | EZ10: =VLOOKUP($G10,'Quantidades Padrão'!$E$7:$J$103,EZ$8,0) -> 508.25 | FA10: m2/km | FB10: =EX10*EZ10 -> 278799.87 | FC10: m1 | FD10: =$D10*FB10 -> 1307571.4 | FF10: =FF29 -> 548.54869 | FG10: m2 | FH10: =VLOOKUP($G10,'Quantidades Padrão'!$E$7:$J$103,FH$8,0) -> 271.06667 | FI10: m2/km | FJ10: =FF10*FH10 -> 148693.26 | FK10: m1 | FL10: =$D10*FJ10 -> 697371.41 | FN10: =FN29 -> 571.14869 | FO10: m2 | FP10: =VLOOKUP($G10,'Quantidades Padrão'!$E$7:$J$103,FP$8,0) -> 389.65833 | FQ10: m2/km | FR10: =FN10*FP10 -> 222552.85 | FS10: m1 | FT10: =$D10*FR10 -> 1043772.8 | FV10: =FV29 -> 571.14869 | FW10: m2 | FX10: =VLOOKUP($G10,'Quantidades Padrão'!$E$7:$J$103,FX$8,0) -> 508.25 | FY10: m2/km | FZ10: =FV10*FX10 -> 290286.32 | GA10: m1 | GB10: =$D10*FZ10 -> 1361442.8 | GD10: =GD29 -> 571.14869 | GE10: m2 | GF10: =VLOOKUP($G10,'Quantidades Padrão'!$E$7:$J$103,GF$8,0) -> 271.06667 | GG10: m2/km | GH10: =GD10*GF10 -> 154819.37 | GI10: m1 | GJ10: =$D10*GH10 -> 726102.85 | GL10: =GL29 -> 571.14869 | GM10: m2 | GN10: =VLOOKUP($G10,'Quantidades Padrão'!$E$7:$J$103,GN$8,0) -> 389.65833 | GO10: m2/km | GP10: =GL10*GN10 -> 222552.85 | GQ10: m1 | GR10: =$D10*GP10 -> 1043772.8 | GT10: =GT29 -> 571.14869 | GU10: m2 | GV10: =VLOOKUP($G10,'Quantidades Padrão'!$E$7:$J$103,GV$8,0) -> 508.25 | GW10: m2/km | GX10: =GT10*GV10 -> 290286.32 | GY10: m1 | GZ10: =$D10*GX10 -> 1361442.8 | HB10: =HB29 -> 575.58869 | HC10: m2 | HD10: =VLOOKUP($G10,'Quantidades Padrão'!$E$7:$J$103,HD$8,0) -> 271.06667 | HE10: m2/km | HF10: =HB10*HD10 -> 156022.91 | HG10: m1 | HH10: =$D10*HF10 -> 731747.43 | HJ10: =HJ29 -> 575.58869 | HK10: m2 | HL10: =VLOOKUP($G10,'Quantidades Padrão'!$E$7:$J$103,HL$8,0) -> 389.65833 | HM10: m2/km | HN10: =HJ10*HL10 -> 224282.93 | HO10: m1 | HP10: =$D10*HN10 -> 1051886.9 | HR10: =HR29 -> 575.58869 | HS10: m2 | HT10: =VLOOKUP($G10,'Quantidades Padrão'!$E$7:$J$103,HT$8,0) -> 508.25 | HU10: m2/km | HV10: =HR10*HT10 -> 292542.95 | HW10: m1 | HX10: =$D10*HV10 -> 1372026.4 | HZ10: =HZ29 -> 575.58869 | IA10: m2 | IB10: =VLOOKUP($G10,'Quantidades Padrão'!$E$7:$J$103,IB$8,0) -> 271.06667 | IC10: m2/km | ID10: =HZ10*IB10 -> 156022.91 | IE10: m1 | IF10: =$D10*ID10 -> 731747.43 | IH10: =IH29 -> 575.58869 | II10: m2 | IJ10: =VLOOKUP($G10,'Quantidades Padrão'!$E$7:$J$103,IJ$8,0) -> 389.65833 | IK10: m2/km | IL10: =IH10*IJ10 -> 224282.93 | IM10: m1 | IN10: =$D10*IL10 -> 1051886.9
D11: =VLOOKUP(E11,'DER MG'!$D$5:$I$150,6,0) -> 1707.62 | E11: 41326 | G11: Tapa-buraco com concreto betuminoso usinado a quente com material betuminoso (Execução incluindo usinagem, aplicação da massa, pintura de ligação, fornecimento e transporte dos agregados e do material betuminoso) | H11: =SUMIF($I$7:$IO$7,"ANO",I11:IO11) -> 1.6168058e+08 | I11: 364 | J11: m3 | K11: =VLOOKUP($G11,'Quantidades Padrão'!$E$7:$J$103,K$8,0) -> 4.1702564 | L11: m3/km | M11: =I11*K11 -> 1517.9733 | N11: m2 | O11: =$D11*M11 -> 2592121.6 | Q11: =O11/O$71 -> 0.41759306 | R11: =R10 -> 500 | S11: m2 | T11: =VLOOKUP($G11,'Quantidades Padrão'!$E$7:$J$103,T$8,0) -> 4.1702564 | U11: m3/km | V11: =R11*T11 -> 2085.1282 | W11: m2 | X11: =$D11*V11 -> 3560606.6 | Z11: =Z10 -> 500 | AA11: m2 | AB11: =VLOOKUP($G11,'Quantidades Padrão'!$E$7:$J$103,AB$8,0) -> 7.8192308 | AC11: m3/km | AD11: =Z11*AB11 -> 3909.6154 | AE11: m2 | AF11: =$D11*AD11 -> 6676137.4 | AH11: =AH10 -> 500 | AI11: m2 | AJ11: =VLOOKUP($G11,'Quantidades Padrão'!$E$7:$J$103,AJ$8,0) -> 4.1702564 | AK11: m3/km | AL11: =AH11*AJ11 -> 2085.1282 | AM11: m2 | AN11: =$D11*AL11 -> 3560606.6 | AP11: =AP10 -> 500 | AQ11: m2 | AR11: =VLOOKUP($G11,'Quantidades Padrão'!$E$7:$J$103,AR$8,0) -> 4.1702564 | AS11: m3/km | AT11: =AP11*AR11 -> 2085.1282 | AU11: m2 | AV11: =$D11*AT11 -> 3560606.6 | AX11: =AX10 -> 513.17434 | AY11: m2 | AZ11: =VLOOKUP($G11,'Quantidades Padrão'!$E$7:$J$103,AZ$8,0) -> 5.9947436 | BA11: m3/km | BB11: =AX11*AZ11 -> 3076.3486 | BC11: m2 | BD11: =$D11*BB11 -> 5253234.4 | BF11: =BF10 -> 539.66869 | BG11: m2 | BH11: =VLOOKUP($G11,'Quantidades Padrão'!$E$7:$J$103,BH$8,0) -> 7.8192308 | BI11: m3/km | BJ11: =BF11*BH11 -> 4219.794 | BK11: m2 | BL11: =$D11*BJ11 -> 7205804.6 | BN11: =BN10 -> 539.66869 | BO11: m2 | BP11: =VLOOKUP($G11,'Quantidades Padrão'!$E$7:$J$103,BP$8,0) -> 4.1702564 | BQ11: m3/km | BR11: =BN11*BP11 -> 2250.5568 | BS11: m2 | BT11: =$D11*BR11 -> 3843095.8 | BV11: =BV10 -> 539.66869 | BW11: m2 | BX11: =VLOOKUP($G11,'Quantidades Padrão'!$E$7:$J$103,BX$8,0) -> 5.9947436 | BY11: m3/km | BZ11: =BV11*BX11 -> 3235.1754 | CA11: m2 | CB11: =$D11*BZ11 -> 5524450.2 | CD11: =CD10 -> 539.66869 | CE11: m2 | CF11: =VLOOKUP($G11,'Quantidades Padrão'!$E$7:$J$103,CF$8,0) -> 7.8192308 | CG11: m3/km | CH11: =CD11*CF11 -> 4219.794 | CI11: m2 | CJ11: =$D11*CH11 -> 7205804.6 | CL11: =CL10 -> 539.66869 | CM11: m2 | CN11: =VLOOKUP($G11,'Quantidades Padrão'!$E$7:$J$103,CN$8,0) -> 4.1702564 | CO11: m3/km | CP11: =CL11*CN11 -> 2250.5568 | CQ11: m2 | CR11: =$D11*CP11 -> 3843095.8 | CT11: =CT10 -> 539.66869 | CU11: m2 | CV11: =VLOOKUP($G11,'Quantidades Padrão'!$E$7:$J$103,CV$8,0) -> 5.9947436 | CW11: m3/km | CX11: =CT11*CV11 -> 3235.1754 | CY11: m2 | CZ11: =$D11*CX11 -> 5524450.2 | DB11: =DB10 -> 539.66869 | DC11: m2 | DD11: =VLOOKUP($G11,'Quantidades Padrão'!$E$7:$J$103,DD$8,0) -> 7.8192308 | DE11: m3/km | DF11: =DB11*DD11 -> 4219.794 | DG11: m2 | DH11: =$D11*DF11 -> 7205804.6 | DJ11: =DJ10 -> 539.66869 | DK11: m2 | DL11: =VLOOKUP($G11,'Quantidades Padrão'!$E$7:$J$103,DL$8,0) -> 4.1702564 | DM11: m3/km | DN11: =DJ11*DL11 -> 2250.5568 | DO11: m2 | DP11: =$D11*DN11 -> 3843095.8 | DR11: =DR10 -> 539.66869 | DS11: m2 | DT11: =VLOOKUP($G11,'Quantidades Padrão'!$E$7:$J$103,DT$8,0) -> 5.9947436 | DU11: m3/km | DV11: =DR11*DT11 -> 3235.1754 | DW11: m2 | DX11: =$D11*DV11 -> 5524450.2 | DZ11: =DZ10 -> 548.54869 | EA11: m2 | EB11: =VLOOKUP($G11,'Quantidades Padrão'!$E$7:$J$103,EB$8,0) -> 7.8192308 | EC11: m3/km | ED11: =DZ11*EB11 -> 4289.2288 | EE11: m2 | EF11: =$D11*ED11 -> 7324372.8 | EH11: =EH10 -> 548.54869 | EI11: m2 | EJ11: =VLOOKUP($G11,'Quantidades Padrão'!$E$7:$J$103,EJ$8,0) -> 4.1702564 | EK11: m3/km | EL11: =EH11*EJ11 -> 2287.5887 | EM11: m2 | EN11: =$D11*EL11 -> 3906332.2 | EP11: =EP10 -> 548.54869 | EQ11: m2 | ER11: =VLOOKUP($G11,'Quantidades Padrão'!$E$7:$J$103,ER$8,0) -> 5.9947436 | ES11: m3/km | ET11: =EP11*ER11 -> 3288.4087 | EU11: m2 | EV11: =$D11*ET11 -> 5615352.5 | EX11: =EX10 -> 548.54869 | EY11: m2 | EZ11: =VLOOKUP($G11,'Quantidades Padrão'!$E$7:$J$103,EZ$8,0) -> 7.8192308 | FA11: m3/km | FB11: =EX11*EZ11 -> 4289.2288 | FC11: m2 | FD11: =$D11*FB11 -> 7324372.8 | FF11: =FF10 -> 548.54869 | FG11: m2 | FH11: =VLOOKUP($G11,'Quantidades Padrão'!$E$7:$J$103,FH$8,0) -> 4.1702564 | FI11: m3/km | FJ11: =FF11*FH11 -> 2287.5887 | FK11: m2 | FL11: =$D11*FJ11 -> 3906332.2 | FN11: =FN10 -> 571.14869 | FO11: m2 | FP11: =VLOOKUP($G11,'Quantidades Padrão'!$E$7:$J$103,FP$8,0) -> 5.9947436 | FQ11: m3/km | FR11: =FN11*FP11 -> 3423.8899 | FS11: m2 | FT11: =$D11*FR11 -> 5846702.9 | FV11: =FV10 -> 571.14869 | FW11: m2 | FX11: =VLOOKUP($G11,'Quantidades Padrão'!$E$7:$J$103,FX$8,0) -> 7.8192308 | FY11: m3/km | FZ11: =FV11*FX11 -> 4465.9434 | GA11: m2 | GB11: =$D11*FZ11 -> 7626134.2 | GD11: =GD10 -> 571.14869 | GE11: m2 | GF11: =VLOOKUP($G11,'Quantidades Padrão'!$E$7:$J$103,GF$8,0) -> 4.1702564 | GG11: m3/km | GH11: =GD11*GF11 -> 2381.8365 | GI11: m2 | GJ11: =$D11*GH11 -> 4067271.6 | GL11: =GL10 -> 571.14869 | GM11: m2 | GN11: =VLOOKUP($G11,'Quantidades Padrão'!$E$7:$J$103,GN$8,0) -> 5.9947436 | GO11: m3/km | GP11: =GL11*GN11 -> 3423.8899 | GQ11: m2 | GR11: =$D11*GP11 -> 5846702.9 | GT11: =GT10 -> 571.14869 | GU11: m2 | GV11: =VLOOKUP($G11,'Quantidades Padrão'!$E$7:$J$103,GV$8,0) -> 7.8192308 | GW11: m3/km | GX11: =GT11*GV11 -> 4465.9434 | GY11: m2 | GZ11: =$D11*GX11 -> 7626134.2 | HB11: =HB10 -> 575.58869 | HC11: m2 | HD11: =VLOOKUP($G11,'Quantidades Padrão'!$E$7:$J$103,HD$8,0) -> 4.1702564 | HE11: m3/km | HF11: =HB11*HD11 -> 2400.3524 | HG11: m2 | HH11: =$D11*HF11 -> 4098889.8 | HJ11: =HJ10 -> 575.58869 | HK11: m2 | HL11: =VLOOKUP($G11,'Quantidades Padrão'!$E$7:$J$103,HL$8,0) -> 5.9947436 | HM11: m3/km | HN11: =HJ11*HL11 -> 3450.5066 | HO11: m2 | HP11: =$D11*HN11 -> 5892154.1 | HR11: =HR10 -> 575.58869 | HS11: m2 | HT11: =VLOOKUP($G11,'Quantidades Padrão'!$E$7:$J$103,HT$8,0) -> 7.8192308 | HU11: m3/km | HV11: =HR11*HT11 -> 4500.6608 | HW11: m2 | HX11: =$D11*HV11 -> 7685418.3 | HZ11: =HZ10 -> 575.58869 | IA11: m2 | IB11: =VLOOKUP($G11,'Quantidades Padrão'!$E$7:$J$103,IB$8,0) -> 4.1702564 | IC11: m3/km | ID11: =HZ11*IB11 -> 2400.3524 | IE11: m2 | IF11: =$D11*ID11 -> 4098889.8 | IH11: =IH10 -> 575.58869 | II11: m2 | IJ11: =VLOOKUP($G11,'Quantidades Padrão'!$E$7:$J$103,IJ$8,0) -> 5.9947436 | IK11: m3/km | IL11: =IH11*IJ11 -> 3450.5066 | IM11: m2 | IN11: =$D11*IL11 -> 5892154.1
D12: =VLOOKUP(E12,'DER MG'!$D$5:$I$150,6,0) -> 272.98 | E12: 41334 | G12: Remendo Profundo (Execução, incluindo remoção de camada granular e revestimento betuminoso, transporte para bota-fora, imprimação, fornecimento e tarnsporte do material granular) | H12: =SUMIF($I$7:$IO$7,"ANO",I12:IO12) -> 43077075 | I12: 364 | J12: m3 | K12: =VLOOKUP($G12,'Quantidades Padrão'!$E$7:$J$103,K$8,0) -> 6.9504274 | L12: m3/km | M12: =I12*K12 -> 2529.9556 | N12: m3 | O12: =$D12*M12 -> 690627.27 | Q12: =O12/O$71 -> 0.11126066 | R12: =R11 -> 500 | S12: m3 | T12: =VLOOKUP($G12,'Quantidades Padrão'!$E$7:$J$103,T$8,0) -> 6.9504274 | U12: m3/km | V12: =R12*T12 -> 3475.2137 | W12: m3 | X12: =$D12*V12 -> 948663.83 | Z12: =Z11 -> 500 | AA12: m3 | AB12: =VLOOKUP($G12,'Quantidades Padrão'!$E$7:$J$103,AB$8,0) -> 13.032051 | AC12: m3/km | AD12: =Z12*AB12 -> 6516.0256 | AE12: m3 | AF12: =$D12*AD12 -> 1778744.7 | AH12: =AH11 -> 500 | AI12: m3 | AJ12: =VLOOKUP($G12,'Quantidades Padrão'!$E$7:$J$103,AJ$8,0) -> 6.9504274 | AK12: m3/km | AL12: =AH12*AJ12 -> 3475.2137 | AM12: m3 | AN12: =$D12*AL12 -> 948663.83 | AP12: =AP11 -> 500 | AQ12: m3 | AR12: =VLOOKUP($G12,'Quantidades Padrão'!$E$7:$J$103,AR$8,0) -> 6.9504274 | AS12: m3/km | AT12: =AP12*AR12 -> 3475.2137 | AU12: m3 | AV12: =$D12*AT12 -> 948663.83 | AX12: =AX11 -> 513.17434 | AY12: m3 | AZ12: =VLOOKUP($G12,'Quantidades Padrão'!$E$7:$J$103,AZ$8,0) -> 9.9912393 | BA12: m3/km | BB12: =AX12*AZ12 -> 5127.2477 | BC12: m3 | BD12: =$D12*BB12 -> 1399636.1 | BF12: =BF11 -> 539.66869 | BG12: m3 | BH12: =VLOOKUP($G12,'Quantidades Padrão'!$E$7:$J$103,BH$8,0) -> 13.032051 | BI12: m3/km | BJ12: =BF12*BH12 -> 7032.99 | BK12: m3 | BL12: =$D12*BJ12 -> 1919865.6 | BN12: =BN11 -> 539.66869 | BO12: m3 | BP12: =VLOOKUP($G12,'Quantidades Padrão'!$E$7:$J$103,BP$8,0) -> 6.9504274 | BQ12: m3/km | BR12: =BN12*BP12 -> 3750.928 | BS12: m3 | BT12: =$D12*BR12 -> 1023928.3 | BV12: =BV11 -> 539.66869 | BW12: m3 | BX12: =VLOOKUP($G12,'Quantidades Padrão'!$E$7:$J$103,BX$8,0) -> 9.9912393 | BY12: m3/km | BZ12: =BV12*BX12 -> 5391.959 | CA12: m3 | CB12: =$D12*BZ12 -> 1471897 | CD12: =CD11 -> 539.66869 | CE12: m3 | CF12: =VLOOKUP($G12,'Quantidades Padrão'!$E$7:$J$103,CF$8,0) -> 13.032051 | CG12: m3/km | CH12: =CD12*CF12 -> 7032.99 | CI12: m3 | CJ12: =$D12*CH12 -> 1919865.6 | CL12: =CL11 -> 539.66869 | CM12: m3 | CN12: =VLOOKUP($G12,'Quantidades Padrão'!$E$7:$J$103,CN$8,0) -> 6.9504274 | CO12: m3/km | CP12: =CL12*CN12 -> 3750.928 | CQ12: m3 | CR12: =$D12*CP12 -> 1023928.3 | CT12: =CT11 -> 539.66869 | CU12: m3 | CV12: =VLOOKUP($G12,'Quantidades Padrão'!$E$7:$J$103,CV$8,0) -> 9.9912393 | CW12: m3/km | CX12: =CT12*CV12 -> 5391.959 | CY12: m3 | CZ12: =$D12*CX12 -> 1471897 | DB12: =DB11 -> 539.66869 | DC12: m3 | DD12: =VLOOKUP($G12,'Quantidades Padrão'!$E$7:$J$103,DD$8,0) -> 13.032051 | DE12: m3/km | DF12: =DB12*DD12 -> 7032.99 | DG12: m3 | DH12: =$D12*DF12 -> 1919865.6 | DJ12: =DJ11 -> 539.66869 | DK12: m3 | DL12: =VLOOKUP($G12,'Quantidades Padrão'!$E$7:$J$103,DL$8,0) -> 6.9504274 | DM12: m3/km | DN12: =DJ12*DL12 -> 3750.928 | DO12: m3 | DP12: =$D12*DN12 -> 1023928.3 | DR12: =DR11 -> 539.66869 | DS12: m3 | DT12: =VLOOKUP($G12,'Quantidades Padrão'!$E$7:$J$103,DT$8,0) -> 9.9912393 | DU12: m3/km | DV12: =DR12*DT12 -> 5391.959 | DW12: m3 | DX12: =$D12*DV12 -> 1471897 | DZ12: =DZ11 -> 548.54869 | EA12: m3 | EB12: =VLOOKUP($G12,'Quantidades Padrão'!$E$7:$J$103,EB$8,0) -> 13.032051 | EC12: m3/km | ED12: =DZ12*EB12 -> 7148.7146 | EE12: m3 | EF12: =$D12*ED12 -> 1951456.1 | EH12: =EH11 -> 548.54869 | EI12: m3 | EJ12: =VLOOKUP($G12,'Quantidades Padrão'!$E$7:$J$103,EJ$8,0) -> 6.9504274 | EK12: m3/km | EL12: =EH12*EJ12 -> 3812.6478 | EM12: m3 | EN12: =$D12*EL12 -> 1040776.6 | EP12: =EP11 -> 548.54869 | EQ12: m3 | ER12: =VLOOKUP($G12,'Quantidades Padrão'!$E$7:$J$103,ER$8,0) -> 9.9912393 | ES12: m3/km | ET12: =EP12*ER12 -> 5480.6812 | EU12: m3 | EV12: =$D12*ET12 -> 1496116.4 | EX12: =EX11 -> 548.54869 | EY12: m3 | EZ12: =VLOOKUP($G12,'Quantidades Padrão'!$E$7:$J$103,EZ$8,0) -> 13.032051 | FA12: m3/km | FB12: =EX12*EZ12 -> 7148.7146 | FC12: m3 | FD12: =$D12*FB12 -> 1951456.1 | FF12: =FF11 -> 548.54869 | FG12: m3 | FH12: =VLOOKUP($G12,'Quantidades Padrão'!$E$7:$J$103,FH$8,0) -> 6.9504274 | FI12: m3/km | FJ12: =FF12*FH12 -> 3812.6478 | FK12: m3 | FL12: =$D12*FJ12 -> 1040776.6 | FN12: =FN11 -> 571.14869 | FO12: m3 | FP12: =VLOOKUP($G12,'Quantidades Padrão'!$E$7:$J$103,FP$8,0) -> 9.9912393 | FQ12: m3/km | FR12: =FN12*FP12 -> 5706.4832 | FS12: m3 | FT12: =$D12*FR12 -> 1557755.8 | FV12: =FV11 -> 571.14869 | FW12: m3 | FX12: =VLOOKUP($G12,'Quantidades Padrão'!$E$7:$J$103,FX$8,0) -> 13.032051 | FY12: m3/km | FZ12: =FV12*FX12 -> 7443.239 | GA12: m3 | GB12: =$D12*FZ12 -> 2031855.4 | GD12: =GD11 -> 571.14869 | GE12: m3 | GF12: =VLOOKUP($G12,'Quantidades Padrão'!$E$7:$J$103,GF$8,0) -> 6.9504274 | GG12: m3/km | GH12: =GD12*GF12 -> 3969.7274 | GI12: m3 | GJ12: =$D12*GH12 -> 1083656.2 | GL12: =GL11 -> 571.14869 | GM12: m3 | GN12: =VLOOKUP($G12,'Quantidades Padrão'!$E$7:$J$103,GN$8,0) -> 9.9912393 | GO12: m3/km | GP12: =GL12*GN12 -> 5706.4832 | GQ12: m3 | GR12: =$D12*GP12 -> 1557755.8 | GT12: =GT11 -> 571.14869 | GU12: m3 | GV12: =VLOOKUP($G12,'Quantidades Padrão'!$E$7:$J$103,GV$8,0) -> 13.032051 | GW12: m3/km | GX12: =GT12*GV12 -> 7443.239 | GY12: m3 | GZ12: =$D12*GX12 -> 2031855.4 | HB12: =HB11 -> 575.58869 | HC12: m3 | HD12: =VLOOKUP($G12,'Quantidades Padrão'!$E$7:$J$103,HD$8,0) -> 6.9504274 | HE12: m3/km | HF12: =HB12*HD12 -> 4000.5873 | HG12: m3 | HH12: =$D12*HF12 -> 1092080.3 | HJ12: =HJ11 -> 575.58869 | HK12: m3 | HL12: =VLOOKUP($G12,'Quantidades Padrão'!$E$7:$J$103,HL$8,0) -> 9.9912393 | HM12: m3/km | HN12: =HJ12*HL12 -> 5750.8443 | HO12: m3 | HP12: =$D12*HN12 -> 1569865.5 | HR12: =HR11 -> 575.58869 | HS12: m3 | HT12: =VLOOKUP($G12,'Quantidades Padrão'!$E$7:$J$103,HT$8,0) -> 13.032051 | HU12: m3/km | HV12: =HR12*HT12 -> 7501.1013 | HW12: m3 | HX12: =$D12*HV12 -> 2047650.6 | HZ12: =HZ11 -> 575.58869 | IA12: m3 | IB12: =VLOOKUP($G12,'Quantidades Padrão'!$E$7:$J$103,IB$8,0) -> 6.9504274 | IC12: m3/km | ID12: =HZ12*IB12 -> 4000.5873 | IE12: m3 | IF12: =$D12*ID12 -> 1092080.3 | IH12: =IH11 -> 575.58869 | II12: m3 | IJ12: =VLOOKUP($G12,'Quantidades Padrão'!$E$7:$J$103,IJ$8,0) -> 9.9912393 | IK12: m3/km | IL12: =IH12*IJ12 -> 5750.8443 | IM12: m3 | IN12: =$D12*IL12 -> 1569865.5
D13: =VLOOKUP(E13,'DER MG'!$D$5:$I$150,6,0) -> 2.46 | E13: 41337 | G13: Transporte de material de jazida para conservação. Distância média de transporte < = 10,00 Km | H13: =SUMIF($I$7:$IO$7,"ANO",I13:IO13) -> 323496.24 | I13: 364 | J13: m3xkm | K13: =VLOOKUP($G13,'Quantidades Padrão'!$E$7:$J$103,K$8,0) -> 5.7920228 | L13: m3xkm | M13: =I13*K13 -> 2108.2963 | N13: m3xkm | O13: =$D13*M13 -> 5186.4089 | Q13: =O13/O$71 -> 0.00083553501 | R13: =R12 -> 500 | S13: m3xkm | T13: =VLOOKUP($G13,'Quantidades Padrão'!$E$7:$J$103,T$8,0) -> 5.7920228 | U13: m3xkm | V13: =R13*T13 -> 2896.0114 | W13: m3xkm | X13: =$D13*V13 -> 7124.188 | Z13: =Z12 -> 500 | AA13: m3xkm | AB13: =VLOOKUP($G13,'Quantidades Padrão'!$E$7:$J$103,AB$8,0) -> 10.860043 | AC13: m3xkm | AD13: =Z13*AB13 -> 5430.0214 | AE13: m3xkm | AF13: =$D13*AD13 -> 13357.853 | AH13: =AH12 -> 500 | AI13: m3xkm | AJ13: =VLOOKUP($G13,'Quantidades Padrão'!$E$7:$J$103,AJ$8,0) -> 5.7920228 | AK13: m3xkm | AL13: =AH13*AJ13 -> 2896.0114 | AM13: m3xkm | AN13: =$D13*AL13 -> 7124.188 | AP13: =AP12 -> 500 | AQ13: m3xkm | AR13: =VLOOKUP($G13,'Quantidades Padrão'!$E$7:$J$103,AR$8,0) -> 5.7920228 | AS13: m3xkm | AT13: =AP13*AR13 -> 2896.0114 | AU13: m3xkm | AV13: =$D13*AT13 -> 7124.188 | AX13: =AX12 -> 513.17434 | AY13: m3xkm | AZ13: =VLOOKUP($G13,'Quantidades Padrão'!$E$7:$J$103,AZ$8,0) -> 8.3260328 | BA13: m3xkm | BB13: =AX13*AZ13 -> 4272.7064 | BC13: m3xkm | BD13: =$D13*BB13 -> 10510.858 | BF13: =BF12 -> 539.66869 | BG13: m3xkm | BH13: =VLOOKUP($G13,'Quantidades Padrão'!$E$7:$J$103,BH$8,0) -> 10.860043 | BI13: m3xkm | BJ13: =BF13*BH13 -> 5860.825 | BK13: m3xkm | BL13: =$D13*BJ13 -> 14417.629 | BN13: =BN12 -> 539.66869 | BO13: m3xkm | BP13: =VLOOKUP($G13,'Quantidades Padrão'!$E$7:$J$103,BP$8,0) -> 5.7920228 | BQ13: m3xkm | BR13: =BN13*BP13 -> 3125.7733 | BS13: m3xkm | BT13: =$D13*BR13 -> 7689.4024 | BV13: =BV12 -> 539.66869 | BW13: m3xkm | BX13: =VLOOKUP($G13,'Quantidades Padrão'!$E$7:$J$103,BX$8,0) -> 8.3260328 | BY13: m3xkm | BZ13: =BV13*BX13 -> 4493.2992 | CA13: m3xkm | CB13: =$D13*BZ13 -> 11053.516 | CD13: =CD12 -> 539.66869 | CE13: m3xkm | CF13: =VLOOKUP($G13,'Quantidades Padrão'!$E$7:$J$103,CF$8,0) -> 10.860043 | CG13: m3xkm | CH13: =CD13*CF13 -> 5860.825 | CI13: m3xkm | CJ13: =$D13*CH13 -> 14417.629 | CL13: =CL12 -> 539.66869 | CM13: m3xkm | CN13: =VLOOKUP($G13,'Quantidades Padrão'!$E$7:$J$103,CN$8,0) -> 5.7920228 | CO13: m3xkm | CP13: =CL13*CN13 -> 3125.7733 | CQ13: m3xkm | CR13: =$D13*CP13 -> 7689.4024 | CT13: =CT12 -> 539.66869 | CU13: m3xkm | CV13: =VLOOKUP($G13,'Quantidades Padrão'!$E$7:$J$103,CV$8,0) -> 8.3260328 | CW13: m3xkm | CX13: =CT13*CV13 -> 4493.2992 | CY13: m3xkm | CZ13: =$D13*CX13 -> 11053.516 | DB13: =DB12 -> 539.66869 | DC13: m3xkm | DD13: =VLOOKUP($G13,'Quantidades Padrão'!$E$7:$J$103,DD$8,0) -> 10.860043 | DE13: m3xkm | DF13: =DB13*DD13 -> 5860.825 | DG13: m3xkm | DH13: =$D13*DF13 -> 14417.629 | DJ13: =DJ12 -> 539.66869 | DK13: m3xkm | DL13: =VLOOKUP($G13,'Quantidades Padrão'!$E$7:$J$103,DL$8,0) -> 5.7920228 | DM13: m3xkm | DN13: =DJ13*DL13 -> 3125.7733 | DO13: m3xkm | DP13: =$D13*DN13 -> 7689.4024 | DR13: =DR12 -> 539.66869 | DS13: m3xkm | DT13: =VLOOKUP($G13,'Quantidades Padrão'!$E$7:$J$103,DT$8,0) -> 8.3260328 | DU13: m3xkm | DV13: =DR13*DT13 -> 4493.2992 | DW13: m3xkm | DX13: =$D13*DV13 -> 11053.516 | DZ13: =DZ12 -> 548.54869 | EA13: m3xkm | EB13: =VLOOKUP($G13,'Quantidades Padrão'!$E$7:$J$103,EB$8,0) -> 10.860043 | EC13: m3xkm | ED13: =DZ13*EB13 -> 5957.2622 | EE13: m3xkm | EF13: =$D13*ED13 -> 14654.865 | EH13: =EH12 -> 548.54869 | EI13: m3xkm | EJ13: =VLOOKUP($G13,'Quantidades Padrão'!$E$7:$J$103,EJ$8,0) -> 5.7920228 | EK13: m3xkm | EL13: =EH13*EJ13 -> 3177.2065 | EM13: m3xkm | EN13: =$D13*EL13 -> 7815.928 | EP13: =EP12 -> 548.54869 | EQ13: m3xkm | ER13: =VLOOKUP($G13,'Quantidades Padrão'!$E$7:$J$103,ER$8,0) -> 8.3260328 | ES13: m3xkm | ET13: =EP13*ER13 -> 4567.2343 | EU13: m3xkm | EV13: =$D13*ET13 -> 11235.396 | EX13: =EX12 -> 548.54869 | EY13: m3xkm | EZ13: =VLOOKUP($G13,'Quantidades Padrão'!$E$7:$J$103,EZ$8,0) -> 10.860043 | FA13: m3xkm | FB13: =EX13*EZ13 -> 5957.2622 | FC13: m3xkm | FD13: =$D13*FB13 -> 14654.865 | FF13: =FF12 -> 548.54869 | FG13: m3xkm | FH13: =VLOOKUP($G13,'Quantidades Padrão'!$E$7:$J$103,FH$8,0) -> 5.7920228 | FI13: m3xkm | FJ13: =FF13*FH13 -> 3177.2065 | FK13: m3xkm | FL13: =$D13*FJ13 -> 7815.928 | FN13: =FN12 -> 571.14869 | FO13: m3xkm | FP13: =VLOOKUP($G13,'Quantidades Padrão'!$E$7:$J$103,FP$8,0) -> 8.3260328 | FQ13: m3xkm | FR13: =FN13*FP13 -> 4755.4027 | FS13: m3xkm | FT13: =$D13*FR13 -> 11698.291 | FV13: =FV12 -> 571.14869 | FW13: m3xkm | FX13: =VLOOKUP($G13,'Quantidades Padrão'!$E$7:$J$103,FX$8,0) -> 10.860043 | FY13: m3xkm | FZ13: =FV13*FX13 -> 6202.6991 | GA13: m3xkm | GB13: =$D13*FZ13 -> 15258.64 | GD13: =GD12 -> 571.14869 | GE13: m3xkm | GF13: =VLOOKUP($G13,'Quantidades Padrão'!$E$7:$J$103,GF$8,0) -> 5.7920228 | GG13: m3xkm | GH13: =GD13*GF13 -> 3308.1062 | GI13: m3xkm | GJ13: =$D13*GH13 -> 8137.9413 | GL13: =GL12 -> 571.14869 | GM13: m3xkm | GN13: =VLOOKUP($G13,'Quantidades Padrão'!$E$7:$J$103,GN$8,0) -> 8.3260328 | GO13: m3xkm | GP13: =GL13*GN13 -> 4755.4027 | GQ13: m3xkm | GR13: =$D13*GP13 -> 11698.291 | GT13: =GT12 -> 571.14869 | GU13: m3xkm | GV13: =VLOOKUP($G13,'Quantidades Padrão'!$E$7:$J$103,GV$8,0) -> 10.860043 | GW13: m3xkm | GX13: =GT13*GV13 -> 6202.6991 | GY13: m3xkm | GZ13: =$D13*GX13 -> 15258.64 | HB13: =HB12 -> 575.58869 | HC13: m3xkm | HD13: =VLOOKUP($G13,'Quantidades Padrão'!$E$7:$J$103,HD$8,0) -> 5.7920228 | HE13: m3xkm | HF13: =HB13*HD13 -> 3333.8228 | HG13: m3xkm | HH13: =$D13*HF13 -> 8201.2041 | HJ13: =HJ12 -> 575.58869 | HK13: m3xkm | HL13: =VLOOKUP($G13,'Quantidades Padrão'!$E$7:$J$103,HL$8,0) -> 8.3260328 | HM13: m3xkm | HN13: =HJ13*HL13 -> 4792.3703 | HO13: m3xkm | HP13: =$D13*HN13 -> 11789.231 | HR13: =HR12 -> 575.58869 | HS13: m3xkm | HT13: =VLOOKUP($G13,'Quantidades Padrão'!$E$7:$J$103,HT$8,0) -> 10.860043 | HU13: m3xkm | HV13: =HR13*HT13 -> 6250.9177 | HW13: m3xkm | HX13: =$D13*HV13 -> 15377.258 | HZ13: =HZ12 -> 575.58869 | IA13: m3xkm | IB13: =VLOOKUP($G13,'Quantidades Padrão'!$E$7:$J$103,IB$8,0) -> 5.7920228 | IC13: m3xkm | ID13: =HZ13*IB13 -> 3333.8228 | IE13: m3xkm | IF13: =$D13*ID13 -> 8201.2041 | IH13: =IH12 -> 575.58869 | II13: m3xkm | IJ13: =VLOOKUP($G13,'Quantidades Padrão'!$E$7:$J$103,IJ$8,0) -> 8.3260328 | IK13: m3xkm | IL13: =IH13*IJ13 -> 4792.3703 | IM13: m3xkm | IN13: =$D13*IL13 -> 11789.231
D14: =VLOOKUP(E14,'DER MG'!$D$5:$I$150,6,0) -> 1.78 | E14: 41339 | G14: Transporte de material de jazida para conservação. Distância média de transporte 15,10 a 20,00 Km | H14: =SUMIF($I$7:$IO$7,"ANO",I14:IO14) -> 310456.72 | I14: 364 | J14: m3xkm | K14: =VLOOKUP($G14,'Quantidades Padrão'!$E$7:$J$103,K$8,0) -> 7.6820513 | L14: m3xkm | M14: =I14*K14 -> 2796.2667 | N14: m3xkm | O14: =$D14*M14 -> 4977.3547 | Q14: =O14/O$71 -> 0.0008018562 | R14: =R13 -> 500 | S14: m3xkm | T14: =VLOOKUP($G14,'Quantidades Padrão'!$E$7:$J$103,T$8,0) -> 7.6820513 | U14: m3xkm | V14: =R14*T14 -> 3841.0256 | W14: m3xkm | X14: =$D14*V14 -> 6837.0256 | Z14: =Z13 -> 500 | AA14: m3xkm | AB14: =VLOOKUP($G14,'Quantidades Padrão'!$E$7:$J$103,AB$8,0) -> 14.403846 | AC14: m3xkm | AD14: =Z14*AB14 -> 7201.9231 | AE14: m3xkm | AF14: =$D14*AD14 -> 12819.423 | AH14: =AH13 -> 500 | AI14: m3xkm | AJ14: =VLOOKUP($G14,'Quantidades Padrão'!$E$7:$J$103,AJ$8,0) -> 7.6820513 | AK14: m3xkm | AL14: =AH14*AJ14 -> 3841.0256 | AM14: m3xkm | AN14: =$D14*AL14 -> 6837.0256 | AP14: =AP13 -> 500 | AQ14: m3xkm | AR14: =VLOOKUP($G14,'Quantidades Padrão'!$E$7:$J$103,AR$8,0) -> 7.6820513 | AS14: m3xkm | AT14: =AP14*AR14 -> 3841.0256 | AU14: m3xkm | AV14: =$D14*AT14 -> 6837.0256 | AX14: =AX13 -> 513.17434 | AY14: m3xkm | AZ14: =VLOOKUP($G14,'Quantidades Padrão'!$E$7:$J$103,AZ$8,0) -> 11.042949 | BA14: m3xkm | BB14: =AX14*AZ14 -> 5666.958 | BC14: m3xkm | BD14: =$D14*BB14 -> 10087.185 | BF14: =BF13 -> 539.66869 | BG14: m3xkm | BH14: =VLOOKUP($G14,'Quantidades Padrão'!$E$7:$J$103,BH$8,0) -> 14.403846 | BI14: m3xkm | BJ14: =BF14*BH14 -> 7773.3047 | BK14: m3xkm | BL14: =$D14*BJ14 -> 13836.482 | BN14: =BN13 -> 539.66869 | BO14: m3xkm | BP14: =VLOOKUP($G14,'Quantidades Padrão'!$E$7:$J$103,BP$8,0) -> 7.6820513 | BQ14: m3xkm | BR14: =BN14*BP14 -> 4145.7625 | BS14: m3xkm | BT14: =$D14*BR14 -> 7379.4573 | BV14: =BV13 -> 539.66869 | BW14: m3xkm | BX14: =VLOOKUP($G14,'Quantidades Padrão'!$E$7:$J$103,BX$8,0) -> 11.042949 | BY14: m3xkm | BZ14: =BV14*BX14 -> 5959.5336 | CA14: m3xkm | CB14: =$D14*BZ14 -> 10607.97 | CD14: =CD13 -> 539.66869 | CE14: m3xkm | CF14: =VLOOKUP($G14,'Quantidades Padrão'!$E$7:$J$103,CF$8,0) -> 14.403846 | CG14: m3xkm | CH14: =CD14*CF14 -> 7773.3047 | CI14: m3xkm | CJ14: =$D14*CH14 -> 13836.482 | CL14: =CL13 -> 539.66869 | CM14: m3xkm | CN14: =VLOOKUP($G14,'Quantidades Padrão'!$E$7:$J$103,CN$8,0) -> 7.6820513 | CO14: m3xkm | CP14: =CL14*CN14 -> 4145.7625 | CQ14: m3xkm | CR14: =$D14*CP14 -> 7379.4573 | CT14: =CT13 -> 539.66869 | CU14: m3xkm | CV14: =VLOOKUP($G14,'Quantidades Padrão'!$E$7:$J$103,CV$8,0) -> 11.042949 | CW14: m3xkm | CX14: =CT14*CV14 -> 5959.5336 | CY14: m3xkm | CZ14: =$D14*CX14 -> 10607.97 | DB14: =DB13 -> 539.66869 | DC14: m3xkm | DD14: =VLOOKUP($G14,'Quantidades Padrão'!$E$7:$J$103,DD$8,0) -> 14.403846 | DE14: m3xkm | DF14: =DB14*DD14 -> 7773.3047 | DG14: m3xkm | DH14: =$D14*DF14 -> 13836.482 | DJ14: =DJ13 -> 539.66869 | DK14: m3xkm | DL14: =VLOOKUP($G14,'Quantidades Padrão'!$E$7:$J$103,DL$8,0) -> 7.6820513 | DM14: m3xkm | DN14: =DJ14*DL14 -> 4145.7625 | DO14: m3xkm | DP14: =$D14*DN14 -> 7379.4573 | DR14: =DR13 -> 539.66869 | DS14: m3xkm | DT14: =VLOOKUP($G14,'Quantidades Padrão'!$E$7:$J$103,DT$8,0) -> 11.042949 | DU14: m3xkm | DV14: =DR14*DT14 -> 5959.5336 | DW14: m3xkm | DX14: =$D14*DV14 -> 10607.97 | DZ14: =DZ13 -> 548.54869 | EA14: m3xkm | EB14: =VLOOKUP($G14,'Quantidades Padrão'!$E$7:$J$103,EB$8,0) -> 14.403846 | EC14: m3xkm | ED14: =DZ14*EB14 -> 7901.2109 | EE14: m3xkm | EF14: =$D14*ED14 -> 14064.155 | EH14: =EH13 -> 548.54869 | EI14: m3xkm | EJ14: =VLOOKUP($G14,'Quantidades Padrão'!$E$7:$J$103,EJ$8,0) -> 7.6820513 | EK14: m3xkm | EL14: =EH14*EJ14 -> 4213.9791 | EM14: m3xkm | EN14: =$D14*EL14 -> 7500.8829 | EP14: =EP13 -> 548.54869 | EQ14: m3xkm | ER14: =VLOOKUP($G14,'Quantidades Padrão'!$E$7:$J$103,ER$8,0) -> 11.042949 | ES14: m3xkm | ET14: =EP14*ER14 -> 6057.595 | EU14: m3xkm | EV14: =$D14*ET14 -> 10782.519 | EX14: =EX13 -> 548.54869 | EY14: m3xkm | EZ14: =VLOOKUP($G14,'Quantidades Padrão'!$E$7:$J$103,EZ$8,0) -> 14.403846 | FA14: m3xkm | FB14: =EX14*EZ14 -> 7901.2109 | FC14: m3xkm | FD14: =$D14*FB14 -> 14064.155 | FF14: =FF13 -> 548.54869 | FG14: m3xkm | FH14: =VLOOKUP($G14,'Quantidades Padrão'!$E$7:$J$103,FH$8,0) -> 7.6820513 | FI14: m3xkm | FJ14: =FF14*FH14 -> 4213.9791 | FK14: m3xkm | FL14: =$D14*FJ14 -> 7500.8829 | FN14: =FN13 -> 571.14869 | FO14: m3xkm | FP14: =VLOOKUP($G14,'Quantidades Padrão'!$E$7:$J$103,FP$8,0) -> 11.042949 | FQ14: m3xkm | FR14: =FN14*FP14 -> 6307.1656 | FS14: m3xkm | FT14: =$D14*FR14 -> 11226.755 | FV14: =FV13 -> 571.14869 | FW14: m3xkm | FX14: =VLOOKUP($G14,'Quantidades Padrão'!$E$7:$J$103,FX$8,0) -> 14.403846 | FY14: m3xkm | FZ14: =FV14*FX14 -> 8226.7378 | GA14: m3xkm | GB14: =$D14*FZ14 -> 14643.593 | GD14: =GD13 -> 571.14869 | GE14: m3xkm | GF14: =VLOOKUP($G14,'Quantidades Padrão'!$E$7:$J$103,GF$8,0) -> 7.6820513 | GG14: m3xkm | GH14: =GD14*GF14 -> 4387.5935 | GI14: m3xkm | GJ14: =$D14*GH14 -> 7809.9164 | GL14: =GL13 -> 571.14869 | GM14: m3xkm | GN14: =VLOOKUP($G14,'Quantidades Padrão'!$E$7:$J$103,GN$8,0) -> 11.042949 | GO14: m3xkm | GP14: =GL14*GN14 -> 6307.1656 | GQ14: m3xkm | GR14: =$D14*GP14 -> 11226.755 | GT14: =GT13 -> 571.14869 | GU14: m3xkm | GV14: =VLOOKUP($G14,'Quantidades Padrão'!$E$7:$J$103,GV$8,0) -> 14.403846 | GW14: m3xkm | GX14: =GT14*GV14 -> 8226.7378 | GY14: m3xkm | GZ14: =$D14*GX14 -> 14643.593 | HB14: =HB13 -> 575.58869 | HC14: m3xkm | HD14: =VLOOKUP($G14,'Quantidades Padrão'!$E$7:$J$103,HD$8,0) -> 7.6820513 | HE14: m3xkm | HF14: =HB14*HD14 -> 4421.7018 | HG14: m3xkm | HH14: =$D14*HF14 -> 7870.6292 | HJ14: =HJ13 -> 575.58869 | HK14: m3xkm | HL14: =VLOOKUP($G14,'Quantidades Padrão'!$E$7:$J$103,HL$8,0) -> 11.042949 | HM14: m3xkm | HN14: =HJ14*HL14 -> 6356.1963 | HO14: m3xkm | HP14: =$D14*HN14 -> 11314.029 | HR14: =HR13 -> 575.58869 | HS14: m3xkm | HT14: =VLOOKUP($G14,'Quantidades Padrão'!$E$7:$J$103,HT$8,0) -> 14.403846 | HU14: m3xkm | HV14: =HR14*HT14 -> 8290.6909 | HW14: m3xkm | HX14: =$D14*HV14 -> 14757.43 | HZ14: =HZ13 -> 575.58869 | IA14: m3xkm | IB14: =VLOOKUP($G14,'Quantidades Padrão'!$E$7:$J$103,IB$8,0) -> 7.6820513 | IC14: m3xkm | ID14: =HZ14*IB14 -> 4421.7018 | IE14: m3xkm | IF14: =$D14*ID14 -> 7870.6292 | IH14: =IH13 -> 575.58869 | II14: m3xkm | IJ14: =VLOOKUP($G14,'Quantidades Padrão'!$E$7:$J$103,IJ$8,0) -> 11.042949 | IK14: m3xkm | IL14: =IH14*IJ14 -> 6356.1963 | IM14: m3xkm | IN14: =$D14*IL14 -> 11314.029
D15: =VLOOKUP(E15,'DER MG'!$D$5:$I$150,6,0) -> 1.71 | E15: 41340 | G15: Transporte de material de jazida para conservação. Distância média de transporte 20,10 a 25,00 Km | H15: =SUMIF($I$7:$IO$7,"ANO",I15:IO15) -> 937350.08 | I15: 364 | J15: m3xkm | K15: =VLOOKUP($G15,'Quantidades Padrão'!$E$7:$J$103,K$8,0) -> 24.14359 | L15: m3xkm | M15: =I15*K15 -> 8788.2667 | N15: m3xkm | O15: =$D15*M15 -> 15027.936 | Q15: =O15/O$71 -> 0.0024210137 | R15: =R14 -> 500 | S15: m3xkm | T15: =VLOOKUP($G15,'Quantidades Padrão'!$E$7:$J$103,T$8,0) -> 24.14359 | U15: m3xkm | V15: =R15*T15 -> 12071.795 | W15: m3xkm | X15: =$D15*V15 -> 20642.769 | Z15: =Z14 -> 500 | AA15: m3xkm | AB15: =VLOOKUP($G15,'Quantidades Padrão'!$E$7:$J$103,AB$8,0) -> 45.269231 | AC15: m3xkm | AD15: =Z15*AB15 -> 22634.615 | AE15: m3xkm | AF15: =$D15*AD15 -> 38705.192 | AH15: =AH14 -> 500 | AI15: m3xkm | AJ15: =VLOOKUP($G15,'Quantidades Padrão'!$E$7:$J$103,AJ$8,0) -> 24.14359 | AK15: m3xkm | AL15: =AH15*AJ15 -> 12071.795 | AM15: m3xkm | AN15: =$D15*AL15 -> 20642.769 | AP15: =AP14 -> 500 | AQ15: m3xkm | AR15: =VLOOKUP($G15,'Quantidades Padrão'!$E$7:$J$103,AR$8,0) -> 24.14359 | AS15: m3xkm | AT15: =AP15*AR15 -> 12071.795 | AU15: m3xkm | AV15: =$D15*AT15 -> 20642.769 | AX15: =AX14 -> 513.17434 | AY15: m3xkm | AZ15: =VLOOKUP($G15,'Quantidades Padrão'!$E$7:$J$103,AZ$8,0) -> 34.70641 | BA15: m3xkm | BB15: =AX15*AZ15 -> 17810.439 | BC15: m3xkm | BD15: =$D15*BB15 -> 30455.851 | BF15: =BF14 -> 539.66869 | BG15: m3xkm | BH15: =VLOOKUP($G15,'Quantidades Padrão'!$E$7:$J$103,BH$8,0) -> 45.269231 | BI15: m3xkm | BJ15: =BF15*BH15 -> 24430.386 | BK15: m3xkm | BL15: =$D15*BJ15 -> 41775.961 | BN15: =BN14 -> 539.66869 | BO15: m3xkm | BP15: =VLOOKUP($G15,'Quantidades Padrão'!$E$7:$J$103,BP$8,0) -> 24.14359 | BQ15: m3xkm | BR15: =BN15*BP15 -> 13029.539 | BS15: m3xkm | BT15: =$D15*BR15 -> 22280.512 | BV15: =BV14 -> 539.66869 | BW15: m3xkm | BX15: =VLOOKUP($G15,'Quantidades Padrão'!$E$7:$J$103,BX$8,0) -> 34.70641 | BY15: m3xkm | BZ15: =BV15*BX15 -> 18729.963 | CA15: m3xkm | CB15: =$D15*BZ15 -> 32028.236 | CD15: =CD14 -> 539.66869 | CE15: m3xkm | CF15: =VLOOKUP($G15,'Quantidades Padrão'!$E$7:$J$103,CF$8,0) -> 45.269231 | CG15: m3xkm | CH15: =CD15*CF15 -> 24430.386 | CI15: m3xkm | CJ15: =$D15*CH15 -> 41775.961 | CL15: =CL14 -> 539.66869 | CM15: m3xkm | CN15: =VLOOKUP($G15,'Quantidades Padrão'!$E$7:$J$103,CN$8,0) -> 24.14359 | CO15: m3xkm | CP15: =CL15*CN15 -> 13029.539 | CQ15: m3xkm | CR15: =$D15*CP15 -> 22280.512 | CT15: =CT14 -> 539.66869 | CU15: m3xkm | CV15: =VLOOKUP($G15,'Quantidades Padrão'!$E$7:$J$103,CV$8,0) -> 34.70641 | CW15: m3xkm | CX15: =CT15*CV15 -> 18729.963 | CY15: m3xkm | CZ15: =$D15*CX15 -> 32028.236 | DB15: =DB14 -> 539.66869 | DC15: m3xkm | DD15: =VLOOKUP($G15,'Quantidades Padrão'!$E$7:$J$103,DD$8,0) -> 45.269231 | DE15: m3xkm | DF15: =DB15*DD15 -> 24430.386 | DG15: m3xkm | DH15: =$D15*DF15 -> 41775.961 | DJ15: =DJ14 -> 539.66869 | DK15: m3xkm | DL15: =VLOOKUP($G15,'Quantidades Padrão'!$E$7:$J$103,DL$8,0) -> 24.14359 | DM15: m3xkm | DN15: =DJ15*DL15 -> 13029.539 | DO15: m3xkm | DP15: =$D15*DN15 -> 22280.512 | DR15: =DR14 -> 539.66869 | DS15: m3xkm | DT15: =VLOOKUP($G15,'Quantidades Padrão'!$E$7:$J$103,DT$8,0) -> 34.70641 | DU15: m3xkm | DV15: =DR15*DT15 -> 18729.963 | DW15: m3xkm | DX15: =$D15*DV15 -> 32028.236 | DZ15: =DZ14 -> 548.54869 | EA15: m3xkm | EB15: =VLOOKUP($G15,'Quantidades Padrão'!$E$7:$J$103,EB$8,0) -> 45.269231 | EC15: m3xkm | ED15: =DZ15*EB15 -> 24832.377 | EE15: m3xkm | EF15: =$D15*ED15 -> 42463.365 | EH15: =EH14 -> 548.54869 | EI15: m3xkm | EJ15: =VLOOKUP($G15,'Quantidades Padrão'!$E$7:$J$103,EJ$8,0) -> 24.14359 | EK15: m3xkm | EL15: =EH15*EJ15 -> 13243.934 | EM15: m3xkm | EN15: =$D15*EL15 -> 22647.128 | EP15: =EP14 -> 548.54869 | EQ15: m3xkm | ER15: =VLOOKUP($G15,'Quantidades Padrão'!$E$7:$J$103,ER$8,0) -> 34.70641 | ES15: m3xkm | ET15: =EP15*ER15 -> 19038.156 | EU15: m3xkm | EV15: =$D15*ET15 -> 32555.246 | EX15: =EX14 -> 548.54869 | EY15: m3xkm | EZ15: =VLOOKUP($G15,'Quantidades Padrão'!$E$7:$J$103,EZ$8,0) -> 45.269231 | FA15: m3xkm | FB15: =EX15*EZ15 -> 24832.377 | FC15: m3xkm | FD15: =$D15*FB15 -> 42463.365 | FF15: =FF14 -> 548.54869 | FG15: m3xkm | FH15: =VLOOKUP($G15,'Quantidades Padrão'!$E$7:$J$103,FH$8,0) -> 24.14359 | FI15: m3xkm | FJ15: =FF15*FH15 -> 13243.934 | FK15: m3xkm | FL15: =$D15*FJ15 -> 22647.128 | FN15: =FN14 -> 571.14869 | FO15: m3xkm | FP15: =VLOOKUP($G15,'Quantidades Padrão'!$E$7:$J$103,FP$8,0) -> 34.70641 | FQ15: m3xkm | FR15: =FN15*FP15 -> 19822.521 | FS15: m3xkm | FT15: =$D15*FR15 -> 33896.51 | FV15: =FV14 -> 571.14869 | FW15: m3xkm | FX15: =VLOOKUP($G15,'Quantidades Padrão'!$E$7:$J$103,FX$8,0) -> 45.269231 | FY15: m3xkm | FZ15: =FV15*FX15 -> 25855.462 | GA15: m3xkm | GB15: =$D15*FZ15 -> 44212.839 | GD15: =GD14 -> 571.14869 | GE15: m3xkm | GF15: =VLOOKUP($G15,'Quantidades Padrão'!$E$7:$J$103,GF$8,0) -> 24.14359 | GG15: m3xkm | GH15: =GD15*GF15 -> 13789.58 | GI15: m3xkm | GJ15: =$D15*GH15 -> 23580.181 | GL15: =GL14 -> 571.14869 | GM15: m3xkm | GN15: =VLOOKUP($G15,'Quantidades Padrão'!$E$7:$J$103,GN$8,0) -> 34.70641 | GO15: m3xkm | GP15: =GL15*GN15 -> 19822.521 | GQ15: m3xkm | GR15: =$D15*GP15 -> 33896.51 | GT15: =GT14 -> 571.14869 | GU15: m3xkm | GV15: =VLOOKUP($G15,'Quantidades Padrão'!$E$7:$J$103,GV$8,0) -> 45.269231 | GW15: m3xkm | GX15: =GT15*GV15 -> 25855.462 | GY15: m3xkm | GZ15: =$D15*GX15 -> 44212.839 | HB15: =HB14 -> 575.58869 | HC15: m3xkm | HD15: =VLOOKUP($G15,'Quantidades Padrão'!$E$7:$J$103,HD$8,0) -> 24.14359 | HE15: m3xkm | HF15: =HB15*HD15 -> 13896.777 | HG15: m3xkm | HH15: =$D15*HF15 -> 23763.489 | HJ15: =HJ14 -> 575.58869 | HK15: m3xkm | HL15: =VLOOKUP($G15,'Quantidades Padrão'!$E$7:$J$103,HL$8,0) -> 34.70641 | HM15: m3xkm | HN15: =HJ15*HL15 -> 19976.617 | HO15: m3xkm | HP15: =$D15*HN15 -> 34160.015 | HR15: =HR14 -> 575.58869 | HS15: m3xkm | HT15: =VLOOKUP($G15,'Quantidades Padrão'!$E$7:$J$103,HT$8,0) -> 45.269231 | HU15: m3xkm | HV15: =HR15*HT15 -> 26056.457 | HW15: m3xkm | HX15: =$D15*HV15 -> 44556.542 | HZ15: =HZ14 -> 575.58869 | IA15: m3xkm | IB15: =VLOOKUP($G15,'Quantidades Padrão'!$E$7:$J$103,IB$8,0) -> 24.14359 | IC15: m3xkm | ID15: =HZ15*IB15 -> 13896.777 | IE15: m3xkm | IF15: =$D15*ID15 -> 23763.489 | IH15: =IH14 -> 575.58869 | II15: m3xkm | IJ15: =VLOOKUP($G15,'Quantidades Padrão'!$E$7:$J$103,IJ$8,0) -> 34.70641 | IK15: m3xkm | IL15: =IH15*IJ15 -> 19976.617 | IM15: m3xkm | IN15: =$D15*IL15 -> 34160.015
D16: =VLOOKUP(E16,'DER MG'!$D$5:$I$150,6,0) -> 1.49 | E16: 41344 | G16: Transporte de material de jazida para conservação. Distância média de transporte > 50,10 km | H16: =SUMIF($I$7:$IO$7,"ANO",I16:IO16) -> 5967882.7 | I16: 364 | J16: m3xkm | K16: =VLOOKUP($G16,'Quantidades Padrão'!$E$7:$J$103,K$8,0) -> 176.41282 | L16: m3xkm | M16: =I16*K16 -> 64214.267 | N16: m3xkm | O16: =$D16*M16 -> 95679.257 | Q16: =O16/O$71 -> 0.015414012 | R16: =R15 -> 500 | S16: m3xkm | T16: =VLOOKUP($G16,'Quantidades Padrão'!$E$7:$J$103,T$8,0) -> 176.41282 | U16: m3xkm | V16: =R16*T16 -> 88206.41 | W16: m3xkm | X16: =$D16*V16 -> 131427.55 | Z16: =Z15 -> 500 | AA16: m3xkm | AB16: =VLOOKUP($G16,'Quantidades Padrão'!$E$7:$J$103,AB$8,0) -> 330.77404 | AC16: m3xkm | AD16: =Z16*AB16 -> 165387.02 | AE16: m3xkm | AF16: =$D16*AD16 -> 246426.66 | AH16: =AH15 -> 500 | AI16: m3xkm | AJ16: =VLOOKUP($G16,'Quantidades Padrão'!$E$7:$J$103,AJ$8,0) -> 176.41282 | AK16: m3xkm | AL16: =AH16*AJ16 -> 88206.41 | AM16: m3xkm | AN16: =$D16*AL16 -> 131427.55 | AP16: =AP15 -> 500 | AQ16: m3xkm | AR16: =VLOOKUP($G16,'Quantidades Padrão'!$E$7:$J$103,AR$8,0) -> 176.41282 | AS16: m3xkm | AT16: =AP16*AR16 -> 88206.41 | AU16: m3xkm | AV16: =$D16*AT16 -> 131427.55 | AX16: =AX15 -> 513.17434 | AY16: m3xkm | AZ16: =VLOOKUP($G16,'Quantidades Padrão'!$E$7:$J$103,AZ$8,0) -> 253.59343 | BA16: m3xkm | BB16: =AX16*AZ16 -> 130137.64 | BC16: m3xkm | BD16: =$D16*BB16 -> 193905.09 | BF16: =BF15 -> 539.66869 | BG16: m3xkm | BH16: =VLOOKUP($G16,'Quantidades Padrão'!$E$7:$J$103,BH$8,0) -> 330.77404 | BI16: m3xkm | BJ16: =BF16*BH16 -> 178508.39 | BK16: m3xkm | BL16: =$D16*BJ16 -> 265977.5 | BN16: =BN15 -> 539.66869 | BO16: m3xkm | BP16: =VLOOKUP($G16,'Quantidades Padrão'!$E$7:$J$103,BP$8,0) -> 176.41282 | BQ16: m3xkm | BR16: =BN16*BP16 -> 95204.475 | BS16: m3xkm | BT16: =$D16*BR16 -> 141854.67 | BV16: =BV15 -> 539.66869 | BW16: m3xkm | BX16: =VLOOKUP($G16,'Quantidades Padrão'!$E$7:$J$103,BX$8,0) -> 253.59343 | BY16: m3xkm | BZ16: =BV16*BX16 -> 136856.43 | CA16: m3xkm | CB16: =$D16*BZ16 -> 203916.08 | CD16: =CD15 -> 539.66869 | CE16: m3xkm | CF16: =VLOOKUP($G16,'Quantidades Padrão'!$E$7:$J$103,CF$8,0) -> 330.77404 | CG16: m3xkm | CH16: =CD16*CF16 -> 178508.39 | CI16: m3xkm | CJ16: =$D16*CH16 -> 265977.5 | CL16: =CL15 -> 539.66869 | CM16: m3xkm | CN16: =VLOOKUP($G16,'Quantidades Padrão'!$E$7:$J$103,CN$8,0) -> 176.41282 | CO16: m3xkm | CP16: =CL16*CN16 -> 95204.475 | CQ16: m3xkm | CR16: =$D16*CP16 -> 141854.67 | CT16: =CT15 -> 539.66869 | CU16: m3xkm | CV16: =VLOOKUP($G16,'Quantidades Padrão'!$E$7:$J$103,CV$8,0) -> 253.59343 | CW16: m3xkm | CX16: =CT16*CV16 -> 136856.43 | CY16: m3xkm | CZ16: =$D16*CX16 -> 203916.08 | DB16: =DB15 -> 539.66869 | DC16: m3xkm | DD16: =VLOOKUP($G16,'Quantidades Padrão'!$E$7:$J$103,DD$8,0) -> 330.77404 | DE16: m3xkm | DF16: =DB16*DD16 -> 178508.39 | DG16: m3xkm | DH16: =$D16*DF16 -> 265977.5 | DJ16: =DJ15 -> 539.66869 | DK16: m3xkm | DL16: =VLOOKUP($G16,'Quantidades Padrão'!$E$7:$J$103,DL$8,0) -> 176.41282 | DM16: m3xkm | DN16: =DJ16*DL16 -> 95204.475 | DO16: m3xkm | DP16: =$D16*DN16 -> 141854.67 | DR16: =DR15 -> 539.66869 | DS16: m3xkm | DT16: =VLOOKUP($G16,'Quantidades Padrão'!$E$7:$J$103,DT$8,0) -> 253.59343 | DU16: m3xkm | DV16: =DR16*DT16 -> 136856.43 | DW16: m3xkm | DX16: =$D16*DV16 -> 203916.08 | DZ16: =DZ15 -> 548.54869 | EA16: m3xkm | EB16: =VLOOKUP($G16,'Quantidades Padrão'!$E$7:$J$103,EB$8,0) -> 330.77404 | EC16: m3xkm | ED16: =DZ16*EB16 -> 181445.66 | EE16: m3xkm | EF16: =$D16*ED16 -> 270354.04 | EH16: =EH15 -> 548.54869 | EI16: m3xkm | EJ16: =VLOOKUP($G16,'Quantidades Padrão'!$E$7:$J$103,EJ$8,0) -> 176.41282 | EK16: m3xkm | EL16: =EH16*EJ16 -> 96771.021 | EM16: m3xkm | EN16: =$D16*EL16 -> 144188.82 | EP16: =EP15 -> 548.54869 | EQ16: m3xkm | ER16: =VLOOKUP($G16,'Quantidades Padrão'!$E$7:$J$103,ER$8,0) -> 253.59343 | ES16: m3xkm | ET16: =EP16*ER16 -> 139108.34 | EU16: m3xkm | EV16: =$D16*ET16 -> 207271.43 | EX16: =EX15 -> 548.54869 | EY16: m3xkm | EZ16: =VLOOKUP($G16,'Quantidades Padrão'!$E$7:$J$103,EZ$8,0) -> 330.77404 | FA16: m3xkm | FB16: =EX16*EZ16 -> 181445.66 | FC16: m3xkm | FD16: =$D16*FB16 -> 270354.04 | FF16: =FF15 -> 548.54869 | FG16: m3xkm | FH16: =VLOOKUP($G16,'Quantidades Padrão'!$E$7:$J$103,FH$8,0) -> 176.41282 | FI16: m3xkm | FJ16: =FF16*FH16 -> 96771.021 | FK16: m3xkm | FL16: =$D16*FJ16 -> 144188.82 | FN16: =FN15 -> 571.14869 | FO16: m3xkm | FP16: =VLOOKUP($G16,'Quantidades Padrão'!$E$7:$J$103,FP$8,0) -> 253.59343 | FQ16: m3xkm | FR16: =FN16*FP16 -> 144839.55 | FS16: m3xkm | FT16: =$D16*FR16 -> 215810.94 | FV16: =FV15 -> 571.14869 | FW16: m3xkm | FX16: =VLOOKUP($G16,'Quantidades Padrão'!$E$7:$J$103,FX$8,0) -> 330.77404 | FY16: m3xkm | FZ16: =FV16*FX16 -> 188921.16 | GA16: m3xkm | GB16: =$D16*FZ16 -> 281492.52 | GD16: =GD15 -> 571.14869 | GE16: m3xkm | GF16: =VLOOKUP($G16,'Quantidades Padrão'!$E$7:$J$103,GF$8,0) -> 176.41282 | GG16: m3xkm | GH16: =GD16*GF16 -> 100757.95 | GI16: m3xkm | GJ16: =$D16*GH16 -> 150129.35 | GL16: =GL15 -> 571.14869 | GM16: m3xkm | GN16: =VLOOKUP($G16,'Quantidades Padrão'!$E$7:$J$103,GN$8,0) -> 253.59343 | GO16: m3xkm | GP16: =GL16*GN16 -> 144839.55 | GQ16: m3xkm | GR16: =$D16*GP16 -> 215810.94 | GT16: =GT15 -> 571.14869 | GU16: m3xkm | GV16: =VLOOKUP($G16,'Quantidades Padrão'!$E$7:$J$103,GV$8,0) -> 330.77404 | GW16: m3xkm | GX16: =GT16*GV16 -> 188921.16 | GY16: m3xkm | GZ16: =$D16*GX16 -> 281492.52 | HB16: =HB15 -> 575.58869 | HC16: m3xkm | HD16: =VLOOKUP($G16,'Quantidades Padrão'!$E$7:$J$103,HD$8,0) -> 176.41282 | HE16: m3xkm | HF16: =HB16*HD16 -> 101541.22 | HG16: m3xkm | HH16: =$D16*HF16 -> 151296.42 | HJ16: =HJ15 -> 575.58869 | HK16: m3xkm | HL16: =VLOOKUP($G16,'Quantidades Padrão'!$E$7:$J$103,HL$8,0) -> 253.59343 | HM16: m3xkm | HN16: =HJ16*HL16 -> 145965.51 | HO16: m3xkm | HP16: =$D16*HN16 -> 217488.61 | HR16: =HR15 -> 575.58869 | HS16: m3xkm | HT16: =VLOOKUP($G16,'Quantidades Padrão'!$E$7:$J$103,HT$8,0) -> 330.77404 | HU16: m3xkm | HV16: =HR16*HT16 -> 190389.79 | HW16: m3xkm | HX16: =$D16*HV16 -> 283680.79 | HZ16: =HZ15 -> 575.58869 | IA16: m3xkm | IB16: =VLOOKUP($G16,'Quantidades Padrão'!$E$7:$J$103,IB$8,0) -> 176.41282 | IC16: m3xkm | ID16: =HZ16*IB16 -> 101541.22 | IE16: m3xkm | IF16: =$D16*ID16 -> 151296.42 | IH16: =IH15 -> 575.58869 | II16: m3xkm | IJ16: =VLOOKUP($G16,'Quantidades Padrão'!$E$7:$J$103,IJ$8,0) -> 253.59343 | IK16: m3xkm | IL16: =IH16*IJ16 -> 145965.51 | IM16: m3xkm | IN16: =$D16*IL16 -> 217488.61
D17: =VLOOKUP(E17,'DER MG'!$D$5:$I$150,6,0) -> 2.62 | E17: 41361 | G17: Transporte de concreto betuminoso usinado a quente. Distância média de transporte < = 10,00 km (Densidade do material solto) | H17: =SUMIF($I$7:$IO$7,"ANO",I17:IO17) -> 24134611 | I17: 364 | J17: m3Km | K17: =VLOOKUP($G17,'Quantidades Padrão'!$E$7:$J$103,K$8,0) -> 405.72815 | L17: m3Km | M17: =I17*K17 -> 147685.05 | N17: m3Km | O17: =$D17*M17 -> 386934.82 | Q17: =O17/O$71 -> 0.062335538 | R17: =R16 -> 500 | S17: m3Km | T17: =VLOOKUP($G17,'Quantidades Padrão'!$E$7:$J$103,T$8,0) -> 405.72815 | U17: m3Km | V17: =R17*T17 -> 202864.07 | W17: m3Km | X17: =$D17*V17 -> 531503.87 | Z17: =Z16 -> 500 | AA17: m3Km | AB17: =VLOOKUP($G17,'Quantidades Padrão'!$E$7:$J$103,AB$8,0) -> 760.74028 | AC17: m3Km | AD17: =Z17*AB17 -> 380370.14 | AE17: m3Km | AF17: =$D17*AD17 -> 996569.76 | AH17: =AH16 -> 500 | AI17: m3Km | AJ17: =VLOOKUP($G17,'Quantidades Padrão'!$E$7:$J$103,AJ$8,0) -> 405.72815 | AK17: m3Km | AL17: =AH17*AJ17 -> 202864.07 | AM17: m3Km | AN17: =$D17*AL17 -> 531503.87 | AP17: =AP16 -> 500 | AQ17: m3Km | AR17: =VLOOKUP($G17,'Quantidades Padrão'!$E$7:$J$103,AR$8,0) -> 405.72815 | AS17: m3Km | AT17: =AP17*AR17 -> 202864.07 | AU17: m3Km | AV17: =$D17*AT17 -> 531503.87 | AX17: =AX16 -> 513.17434 | AY17: m3Km | AZ17: =VLOOKUP($G17,'Quantidades Padrão'!$E$7:$J$103,AZ$8,0) -> 583.23421 | BA17: m3Km | BB17: =AX17*AZ17 -> 299300.83 | BC17: m3Km | BD17: =$D17*BB17 -> 784168.19 | BF17: =BF16 -> 539.66869 | BG17: m3Km | BH17: =VLOOKUP($G17,'Quantidades Padrão'!$E$7:$J$103,BH$8,0) -> 760.74028 | BI17: m3Km | BJ17: =BF17*BH17 -> 410547.71 | BK17: m3Km | BL17: =$D17*BJ17 -> 1075635 | BN17: =BN16 -> 539.66869 | BO17: m3Km | BP17: =VLOOKUP($G17,'Quantidades Padrão'!$E$7:$J$103,BP$8,0) -> 405.72815 | BQ17: m3Km | BR17: =BN17*BP17 -> 218958.78 | BS17: m3Km | BT17: =$D17*BR17 -> 573671.99 | BV17: =BV16 -> 539.66869 | BW17: m3Km | BX17: =VLOOKUP($G17,'Quantidades Padrão'!$E$7:$J$103,BX$8,0) -> 583.23421 | BY17: m3Km | BZ17: =BV17*BX17 -> 314753.24 | CA17: m3Km | CB17: =$D17*BZ17 -> 824653.49 | CD17: =CD16 -> 539.66869 | CE17: m3Km | CF17: =VLOOKUP($G17,'Quantidades Padrão'!$E$7:$J$103,CF$8,0) -> 760.74028 | CG17: m3Km | CH17: =CD17*CF17 -> 410547.71 | CI17: m3Km | CJ17: =$D17*CH17 -> 1075635 | CL17: =CL16 -> 539.66869 | CM17: m3Km | CN17: =VLOOKUP($G17,'Quantidades Padrão'!$E$7:$J$103,CN$8,0) -> 405.72815 | CO17: m3Km | CP17: =CL17*CN17 -> 218958.78 | CQ17: m3Km | CR17: =$D17*CP17 -> 573671.99 | CT17: =CT16 -> 539.66869 | CU17: m3Km | CV17: =VLOOKUP($G17,'Quantidades Padrão'!$E$7:$J$103,CV$8,0) -> 583.23421 | CW17: m3Km | CX17: =CT17*CV17 -> 314753.24 | CY17: m3Km | CZ17: =$D17*CX17 -> 824653.49 | DB17: =DB16 -> 539.66869 | DC17: m3Km | DD17: =VLOOKUP($G17,'Quantidades Padrão'!$E$7:$J$103,DD$8,0) -> 760.74028 | DE17: m3Km | DF17: =DB17*DD17 -> 410547.71 | DG17: m3Km | DH17: =$D17*DF17 -> 1075635 | DJ17: =DJ16 -> 539.66869 | DK17: m3Km | DL17: =VLOOKUP($G17,'Quantidades Padrão'!$E$7:$J$103,DL$8,0) -> 405.72815 | DM17: m3Km | DN17: =DJ17*DL17 -> 218958.78 | DO17: m3Km | DP17: =$D17*DN17 -> 573671.99 | DR17: =DR16 -> 539.66869 | DS17: m3Km | DT17: =VLOOKUP($G17,'Quantidades Padrão'!$E$7:$J$103,DT$8,0) -> 583.23421 | DU17: m3Km | DV17: =DR17*DT17 -> 314753.24 | DW17: m3Km | DX17: =$D17*DV17 -> 824653.49 | DZ17: =DZ16 -> 548.54869 | EA17: m3Km | EB17: =VLOOKUP($G17,'Quantidades Padrão'!$E$7:$J$103,EB$8,0) -> 760.74028 | EC17: m3Km | ED17: =DZ17*EB17 -> 417303.08 | EE17: m3Km | EF17: =$D17*ED17 -> 1093334.1 | EH17: =EH16 -> 548.54869 | EI17: m3Km | EJ17: =VLOOKUP($G17,'Quantidades Padrão'!$E$7:$J$103,EJ$8,0) -> 405.72815 | EK17: m3Km | EL17: =EH17*EJ17 -> 222561.64 | EM17: m3Km | EN17: =$D17*EL17 -> 583111.5 | EP17: =EP16 -> 548.54869 | EQ17: m3Km | ER17: =VLOOKUP($G17,'Quantidades Padrão'!$E$7:$J$103,ER$8,0) -> 583.23421 | ES17: m3Km | ET17: =EP17*ER17 -> 319932.36 | EU17: m3Km | EV17: =$D17*ET17 -> 838222.79 | EX17: =EX16 -> 548.54869 | EY17: m3Km | EZ17: =VLOOKUP($G17,'Quantidades Padrão'!$E$7:$J$103,EZ$8,0) -> 760.74028 | FA17: m3Km | FB17: =EX17*EZ17 -> 417303.08 | FC17: m3Km | FD17: =$D17*FB17 -> 1093334.1 | FF17: =FF16 -> 548.54869 | FG17: m3Km | FH17: =VLOOKUP($G17,'Quantidades Padrão'!$E$7:$J$103,FH$8,0) -> 405.72815 | FI17: m3Km | FJ17: =FF17*FH17 -> 222561.64 | FK17: m3Km | FL17: =$D17*FJ17 -> 583111.5 | FN17: =FN16 -> 571.14869 | FO17: m3Km | FP17: =VLOOKUP($G17,'Quantidades Padrão'!$E$7:$J$103,FP$8,0) -> 583.23421 | FQ17: m3Km | FR17: =FN17*FP17 -> 333113.45 | FS17: m3Km | FT17: =$D17*FR17 -> 872757.25 | FV17: =FV16 -> 571.14869 | FW17: m3Km | FX17: =VLOOKUP($G17,'Quantidades Padrão'!$E$7:$J$103,FX$8,0) -> 760.74028 | FY17: m3Km | FZ17: =FV17*FX17 -> 434495.81 | GA17: m3Km | GB17: =$D17*FZ17 -> 1138379 | GD17: =GD16 -> 571.14869 | GE17: m3Km | GF17: =VLOOKUP($G17,'Quantidades Padrão'!$E$7:$J$103,GF$8,0) -> 405.72815 | GG17: m3Km | GH17: =GD17*GF17 -> 231731.1 | GI17: m3Km | GJ17: =$D17*GH17 -> 607135.48 | GL17: =GL16 -> 571.14869 | GM17: m3Km | GN17: =VLOOKUP($G17,'Quantidades Padrão'!$E$7:$J$103,GN$8,0) -> 583.23421 | GO17: m3Km | GP17: =GL17*GN17 -> 333113.45 | GQ17: m3Km | GR17: =$D17*GP17 -> 872757.25 | GT17: =GT16 -> 571.14869 | GU17: m3Km | GV17: =VLOOKUP($G17,'Quantidades Padrão'!$E$7:$J$103,GV$8,0) -> 760.74028 | GW17: m3Km | GX17: =GT17*GV17 -> 434495.81 | GY17: m3Km | GZ17: =$D17*GX17 -> 1138379 | HB17: =HB16 -> 575.58869 | HC17: m3Km | HD17: =VLOOKUP($G17,'Quantidades Padrão'!$E$7:$J$103,HD$8,0) -> 405.72815 | HE17: m3Km | HF17: =HB17*HD17 -> 233532.53 | HG17: m3Km | HH17: =$D17*HF17 -> 611855.23 | HJ17: =HJ16 -> 575.58869 | HK17: m3Km | HL17: =VLOOKUP($G17,'Quantidades Padrão'!$E$7:$J$103,HL$8,0) -> 583.23421 | HM17: m3Km | HN17: =HJ17*HL17 -> 335703.01 | HO17: m3Km | HP17: =$D17*HN17 -> 879541.9 | HR17: =HR16 -> 575.58869 | HS17: m3Km | HT17: =VLOOKUP($G17,'Quantidades Padrão'!$E$7:$J$103,HT$8,0) -> 760.74028 | HU17: m3Km | HV17: =HR17*HT17 -> 437873.5 | HW17: m3Km | HX17: =$D17*HV17 -> 1147228.6 | HZ17: =HZ16 -> 575.58869 | IA17: m3Km | IB17: =VLOOKUP($G17,'Quantidades Padrão'!$E$7:$J$103,IB$8,0) -> 405.72815 | IC17: m3Km | ID17: =HZ17*IB17 -> 233532.53 | IE17: m3Km | IF17: =$D17*ID17 -> 611855.23 | IH17: =IH16 -> 575.58869 | II17: m3Km | IJ17: =VLOOKUP($G17,'Quantidades Padrão'!$E$7:$J$103,IJ$8,0) -> 583.23421 | IK17: m3Km | IL17: =IH17*IJ17 -> 335703.01 | IM17: m3Km | IN17: =$D17*IL17 -> 879541.9
D18: =VLOOKUP(E18,'DER MG'!$D$5:$I$150,6,0) -> 1.89 | E18: 41363 | G18: Transporte de concreto betuminoso usinado a quente. Distância média de transporte 15,10 a 20,00 km (Densidade do material solto) | H18: =SUMIF($I$7:$IO$7,"ANO",I18:IO18) -> 184442.69 | I18: 364 | J18: m3xkm | K18: =VLOOKUP($G18,'Quantidades Padrão'!$E$7:$J$103,K$8,0) -> 4.2982906 | L18: m3xkm | M18: =I18*K18 -> 1564.5778 | N18: m3xkm | O18: =$D18*M18 -> 2957.052 | Q18: =O18/O$71 -> 0.00047638367 | R18: =R17 -> 500 | S18: m3xkm | T18: =VLOOKUP($G18,'Quantidades Padrão'!$E$7:$J$103,T$8,0) -> 4.2982906 | U18: m3xkm | V18: =R18*T18 -> 2149.1453 | W18: m3xkm | X18: =$D18*V18 -> 4061.8846 | Z18: =Z17 -> 500 | AA18: m3xkm | AB18: =VLOOKUP($G18,'Quantidades Padrão'!$E$7:$J$103,AB$8,0) -> 8.0592949 | AC18: m3xkm | AD18: =Z18*AB18 -> 4029.6474 | AE18: m3xkm | AF18: =$D18*AD18 -> 7616.0337 | AH18: =AH17 -> 500 | AI18: m3xkm | AJ18: =VLOOKUP($G18,'Quantidades Padrão'!$E$7:$J$103,AJ$8,0) -> 4.2982906 | AK18: m3xkm | AL18: =AH18*AJ18 -> 2149.1453 | AM18: m3xkm | AN18: =$D18*AL18 -> 4061.8846 | AP18: =AP17 -> 500 | AQ18: m3xkm | AR18: =VLOOKUP($G18,'Quantidades Padrão'!$E$7:$J$103,AR$8,0) -> 4.2982906 | AS18: m3xkm | AT18: =AP18*AR18 -> 2149.1453 | AU18: m3xkm | AV18: =$D18*AT18 -> 4061.8846 | AX18: =AX17 -> 513.17434 | AY18: m3xkm | AZ18: =VLOOKUP($G18,'Quantidades Padrão'!$E$7:$J$103,AZ$8,0) -> 6.1787927 | BA18: m3xkm | BB18: =AX18*AZ18 -> 3170.7979 | BC18: m3xkm | BD18: =$D18*BB18 -> 5992.808 | BF18: =BF17 -> 539.66869 | BG18: m3xkm | BH18: =VLOOKUP($G18,'Quantidades Padrão'!$E$7:$J$103,BH$8,0) -> 8.0592949 | BI18: m3xkm | BJ18: =BF18*BH18 -> 4349.3491 | BK18: m3xkm | BL18: =$D18*BJ18 -> 8220.2697 | BN18: =BN17 -> 539.66869 | BO18: m3xkm | BP18: =VLOOKUP($G18,'Quantidades Padrão'!$E$7:$J$103,BP$8,0) -> 4.2982906 | BQ18: m3xkm | BR18: =BN18*BP18 -> 2319.6528 | BS18: m3xkm | BT18: =$D18*BR18 -> 4384.1439 | BV18: =BV17 -> 539.66869 | BW18: m3xkm | BX18: =VLOOKUP($G18,'Quantidades Padrão'!$E$7:$J$103,BX$8,0) -> 6.1787927 | BY18: m3xkm | BZ18: =BV18*BX18 -> 3334.501 | CA18: m3xkm | CB18: =$D18*BZ18 -> 6302.2068 | CD18: =CD17 -> 539.66869 | CE18: m3xkm | CF18: =VLOOKUP($G18,'Quantidades Padrão'!$E$7:$J$103,CF$8,0) -> 8.0592949 | CG18: m3xkm | CH18: =CD18*CF18 -> 4349.3491 | CI18: m3xkm | CJ18: =$D18*CH18 -> 8220.2697 | CL18: =CL17 -> 539.66869 | CM18: m3xkm | CN18: =VLOOKUP($G18,'Quantidades Padrão'!$E$7:$J$103,CN$8,0) -> 4.2982906 | CO18: m3xkm | CP18: =CL18*CN18 -> 2319.6528 | CQ18: m3xkm | CR18: =$D18*CP18 -> 4384.1439 | CT18: =CT17 -> 539.66869 | CU18: m3xkm | CV18: =VLOOKUP($G18,'Quantidades Padrão'!$E$7:$J$103,CV$8,0) -> 6.1787927 | CW18: m3xkm | CX18: =CT18*CV18 -> 3334.501 | CY18: m3xkm | CZ18: =$D18*CX18 -> 6302.2068 | DB18: =DB17 -> 539.66869 | DC18: m3xkm | DD18: =VLOOKUP($G18,'Quantidades Padrão'!$E$7:$J$103,DD$8,0) -> 8.0592949 | DE18: m3xkm | DF18: =DB18*DD18 -> 4349.3491 | DG18: m3xkm | DH18: =$D18*DF18 -> 8220.2697 | DJ18: =DJ17 -> 539.66869 | DK18: m3xkm | DL18: =VLOOKUP($G18,'Quantidades Padrão'!$E$7:$J$103,DL$8,0) -> 4.2982906 | DM18: m3xkm | DN18: =DJ18*DL18 -> 2319.6528 | DO18: m3xkm | DP18: =$D18*DN18 -> 4384.1439 | DR18: =DR17 -> 539.66869 | DS18: m3xkm | DT18: =VLOOKUP($G18,'Quantidades Padrão'!$E$7:$J$103,DT$8,0) -> 6.1787927 | DU18: m3xkm | DV18: =DR18*DT18 -> 3334.501 | DW18: m3xkm | DX18: =$D18*DV18 -> 6302.2068 | DZ18: =DZ17 -> 548.54869 | EA18: m3xkm | EB18: =VLOOKUP($G18,'Quantidades Padrão'!$E$7:$J$103,EB$8,0) -> 8.0592949 | EC18: m3xkm | ED18: =DZ18*EB18 -> 4420.9156 | EE18: m3xkm | EF18: =$D18*ED18 -> 8355.5305 | EH18: =EH17 -> 548.54869 | EI18: m3xkm | EJ18: =VLOOKUP($G18,'Quantidades Padrão'!$E$7:$J$103,EJ$8,0) -> 4.2982906 | EK18: m3xkm | EL18: =EH18*EJ18 -> 2357.8217 | EM18: m3xkm | EN18: =$D18*EL18 -> 4456.2829 | EP18: =EP17 -> 548.54869 | EQ18: m3xkm | ER18: =VLOOKUP($G18,'Quantidades Padrão'!$E$7:$J$103,ER$8,0) -> 6.1787927 | ES18: m3xkm | ET18: =EP18*ER18 -> 3389.3686 | EU18: m3xkm | EV18: =$D18*ET18 -> 6405.9067 | EX18: =EX17 -> 548.54869 | EY18: m3xkm | EZ18: =VLOOKUP($G18,'Quantidades Padrão'!$E$7:$J$103,EZ$8,0) -> 8.0592949 | FA18: m3xkm | FB18: =EX18*EZ18 -> 4420.9156 | FC18: m3xkm | FD18: =$D18*FB18 -> 8355.5305 | FF18: =FF17 -> 548.54869 | FG18: m3xkm | FH18: =VLOOKUP($G18,'Quantidades Padrão'!$E$7:$J$103,FH$8,0) -> 4.2982906 | FI18: m3xkm | FJ18: =FF18*FH18 -> 2357.8217 | FK18: m3xkm | FL18: =$D18*FJ18 -> 4456.2829 | FN18: =FN17 -> 571.14869 | FO18: m3xkm | FP18: =VLOOKUP($G18,'Quantidades Padrão'!$E$7:$J$103,FP$8,0) -> 6.1787927 | FQ18: m3xkm | FR18: =FN18*FP18 -> 3529.0094 | FS18: m3xkm | FT18: =$D18*FR18 -> 6669.8277 | FV18: =FV17 -> 571.14869 | FW18: m3xkm | FX18: =VLOOKUP($G18,'Quantidades Padrão'!$E$7:$J$103,FX$8,0) -> 8.0592949 | FY18: m3xkm | FZ18: =FV18*FX18 -> 4603.0557 | GA18: m3xkm | GB18: =$D18*FZ18 -> 8699.7752 | GD18: =GD17 -> 571.14869 | GE18: m3xkm | GF18: =VLOOKUP($G18,'Quantidades Padrão'!$E$7:$J$103,GF$8,0) -> 4.2982906 | GG18: m3xkm | GH18: =GD18*GF18 -> 2454.963 | GI18: m3xkm | GJ18: =$D18*GH18 -> 4639.8801 | GL18: =GL17 -> 571.14869 | GM18: m3xkm | GN18: =VLOOKUP($G18,'Quantidades Padrão'!$E$7:$J$103,GN$8,0) -> 6.1787927 | GO18: m3xkm | GP18: =GL18*GN18 -> 3529.0094 | GQ18: m3xkm | GR18: =$D18*GP18 -> 6669.8277 | GT18: =GT17 -> 571.14869 | GU18: m3xkm | GV18: =VLOOKUP($G18,'Quantidades Padrão'!$E$7:$J$103,GV$8,0) -> 8.0592949 | GW18: m3xkm | GX18: =GT18*GV18 -> 4603.0557 | GY18: m3xkm | GZ18: =$D18*GX18 -> 8699.7752 | HB18: =HB17 -> 575.58869 | HC18: m3xkm | HD18: =VLOOKUP($G18,'Quantidades Padrão'!$E$7:$J$103,HD$8,0) -> 4.2982906 | HE18: m3xkm | HF18: =HB18*HD18 -> 2474.0474 | HG18: m3xkm | HH18: =$D18*HF18 -> 4675.9497 | HJ18: =HJ17 -> 575.58869 | HK18: m3xkm | HL18: =VLOOKUP($G18,'Quantidades Padrão'!$E$7:$J$103,HL$8,0) -> 6.1787927 | HM18: m3xkm | HN18: =HJ18*HL18 -> 3556.4432 | HO18: m3xkm | HP18: =$D18*HN18 -> 6721.6776 | HR18: =HR17 -> 575.58869 | HS18: m3xkm | HT18: =VLOOKUP($G18,'Quantidades Padrão'!$E$7:$J$103,HT$8,0) -> 8.0592949 | HU18: m3xkm | HV18: =HR18*HT18 -> 4638.8389 | HW18: m3xkm | HX18: =$D18*HV18 -> 8767.4056 | HZ18: =HZ17 -> 575.58869 | IA18: m3xkm | IB18: =VLOOKUP($G18,'Quantidades Padrão'!$E$7:$J$103,IB$8,0) -> 4.2982906 | IC18: m3xkm | ID18: =HZ18*IB18 -> 2474.0474 | IE18: m3xkm | IF18: =$D18*ID18 -> 4675.9497 | IH18: =IH17 -> 575.58869 | II18: m3xkm | IJ18: =VLOOKUP($G18,'Quantidades Padrão'!$E$7:$J$103,IJ$8,0) -> 6.1787927 | IK18: m3xkm | IL18: =IH18*IJ18 -> 3556.4432 | IM18: m3xkm | IN18: =$D18*IL18 -> 6721.6776
D19: =VLOOKUP(E19,'DER MG'!$D$5:$I$150,6,0) -> 1.8 | E19: 41365 | G19: Transporte de concreto betuminoso usinado a quente. Distância média de transporte 25,10 a 30,00 km (Densidade do material solto) | H19: =SUMIF($I$7:$IO$7,"ANO",I19:IO19) -> 921901.99 | I19: 364 | J19: m3xkm | K19: =VLOOKUP($G19,'Quantidades Padrão'!$E$7:$J$103,K$8,0) -> 22.558405 | L19: m3xkm | M19: =I19*K19 -> 8211.2593 | N19: m3xkm | O19: =$D19*M19 -> 14780.267 | Q19: =O19/O$71 -> 0.0023811139 | R19: =R18 -> 500 | S19: m3xkm | T19: =VLOOKUP($G19,'Quantidades Padrão'!$E$7:$J$103,T$8,0) -> 22.558405 | U19: m3xkm | V19: =R19*T19 -> 11279.202 | W19: m3xkm | X19: =$D19*V19 -> 20302.564 | Z19: =Z18 -> 500 | AA19: m3xkm | AB19: =VLOOKUP($G19,'Quantidades Padrão'!$E$7:$J$103,AB$8,0) -> 42.297009 | AC19: m3xkm | AD19: =Z19*AB19 -> 21148.504 | AE19: m3xkm | AF19: =$D19*AD19 -> 38067.308 | AH19: =AH18 -> 500 | AI19: m3xkm | AJ19: =VLOOKUP($G19,'Quantidades Padrão'!$E$7:$J$103,AJ$8,0) -> 22.558405 | AK19: m3xkm | AL19: =AH19*AJ19 -> 11279.202 | AM19: m3xkm | AN19: =$D19*AL19 -> 20302.564 | AP19: =AP18 -> 500 | AQ19: m3xkm | AR19: =VLOOKUP($G19,'Quantidades Padrão'!$E$7:$J$103,AR$8,0) -> 22.558405 | AS19: m3xkm | AT19: =AP19*AR19 -> 11279.202 | AU19: m3xkm | AV19: =$D19*AT19 -> 20302.564 | AX19: =AX18 -> 513.17434 | AY19: m3xkm | AZ19: =VLOOKUP($G19,'Quantidades Padrão'!$E$7:$J$103,AZ$8,0) -> 32.427707 | BA19: m3xkm | BB19: =AX19*AZ19 -> 16641.067 | BC19: m3xkm | BD19: =$D19*BB19 -> 29953.921 | BF19: =BF18 -> 539.66869 | BG19: m3xkm | BH19: =VLOOKUP($G19,'Quantidades Padrão'!$E$7:$J$103,BH$8,0) -> 42.297009 | BI19: m3xkm | BJ19: =BF19*BH19 -> 22826.371 | BK19: m3xkm | BL19: =$D19*BJ19 -> 41087.468 | BN19: =BN18 -> 539.66869 | BO19: m3xkm | BP19: =VLOOKUP($G19,'Quantidades Padrão'!$E$7:$J$103,BP$8,0) -> 22.558405 | BQ19: m3xkm | BR19: =BN19*BP19 -> 12174.065 | BS19: m3xkm | BT19: =$D19*BR19 -> 21913.316 | BV19: =BV18 -> 539.66869 | BW19: m3xkm | BX19: =VLOOKUP($G19,'Quantidades Padrão'!$E$7:$J$103,BX$8,0) -> 32.427707 | BY19: m3xkm | BZ19: =BV19*BX19 -> 17500.218 | CA19: m3xkm | CB19: =$D19*BZ19 -> 31500.392 | CD19: =CD18 -> 539.66869 | CE19: m3xkm | CF19: =VLOOKUP($G19,'Quantidades Padrão'!$E$7:$J$103,CF$8,0) -> 42.297009 | CG19: m3xkm | CH19: =CD19*CF19 -> 22826.371 | CI19: m3xkm | CJ19: =$D19*CH19 -> 41087.468 | CL19: =CL18 -> 539.66869 | CM19: m3xkm | CN19: =VLOOKUP($G19,'Quantidades Padrão'!$E$7:$J$103,CN$8,0) -> 22.558405 | CO19: m3xkm | CP19: =CL19*CN19 -> 12174.065 | CQ19: m3xkm | CR19: =$D19*CP19 -> 21913.316 | CT19: =CT18 -> 539.66869 | CU19: m3xkm | CV19: =VLOOKUP($G19,'Quantidades Padrão'!$E$7:$J$103,CV$8,0) -> 32.427707 | CW19: m3xkm | CX19: =CT19*CV19 -> 17500.218 | CY19: m3xkm | CZ19: =$D19*CX19 -> 31500.392 | DB19: =DB18 -> 539.66869 | DC19: m3xkm | DD19: =VLOOKUP($G19,'Quantidades Padrão'!$E$7:$J$103,DD$8,0) -> 42.297009 | DE19: m3xkm | DF19: =DB19*DD19 -> 22826.371 | DG19: m3xkm | DH19: =$D19*DF19 -> 41087.468 | DJ19: =DJ18 -> 539.66869 | DK19: m3xkm | DL19: =VLOOKUP($G19,'Quantidades Padrão'!$E$7:$J$103,DL$8,0) -> 22.558405 | DM19: m3xkm | DN19: =DJ19*DL19 -> 12174.065 | DO19: m3xkm | DP19: =$D19*DN19 -> 21913.316 | DR19: =DR18 -> 539.66869 | DS19: m3xkm | DT19: =VLOOKUP($G19,'Quantidades Padrão'!$E$7:$J$103,DT$8,0) -> 32.427707 | DU19: m3xkm | DV19: =DR19*DT19 -> 17500.218 | DW19: m3xkm | DX19: =$D19*DV19 -> 31500.392 | DZ19: =DZ18 -> 548.54869 | EA19: m3xkm | EB19: =VLOOKUP($G19,'Quantidades Padrão'!$E$7:$J$103,EB$8,0) -> 42.297009 | EC19: m3xkm | ED19: =DZ19*EB19 -> 23201.968 | EE19: m3xkm | EF19: =$D19*ED19 -> 41763.543 | EH19: =EH18 -> 548.54869 | EI19: m3xkm | EJ19: =VLOOKUP($G19,'Quantidades Padrão'!$E$7:$J$103,EJ$8,0) -> 22.558405 | EK19: m3xkm | EL19: =EH19*EJ19 -> 12374.383 | EM19: m3xkm | EN19: =$D19*EL19 -> 22273.89 | EP19: =EP18 -> 548.54869 | EQ19: m3xkm | ER19: =VLOOKUP($G19,'Quantidades Padrão'!$E$7:$J$103,ER$8,0) -> 32.427707 | ES19: m3xkm | ET19: =EP19*ER19 -> 17788.176 | EU19: m3xkm | EV19: =$D19*ET19 -> 32018.716 | EX19: =EX18 -> 548.54869 | EY19: m3xkm | EZ19: =VLOOKUP($G19,'Quantidades Padrão'!$E$7:$J$103,EZ$8,0) -> 42.297009 | FA19: m3xkm | FB19: =EX19*EZ19 -> 23201.968 | FC19: m3xkm | FD19: =$D19*FB19 -> 41763.543 | FF19: =FF18 -> 548.54869 | FG19: m3xkm | FH19: =VLOOKUP($G19,'Quantidades Padrão'!$E$7:$J$103,FH$8,0) -> 22.558405 | FI19: m3xkm | FJ19: =FF19*FH19 -> 12374.383 | FK19: m3xkm | FL19: =$D19*FJ19 -> 22273.89 | FN19: =FN18 -> 571.14869 | FO19: m3xkm | FP19: =VLOOKUP($G19,'Quantidades Padrão'!$E$7:$J$103,FP$8,0) -> 32.427707 | FQ19: m3xkm | FR19: =FN19*FP19 -> 18521.042 | FS19: m3xkm | FT19: =$D19*FR19 -> 33337.876 | FV19: =FV18 -> 571.14869 | FW19: m3xkm | FX19: =VLOOKUP($G19,'Quantidades Padrão'!$E$7:$J$103,FX$8,0) -> 42.297009 | FY19: m3xkm | FZ19: =FV19*FX19 -> 24157.881 | GA19: m3xkm | GB19: =$D19*FZ19 -> 43484.186 | GD19: =GD18 -> 571.14869 | GE19: m3xkm | GF19: =VLOOKUP($G19,'Quantidades Padrão'!$E$7:$J$103,GF$8,0) -> 22.558405 | GG19: m3xkm | GH19: =GD19*GF19 -> 12884.203 | GI19: m3xkm | GJ19: =$D19*GH19 -> 23191.566 | GL19: =GL18 -> 571.14869 | GM19: m3xkm | GN19: =VLOOKUP($G19,'Quantidades Padrão'!$E$7:$J$103,GN$8,0) -> 32.427707 | GO19: m3xkm | GP19: =GL19*GN19 -> 18521.042 | GQ19: m3xkm | GR19: =$D19*GP19 -> 33337.876 | GT19: =GT18 -> 571.14869 | GU19: m3xkm | GV19: =VLOOKUP($G19,'Quantidades Padrão'!$E$7:$J$103,GV$8,0) -> 42.297009 | GW19: m3xkm | GX19: =GT19*GV19 -> 24157.881 | GY19: m3xkm | GZ19: =$D19*GX19 -> 43484.186 | HB19: =HB18 -> 575.58869 | HC19: m3xkm | HD19: =VLOOKUP($G19,'Quantidades Padrão'!$E$7:$J$103,HD$8,0) -> 22.558405 | HE19: m3xkm | HF19: =HB19*HD19 -> 12984.362 | HG19: m3xkm | HH19: =$D19*HF19 -> 23371.852 | HJ19: =HJ18 -> 575.58869 | HK19: m3xkm | HL19: =VLOOKUP($G19,'Quantidades Padrão'!$E$7:$J$103,HL$8,0) -> 32.427707 | HM19: m3xkm | HN19: =HJ19*HL19 -> 18665.021 | HO19: m3xkm | HP19: =$D19*HN19 -> 33597.038 | HR19: =HR18 -> 575.58869 | HS19: m3xkm | HT19: =VLOOKUP($G19,'Quantidades Padrão'!$E$7:$J$103,HT$8,0) -> 42.297009 | HU19: m3xkm | HV19: =HR19*HT19 -> 24345.68 | HW19: m3xkm | HX19: =$D19*HV19 -> 43822.223 | HZ19: =HZ18 -> 575.58869 | IA19: m3xkm | IB19: =VLOOKUP($G19,'Quantidades Padrão'!$E$7:$J$103,IB$8,0) -> 22.558405 | IC19: m3xkm | ID19: =HZ19*IB19 -> 12984.362 | IE19: m3xkm | IF19: =$D19*ID19 -> 23371.852 | IH19: =IH18 -> 575.58869 | II19: m3xkm | IJ19: =VLOOKUP($G19,'Quantidades Padrão'!$E$7:$J$103,IJ$8,0) -> 32.427707 | IK19: m3xkm | IL19: =IH19*IJ19 -> 18665.021 | IM19: m3xkm | IN19: =$D19*IL19 -> 33597.038
D20: =VLOOKUP(E20,'DER MG'!$D$5:$I$150,6,0) -> 1.59 | E20: 41368 | G20: Transporte de concreto betuminoso usinado a quente. Distância média de transporte > = 50,10 Km (Densidade do material solto) | H20: =SUMIF($I$7:$IO$7,"ANO",I20:IO20) -> 1525249.5 | I20: 364 | J20: m3xkm | K20: =VLOOKUP($G20,'Quantidades Padrão'!$E$7:$J$103,K$8,0) -> 42.251282 | L20: m3xkm | M20: =I20*K20 -> 15379.467 | N20: m3xkm | O20: =$D20*M20 -> 24453.352 | Q20: =O20/O$71 -> 0.0039394564 | R20: =R19 -> 500 | S20: m3xkm | T20: =VLOOKUP($G20,'Quantidades Padrão'!$E$7:$J$103,T$8,0) -> 42.251282 | U20: m3xkm | V20: =R20*T20 -> 21125.641 | W20: m3xkm | X20: =$D20*V20 -> 33589.769 | Z20: =Z19 -> 500 | AA20: m3xkm | AB20: =VLOOKUP($G20,'Quantidades Padrão'!$E$7:$J$103,AB$8,0) -> 79.221154 | AC20: m3xkm | AD20: =Z20*AB20 -> 39610.577 | AE20: m3xkm | AF20: =$D20*AD20 -> 62980.817 | AH20: =AH19 -> 500 | AI20: m3xkm | AJ20: =VLOOKUP($G20,'Quantidades Padrão'!$E$7:$J$103,AJ$8,0) -> 42.251282 | AK20: m3xkm | AL20: =AH20*AJ20 -> 21125.641 | AM20: m3xkm | AN20: =$D20*AL20 -> 33589.769 | AP20: =AP19 -> 500 | AQ20: m3xkm | AR20: =VLOOKUP($G20,'Quantidades Padrão'!$E$7:$J$103,AR$8,0) -> 42.251282 | AS20: m3xkm | AT20: =AP20*AR20 -> 21125.641 | AU20: m3xkm | AV20: =$D20*AT20 -> 33589.769 | AX20: =AX19 -> 513.17434 | AY20: m3xkm | AZ20: =VLOOKUP($G20,'Quantidades Padrão'!$E$7:$J$103,AZ$8,0) -> 60.736218 | BA20: m3xkm | BB20: =AX20*AZ20 -> 31168.269 | BC20: m3xkm | BD20: =$D20*BB20 -> 49557.547 | BF20: =BF19 -> 539.66869 | BG20: m3xkm | BH20: =VLOOKUP($G20,'Quantidades Padrão'!$E$7:$J$103,BH$8,0) -> 79.221154 | BI20: m3xkm | BJ20: =BF20*BH20 -> 42753.176 | BK20: m3xkm | BL20: =$D20*BJ20 -> 67977.55 | BN20: =BN19 -> 539.66869 | BO20: m3xkm | BP20: =VLOOKUP($G20,'Quantidades Padrão'!$E$7:$J$103,BP$8,0) -> 42.251282 | BQ20: m3xkm | BR20: =BN20*BP20 -> 22801.694 | BS20: m3xkm | BT20: =$D20*BR20 -> 36254.693 | BV20: =BV19 -> 539.66869 | BW20: m3xkm | BX20: =VLOOKUP($G20,'Quantidades Padrão'!$E$7:$J$103,BX$8,0) -> 60.736218 | BY20: m3xkm | BZ20: =BV20*BX20 -> 32777.435 | CA20: m3xkm | CB20: =$D20*BZ20 -> 52116.122 | CD20: =CD19 -> 539.66869 | CE20: m3xkm | CF20: =VLOOKUP($G20,'Quantidades Padrão'!$E$7:$J$103,CF$8,0) -> 79.221154 | CG20: m3xkm | CH20: =CD20*CF20 -> 42753.176 | CI20: m3xkm | CJ20: =$D20*CH20 -> 67977.55 | CL20: =CL19 -> 539.66869 | CM20: m3xkm | CN20: =VLOOKUP($G20,'Quantidades Padrão'!$E$7:$J$103,CN$8,0) -> 42.251282 | CO20: m3xkm | CP20: =CL20*CN20 -> 22801.694 | CQ20: m3xkm | CR20: =$D20*CP20 -> 36254.693 | CT20: =CT19 -> 539.66869 | CU20: m3xkm | CV20: =VLOOKUP($G20,'Quantidades Padrão'!$E$7:$J$103,CV$8,0) -> 60.736218 | CW20: m3xkm | CX20: =CT20*CV20 -> 32777.435 | CY20: m3xkm | CZ20: =$D20*CX20 -> 52116.122 | DB20: =DB19 -> 539.66869 | DC20: m3xkm | DD20: =VLOOKUP($G20,'Quantidades Padrão'!$E$7:$J$103,DD$8,0) -> 79.221154 | DE20: m3xkm | DF20: =DB20*DD20 -> 42753.176 | DG20: m3xkm | DH20: =$D20*DF20 -> 67977.55 | DJ20: =DJ19 -> 539.66869 | DK20: m3xkm | DL20: =VLOOKUP($G20,'Quantidades Padrão'!$E$7:$J$103,DL$8,0) -> 42.251282 | DM20: m3xkm | DN20: =DJ20*DL20 -> 22801.694 | DO20: m3xkm | DP20: =$D20*DN20 -> 36254.693 | DR20: =DR19 -> 539.66869 | DS20: m3xkm | DT20: =VLOOKUP($G20,'Quantidades Padrão'!$E$7:$J$103,DT$8,0) -> 60.736218 | DU20: m3xkm | DV20: =DR20*DT20 -> 32777.435 | DW20: m3xkm | DX20: =$D20*DV20 -> 52116.122 | DZ20: =DZ19 -> 548.54869 | EA20: m3xkm | EB20: =VLOOKUP($G20,'Quantidades Padrão'!$E$7:$J$103,EB$8,0) -> 79.221154 | EC20: m3xkm | ED20: =DZ20*EB20 -> 43456.66 | EE20: m3xkm | EF20: =$D20*ED20 -> 69096.089 | EH20: =EH19 -> 548.54869 | EI20: m3xkm | EJ20: =VLOOKUP($G20,'Quantidades Padrão'!$E$7:$J$103,EJ$8,0) -> 42.251282 | EK20: m3xkm | EL20: =EH20*EJ20 -> 23176.885 | EM20: m3xkm | EN20: =$D20*EL20 -> 36851.248 | EP20: =EP19 -> 548.54869 | EQ20: m3xkm | ER20: =VLOOKUP($G20,'Quantidades Padrão'!$E$7:$J$103,ER$8,0) -> 60.736218 | ES20: m3xkm | ET20: =EP20*ER20 -> 33316.773 | EU20: m3xkm | EV20: =$D20*ET20 -> 52973.668 | EX20: =EX19 -> 548.54869 | EY20: m3xkm | EZ20: =VLOOKUP($G20,'Quantidades Padrão'!$E$7:$J$103,EZ$8,0) -> 79.221154 | FA20: m3xkm | FB20: =EX20*EZ20 -> 43456.66 | FC20: m3xkm | FD20: =$D20*FB20 -> 69096.089 | FF20: =FF19 -> 548.54869 | FG20: m3xkm | FH20: =VLOOKUP($G20,'Quantidades Padrão'!$E$7:$J$103,FH$8,0) -> 42.251282 | FI20: m3xkm | FJ20: =FF20*FH20 -> 23176.885 | FK20: m3xkm | FL20: =$D20*FJ20 -> 36851.248 | FN20: =FN19 -> 571.14869 | FO20: m3xkm | FP20: =VLOOKUP($G20,'Quantidades Padrão'!$E$7:$J$103,FP$8,0) -> 60.736218 | FQ20: m3xkm | FR20: =FN20*FP20 -> 34689.411 | FS20: m3xkm | FT20: =$D20*FR20 -> 55156.164 | FV20: =FV19 -> 571.14869 | FW20: m3xkm | FX20: =VLOOKUP($G20,'Quantidades Padrão'!$E$7:$J$103,FX$8,0) -> 79.221154 | FY20: m3xkm | FZ20: =FV20*FX20 -> 45247.058 | GA20: m3xkm | GB20: =$D20*FZ20 -> 71942.822 | GD20: =GD19 -> 571.14869 | GE20: m3xkm | GF20: =VLOOKUP($G20,'Quantidades Padrão'!$E$7:$J$103,GF$8,0) -> 42.251282 | GG20: m3xkm | GH20: =GD20*GF20 -> 24131.764 | GI20: m3xkm | GJ20: =$D20*GH20 -> 38369.505 | GL20: =GL19 -> 571.14869 | GM20: m3xkm | GN20: =VLOOKUP($G20,'Quantidades Padrão'!$E$7:$J$103,GN$8,0) -> 60.736218 | GO20: m3xkm | GP20: =GL20*GN20 -> 34689.411 | GQ20: m3xkm | GR20: =$D20*GP20 -> 55156.164 | GT20: =GT19 -> 571.14869 | GU20: m3xkm | GV20: =VLOOKUP($G20,'Quantidades Padrão'!$E$7:$J$103,GV$8,0) -> 79.221154 | GW20: m3xkm | GX20: =GT20*GV20 -> 45247.058 | GY20: m3xkm | GZ20: =$D20*GX20 -> 71942.822 | HB20: =HB19 -> 575.58869 | HC20: m3xkm | HD20: =VLOOKUP($G20,'Quantidades Padrão'!$E$7:$J$103,HD$8,0) -> 42.251282 | HE20: m3xkm | HF20: =HB20*HD20 -> 24319.36 | HG20: m3xkm | HH20: =$D20*HF20 -> 38667.782 | HJ20: =HJ19 -> 575.58869 | HK20: m3xkm | HL20: =VLOOKUP($G20,'Quantidades Padrão'!$E$7:$J$103,HL$8,0) -> 60.736218 | HM20: m3xkm | HN20: =HJ20*HL20 -> 34959.08 | HO20: m3xkm | HP20: =$D20*HN20 -> 55584.937 | HR20: =HR19 -> 575.58869 | HS20: m3xkm | HT20: =VLOOKUP($G20,'Quantidades Padrão'!$E$7:$J$103,HT$8,0) -> 79.221154 | HU20: m3xkm | HV20: =HR20*HT20 -> 45598.8 | HW20: m3xkm | HX20: =$D20*HV20 -> 72502.092 | HZ20: =HZ19 -> 575.58869 | IA20: m3xkm | IB20: =VLOOKUP($G20,'Quantidades Padrão'!$E$7:$J$103,IB$8,0) -> 42.251282 | IC20: m3xkm | ID20: =HZ20*IB20 -> 24319.36 | IE20: m3xkm | IF20: =$D20*ID20 -> 38667.782 | IH20: =IH19 -> 575.58869 | II20: m3xkm | IJ20: =VLOOKUP($G20,'Quantidades Padrão'!$E$7:$J$103,IJ$8,0) -> 60.736218 | IK20: m3xkm | IL20: =IH20*IJ20 -> 34959.08 | IM20: m3xkm | IN20: =$D20*IL20 -> 55584.937
D21: =VLOOKUP(E21,'DER MG'!$D$5:$I$150,6,0) -> 1.54 | E21: 41369 | G21: Transporte de material de qualquer natureza. Distância média de transporte < = 10,00 Km | H21: =SUMIF($I$7:$IO$7,"ANO",I21:IO21) -> 3425682.6 | I21: 364 | J21: txkm | K21: =VLOOKUP($G21,'Quantidades Padrão'!$E$7:$J$103,K$8,0) -> 97.976638 | L21: txkm | M21: =I21*K21 -> 35663.496 | N21: txkm | O21: =$D21*M21 -> 54921.784 | Q21: =O21/O$71 -> 0.0088479476 | R21: =R20 -> 500 | S21: txkm | T21: =VLOOKUP($G21,'Quantidades Padrão'!$E$7:$J$103,T$8,0) -> 97.976638 | U21: txkm | V21: =R21*T21 -> 48988.319 | W21: txkm | X21: =$D21*V21 -> 75442.011 | Z21: =Z20 -> 500 | AA21: txkm | AB21: =VLOOKUP($G21,'Quantidades Padrão'!$E$7:$J$103,AB$8,0) -> 183.7062 | AC21: txkm | AD21: =Z21*AB21 -> 91853.098 | AE21: txkm | AF21: =$D21*AD21 -> 141453.77 | AH21: =AH20 -> 500 | AI21: txkm | AJ21: =VLOOKUP($G21,'Quantidades Padrão'!$E$7:$J$103,AJ$8,0) -> 97.976638 | AK21: txkm | AL21: =AH21*AJ21 -> 48988.319 | AM21: txkm | AN21: =$D21*AL21 -> 75442.011 | AP21: =AP20 -> 500 | AQ21: txkm | AR21: =VLOOKUP($G21,'Quantidades Padrão'!$E$7:$J$103,AR$8,0) -> 97.976638 | AS21: txkm | AT21: =AP21*AR21 -> 48988.319 | AU21: txkm | AV21: =$D21*AT21 -> 75442.011 | AX21: =AX20 -> 513.17434 | AY21: txkm | AZ21: =VLOOKUP($G21,'Quantidades Padrão'!$E$7:$J$103,AZ$8,0) -> 140.84142 | BA21: txkm | BB21: =AX21*AZ21 -> 72276.202 | BC21: txkm | BD21: =$D21*BB21 -> 111305.35 | BF21: =BF20 -> 539.66869 | BG21: txkm | BH21: =VLOOKUP($G21,'Quantidades Padrão'!$E$7:$J$103,BH$8,0) -> 183.7062 | BI21: txkm | BJ21: =BF21*BH21 -> 99140.482 | BK21: txkm | BL21: =$D21*BJ21 -> 152676.34 | BN21: =BN20 -> 539.66869 | BO21: txkm | BP21: =VLOOKUP($G21,'Quantidades Padrão'!$E$7:$J$103,BP$8,0) -> 97.976638 | BQ21: txkm | BR21: =BN21*BP21 -> 52874.924 | BS21: txkm | BT21: =$D21*BR21 -> 81427.382 | BV21: =BV20 -> 539.66869 | BW21: txkm | BX21: =VLOOKUP($G21,'Quantidades Padrão'!$E$7:$J$103,BX$8,0) -> 140.84142 | BY21: txkm | BZ21: =BV21*BX21 -> 76007.703 | CA21: txkm | CB21: =$D21*BZ21 -> 117051.86 | CD21: =CD20 -> 539.66869 | CE21: txkm | CF21: =VLOOKUP($G21,'Quantidades Padrão'!$E$7:$J$103,CF$8,0) -> 183.7062 | CG21: txkm | CH21: =CD21*CF21 -> 99140.482 | CI21: txkm | CJ21: =$D21*CH21 -> 152676.34 | CL21: =CL20 -> 539.66869 | CM21: txkm | CN21: =VLOOKUP($G21,'Quantidades Padrão'!$E$7:$J$103,CN$8,0) -> 97.976638 | CO21: txkm | CP21: =CL21*CN21 -> 52874.924 | CQ21: txkm | CR21: =$D21*CP21 -> 81427.382 | CT21: =CT20 -> 539.66869 | CU21: txkm | CV21: =VLOOKUP($G21,'Quantidades Padrão'!$E$7:$J$103,CV$8,0) -> 140.84142 | CW21: txkm | CX21: =CT21*CV21 -> 76007.703 | CY21: txkm | CZ21: =$D21*CX21 -> 117051.86 | DB21: =DB20 -> 539.66869 | DC21: txkm | DD21: =VLOOKUP($G21,'Quantidades Padrão'!$E$7:$J$103,DD$8,0) -> 183.7062 | DE21: txkm | DF21: =DB21*DD21 -> 99140.482 | DG21: txkm | DH21: =$D21*DF21 -> 152676.34 | DJ21: =DJ20 -> 539.66869 | DK21: txkm | DL21: =VLOOKUP($G21,'Quantidades Padrão'!$E$7:$J$103,DL$8,0) -> 97.976638 | DM21: txkm | DN21: =DJ21*DL21 -> 52874.924 | DO21: txkm | DP21: =$D21*DN21 -> 81427.382 | DR21: =DR20 -> 539.66869 | DS21: txkm | DT21: =VLOOKUP($G21,'Quantidades Padrão'!$E$7:$J$103,DT$8,0) -> 140.84142 | DU21: txkm | DV21: =DR21*DT21 -> 76007.703 | DW21: txkm | DX21: =$D21*DV21 -> 117051.86 | DZ21: =DZ20 -> 548.54869 | EA21: txkm | EB21: =VLOOKUP($G21,'Quantidades Padrão'!$E$7:$J$103,EB$8,0) -> 183.7062 | EC21: txkm | ED21: =DZ21*EB21 -> 100771.79 | EE21: txkm | EF21: =$D21*ED21 -> 155188.56 | EH21: =EH20 -> 548.54869 | EI21: txkm | EJ21: =VLOOKUP($G21,'Quantidades Padrão'!$E$7:$J$103,EJ$8,0) -> 97.976638 | EK21: txkm | EL21: =EH21*EJ21 -> 53744.956 | EM21: txkm | EN21: =$D21*EL21 -> 82767.232 | EP21: =EP20 -> 548.54869 | EQ21: txkm | ER21: =VLOOKUP($G21,'Quantidades Padrão'!$E$7:$J$103,ER$8,0) -> 140.84142 | ES21: txkm | ET21: =EP21*ER21 -> 77258.374 | EU21: txkm | EV21: =$D21*ET21 -> 118977.9 | EX21: =EX20 -> 548.54869 | EY21: txkm | EZ21: =VLOOKUP($G21,'Quantidades Padrão'!$E$7:$J$103,EZ$8,0) -> 183.7062 | FA21: txkm | FB21: =EX21*EZ21 -> 100771.79 | FC21: txkm | FD21: =$D21*FB21 -> 155188.56 | FF21: =FF20 -> 548.54869 | FG21: txkm | FH21: =VLOOKUP($G21,'Quantidades Padrão'!$E$7:$J$103,FH$8,0) -> 97.976638 | FI21: txkm | FJ21: =FF21*FH21 -> 53744.956 | FK21: txkm | FL21: =$D21*FJ21 -> 82767.232 | FN21: =FN20 -> 571.14869 | FO21: txkm | FP21: =VLOOKUP($G21,'Quantidades Padrão'!$E$7:$J$103,FP$8,0) -> 140.84142 | FQ21: txkm | FR21: =FN21*FP21 -> 80441.39 | FS21: txkm | FT21: =$D21*FR21 -> 123879.74 | FV21: =FV20 -> 571.14869 | FW21: txkm | FX21: =VLOOKUP($G21,'Quantidades Padrão'!$E$7:$J$103,FX$8,0) -> 183.7062 | FY21: txkm | FZ21: =FV21*FX21 -> 104923.55 | GA21: txkm | GB21: =$D21*FZ21 -> 161582.27 | GD21: =GD20 -> 571.14869 | GE21: txkm | GF21: =VLOOKUP($G21,'Quantidades Padrão'!$E$7:$J$103,GF$8,0) -> 97.976638 | GG21: txkm | GH21: =GD21*GF21 -> 55959.228 | GI21: txkm | GJ21: =$D21*GH21 -> 86177.211 | GL21: =GL20 -> 571.14869 | GM21: txkm | GN21: =VLOOKUP($G21,'Quantidades Padrão'!$E$7:$J$103,GN$8,0) -> 140.84142 | GO21: txkm | GP21: =GL21*GN21 -> 80441.39 | GQ21: txkm | GR21: =$D21*GP21 -> 123879.74 | GT21: =GT20 -> 571.14869 | GU21: txkm | GV21: =VLOOKUP($G21,'Quantidades Padrão'!$E$7:$J$103,GV$8,0) -> 183.7062 | GW21: txkm | GX21: =GT21*GV21 -> 104923.55 | GY21: txkm | GZ21: =$D21*GX21 -> 161582.27 | HB21: =HB20 -> 575.58869 | HC21: txkm | HD21: =VLOOKUP($G21,'Quantidades Padrão'!$E$7:$J$103,HD$8,0) -> 97.976638 | HE21: txkm | HF21: =HB21*HD21 -> 56394.244 | HG21: txkm | HH21: =$D21*HF21 -> 86847.136 | HJ21: =HJ20 -> 575.58869 | HK21: txkm | HL21: =VLOOKUP($G21,'Quantidades Padrão'!$E$7:$J$103,HL$8,0) -> 140.84142 | HM21: txkm | HN21: =HJ21*HL21 -> 81066.726 | HO21: txkm | HP21: =$D21*HN21 -> 124842.76 | HR21: =HR20 -> 575.58869 | HS21: txkm | HT21: =VLOOKUP($G21,'Quantidades Padrão'!$E$7:$J$103,HT$8,0) -> 183.7062 | HU21: txkm | HV21: =HR21*HT21 -> 105739.21 | HW21: txkm | HX21: =$D21*HV21 -> 162838.38 | HZ21: =HZ20 -> 575.58869 | IA21: txkm | IB21: =VLOOKUP($G21,'Quantidades Padrão'!$E$7:$J$103,IB$8,0) -> 97.976638 | IC21: txkm | ID21: =HZ21*IB21 -> 56394.244 | IE21: txkm | IF21: =$D21*ID21 -> 86847.136 | IH21: =IH20 -> 575.58869 | II21: txkm | IJ21: =VLOOKUP($G21,'Quantidades Padrão'!$E$7:$J$103,IJ$8,0) -> 140.84142 | IK21: txkm | IL21: =IH21*IJ21 -> 81066.726 | IM21: txkm | IN21: =$D21*IL21 -> 124842.76
D22: =VLOOKUP(E22,'DER MG'!$D$5:$I$150,6,0) -> 1.1 | E22: 41371 | G22: Transporte de material de qualquer natureza. Distância média de transporte 15,10 a 20,00 Km | H22: =SUMIF($I$7:$IO$7,"ANO",I22:IO22) -> 185155.57 | I22: 364 | J22: txkm | K22: =VLOOKUP($G22,'Quantidades Padrão'!$E$7:$J$103,K$8,0) -> 7.4137892 | L22: txkm | M22: =I22*K22 -> 2698.6193 | N22: txkm | O22: =$D22*M22 -> 2968.4812 | Q22: =O22/O$71 -> 0.00047822492 | R22: =R21 -> 500 | S22: txkm | T22: =VLOOKUP($G22,'Quantidades Padrão'!$E$7:$J$103,T$8,0) -> 7.4137892 | U22: txkm | V22: =R22*T22 -> 3706.8946 | W22: txkm | X22: =$D22*V22 -> 4077.584 | Z22: =Z21 -> 500 | AA22: txkm | AB22: =VLOOKUP($G22,'Quantidades Padrão'!$E$7:$J$103,AB$8,0) -> 13.900855 | AC22: txkm | AD22: =Z22*AB22 -> 6950.4274 | AE22: txkm | AF22: =$D22*AD22 -> 7645.4701 | AH22: =AH21 -> 500 | AI22: txkm | AJ22: =VLOOKUP($G22,'Quantidades Padrão'!$E$7:$J$103,AJ$8,0) -> 7.4137892 | AK22: txkm | AL22: =AH22*AJ22 -> 3706.8946 | AM22: txkm | AN22: =$D22*AL22 -> 4077.584 | AP22: =AP21 -> 500 | AQ22: txkm | AR22: =VLOOKUP($G22,'Quantidades Padrão'!$E$7:$J$103,AR$8,0) -> 7.4137892 | AS22: txkm | AT22: =AP22*AR22 -> 3706.8946 | AU22: txkm | AV22: =$D22*AT22 -> 4077.584 | AX22: =AX21 -> 513.17434 | AY22: txkm | AZ22: =VLOOKUP($G22,'Quantidades Padrão'!$E$7:$J$103,AZ$8,0) -> 10.657322 | BA22: txkm | BB22: =AX22*AZ22 -> 5469.0642 | BC22: txkm | BD22: =$D22*BB22 -> 6015.9706 | BF22: =BF21 -> 539.66869 | BG22: txkm | BH22: =VLOOKUP($G22,'Quantidades Padrão'!$E$7:$J$103,BH$8,0) -> 13.900855 | BI22: txkm | BJ22: =BF22*BH22 -> 7501.856 | BK22: txkm | BL22: =$D22*BJ22 -> 8252.0416 | BN22: =BN21 -> 539.66869 | BO22: txkm | BP22: =VLOOKUP($G22,'Quantidades Padrão'!$E$7:$J$103,BP$8,0) -> 7.4137892 | BQ22: txkm | BR22: =BN22*BP22 -> 4000.9899 | BS22: txkm | BT22: =$D22*BR22 -> 4401.0888 | BV22: =BV21 -> 539.66869 | BW22: txkm | BX22: =VLOOKUP($G22,'Quantidades Padrão'!$E$7:$J$103,BX$8,0) -> 10.657322 | BY22: txkm | BZ22: =BV22*BX22 -> 5751.4229 | CA22: txkm | CB22: =$D22*BZ22 -> 6326.5652 | CD22: =CD21 -> 539.66869 | CE22: txkm | CF22: =VLOOKUP($G22,'Quantidades Padrão'!$E$7:$J$103,CF$8,0) -> 13.900855 | CG22: txkm | CH22: =CD22*CF22 -> 7501.856 | CI22: txkm | CJ22: =$D22*CH22 -> 8252.0416 | CL22: =CL21 -> 539.66869 | CM22: txkm | CN22: =VLOOKUP($G22,'Quantidades Padrão'!$E$7:$J$103,CN$8,0) -> 7.4137892 | CO22: txkm | CP22: =CL22*CN22 -> 4000.9899 | CQ22: txkm | CR22: =$D22*CP22 -> 4401.0888 | CT22: =CT21 -> 539.66869 | CU22: txkm | CV22: =VLOOKUP($G22,'Quantidades Padrão'!$E$7:$J$103,CV$8,0) -> 10.657322 | CW22: txkm | CX22: =CT22*CV22 -> 5751.4229 | CY22: txkm | CZ22: =$D22*CX22 -> 6326.5652 | DB22: =DB21 -> 539.66869 | DC22: txkm | DD22: =VLOOKUP($G22,'Quantidades Padrão'!$E$7:$J$103,DD$8,0) -> 13.900855 | DE22: txkm | DF22: =DB22*DD22 -> 7501.856 | DG22: txkm | DH22: =$D22*DF22 -> 8252.0416 | DJ22: =DJ21 -> 539.66869 | DK22: txkm | DL22: =VLOOKUP($G22,'Quantidades Padrão'!$E$7:$J$103,DL$8,0) -> 7.4137892 | DM22: txkm | DN22: =DJ22*DL22 -> 4000.9899 | DO22: txkm | DP22: =$D22*DN22 -> 4401.0888 | DR22: =DR21 -> 539.66869 | DS22: txkm | DT22: =VLOOKUP($G22,'Quantidades Padrão'!$E$7:$J$103,DT$8,0) -> 10.657322 | DU22: txkm | DV22: =DR22*DT22 -> 5751.4229 | DW22: txkm | DX22: =$D22*DV22 -> 6326.5652 | DZ22: =DZ21 -> 548.54869 | EA22: txkm | EB22: =VLOOKUP($G22,'Quantidades Padrão'!$E$7:$J$103,EB$8,0) -> 13.900855 | EC22: txkm | ED22: =DZ22*EB22 -> 7625.2956 | EE22: txkm | EF22: =$D22*ED22 -> 8387.8251 | EH22: =EH21 -> 548.54869 | EI22: txkm | EJ22: =VLOOKUP($G22,'Quantidades Padrão'!$E$7:$J$103,EJ$8,0) -> 7.4137892 | EK22: txkm | EL22: =EH22*EJ22 -> 4066.8243 | EM22: txkm | EN22: =$D22*EL22 -> 4473.5067 | EP22: =EP21 -> 548.54869 | EQ22: txkm | ER22: =VLOOKUP($G22,'Quantidades Padrão'!$E$7:$J$103,ER$8,0) -> 10.657322 | ES22: txkm | ET22: =EP22*ER22 -> 5846.0599 | EU22: txkm | EV22: =$D22*ET22 -> 6430.6659 | EX22: =EX21 -> 548.54869 | EY22: txkm | EZ22: =VLOOKUP($G22,'Quantidades Padrão'!$E$7:$J$103,EZ$8,0) -> 13.900855 | FA22: txkm | FB22: =EX22*EZ22 -> 7625.2956 | FC22: txkm | FD22: =$D22*FB22 -> 8387.8251 | FF22: =FF21 -> 548.54869 | FG22: txkm | FH22: =VLOOKUP($G22,'Quantidades Padrão'!$E$7:$J$103,FH$8,0) -> 7.4137892 | FI22: txkm | FJ22: =FF22*FH22 -> 4066.8243 | FK22: txkm | FL22: =$D22*FJ22 -> 4473.5067 | FN22: =FN21 -> 571.14869 | FO22: txkm | FP22: =VLOOKUP($G22,'Quantidades Padrão'!$E$7:$J$103,FP$8,0) -> 10.657322 | FQ22: txkm | FR22: =FN22*FP22 -> 6086.9154 | FS22: txkm | FT22: =$D22*FR22 -> 6695.607 | FV22: =FV21 -> 571.14869 | FW22: txkm | FX22: =VLOOKUP($G22,'Quantidades Padrão'!$E$7:$J$103,FX$8,0) -> 13.900855 | FY22: txkm | FZ22: =FV22*FX22 -> 7939.4549 | GA22: txkm | GB22: =$D22*FZ22 -> 8733.4004 | GD22: =GD21 -> 571.14869 | GE22: txkm | GF22: =VLOOKUP($G22,'Quantidades Padrão'!$E$7:$J$103,GF$8,0) -> 7.4137892 | GG22: txkm | GH22: =GD22*GF22 -> 4234.3759 | GI22: txkm | GJ22: =$D22*GH22 -> 4657.8135 | GL22: =GL21 -> 571.14869 | GM22: txkm | GN22: =VLOOKUP($G22,'Quantidades Padrão'!$E$7:$J$103,GN$8,0) -> 10.657322 | GO22: txkm | GP22: =GL22*GN22 -> 6086.9154 | GQ22: txkm | GR22: =$D22*GP22 -> 6695.607 | GT22: =GT21 -> 571.14869 | GU22: txkm | GV22: =VLOOKUP($G22,'Quantidades Padrão'!$E$7:$J$103,GV$8,0) -> 13.900855 | GW22: txkm | GX22: =GT22*GV22 -> 7939.4549 | GY22: txkm | GZ22: =$D22*GX22 -> 8733.4004 | HB22: =HB21 -> 575.58869 | HC22: txkm | HD22: =VLOOKUP($G22,'Quantidades Padrão'!$E$7:$J$103,HD$8,0) -> 7.4137892 | HE22: txkm | HF22: =HB22*HD22 -> 4267.2932 | HG22: txkm | HH22: =$D22*HF22 -> 4694.0225 | HJ22: =HJ21 -> 575.58869 | HK22: txkm | HL22: =VLOOKUP($G22,'Quantidades Padrão'!$E$7:$J$103,HL$8,0) -> 10.657322 | HM22: txkm | HN22: =HJ22*HL22 -> 6134.2339 | HO22: txkm | HP22: =$D22*HN22 -> 6747.6573 | HR22: =HR21 -> 575.58869 | HS22: txkm | HT22: =VLOOKUP($G22,'Quantidades Padrão'!$E$7:$J$103,HT$8,0) -> 13.900855 | HU22: txkm | HV22: =HR22*HT22 -> 8001.1747 | HW22: txkm | HX22: =$D22*HV22 -> 8801.2922 | HZ22: =HZ21 -> 575.58869 | IA22: txkm | IB22: =VLOOKUP($G22,'Quantidades Padrão'!$E$7:$J$103,IB$8,0) -> 7.4137892 | IC22: txkm | ID22: =HZ22*IB22 -> 4267.2932 | IE22: txkm | IF22: =$D22*ID22 -> 4694.0225 | IH22: =IH21 -> 575.58869 | II22: txkm | IJ22: =VLOOKUP($G22,'Quantidades Padrão'!$E$7:$J$103,IJ$8,0) -> 10.657322 | IK22: txkm | IL22: =IH22*IJ22 -> 6134.2339 | IM22: txkm | IN22: =$D22*IL22 -> 6747.6573
